Workbook

Sheet Orçamento
B1: PLANILHA ORÇAMENTÁRIA
B3: CLIENTE: | C3: TRIBUNAL REGIONAL DO TRABALHO DE SC 12º REGIÃO | G3: REVISÃO: | I3: R06 | J3: FONTE DE PREÇOS: | K3: SC-2026-JUNHO-NÃO DESONERADO-SINAPI
B4: ENDEREÇO: | C4: AVENIDA DR. GETÚLIO VARGAS, Nº 361, CENTRO, CRICIÚMA SC | G4: DATA DO ORÇAMENTO: | I4: 46245
B5: CIDADE: | C5: CRICIUMA | G5: DATA DA REVISÃO: | I5: 46245 | J5: B.D.I. GERAL | K5: 0.222
B6: OBRA: | C6: FÓRUM TRABALHISTA DE CRICIÚMA/SC - PADRÃO DE ENTRADA E SUBESTAÇÃO | H6: UF: | I6: SC | J6: B.D.I. DIFERENCIADO: | K6: 0.175
B8: RESUMO
B9: Tipo | D9: Preço | E9: Observação | F9: BDI
B10: Total | D10: =SUBTOTAL(109,N17:N176) -> 0 | E10: Total da edificação | F10: 0.222
B11: Total Sem BDI | D11: =N179 -> 0 | E11: Total da edificação sem a aplicação do BDI | F11: -
B12: Material | D12: =H180 -> #DIV/0! | E12: Material | F12: 0.222
B13: Mão de Obra | D13: =J180 -> #DIV/0! | E13: Mão de Obra, Transporte, Terceirizado, Comiss., Verba e Outro. | F13: 0.222
B15: Item | C15: Código | D15: Referência | E15: Descrição | F15: Unid. | G15: Quantidade | H15: Custo Material | J15: Custo Mão de obra | L15: CUSTO UNITÁRIO SEM B.D.I | M15: PREÇO UNITÁRIO COM B.D.I | N15: PREÇO TOTAL COM B.D.I | O15: %
H16: Unitário | I16: Total | J16: Unitário | K16: Total
B17: 1. | E17: ADMINISTRAÇÃO LOCAL DA OBRA | I17: =SUBTOTAL(109,I18:I21) -> 0 | K17: =SUBTOTAL(109,K18:K21) -> 0 | N17: =SUBTOTAL(109,N18:N21) -> 0 | O17: =N17/$N$181 -> #DIV/0!
B18: 1.1 | C18: 93572 | D18: SINAPI | E18: ENCARREGADO GERAL DE OBRAS COM ENCARGOS COMPLEMENTARES | F18: mês | G18: 1 | I18: =ROUND(G18*ROUND(H18, 2), 2) -> 0 | K18: =ROUND(G18*ROUND(J18, 2), 2) -> 0 | L18: =ROUND(H18 + J18, 2) -> 0 | M18: =ROUND(L18*(1+$K$5), 2) -> 0 | N18: =ROUND(G18*ROUND(M18, 2), 2) -> 0 | O18: =N18/$N$181 -> #DIV/0!
B19: 1.2 | C19: 101401 | D19: SINAPI | E19: ELETROTÉCNICO COM ENCARGOS COMPLEMENTARES | F19: mês | G19: 1 | I19: =ROUND(G19*ROUND(H19, 2), 2) -> 0 | K19: =ROUND(G19*ROUND(J19, 2), 2) -> 0 | L19: =ROUND(H19 + J19, 2) -> 0 | M19: =ROUND(L19*(1+$K$5), 2) -> 0 | N19: =ROUND(G19*ROUND(M19, 2), 2) -> 0 | O19: =N19/$N$181 -> #DIV/0!
B20: 1.3 | C20: 100534 | D20: SINAPI | E20: TECNICO DE EDIFICACOES COM ENCARGOS COMPLEMENTARES | F20: mês | G20: 1 | I20: =ROUND(G20*ROUND(H20, 2), 2) -> 0 | K20: =ROUND(G20*ROUND(J20, 2), 2) -> 0 | L20: =ROUND(H20 + J20, 2) -> 0 | M20: =ROUND(L20*(1+$K$5), 2) -> 0 | N20: =ROUND(G20*ROUND(M20, 2), 2) -> 0 | O20: =N20/$N$181 -> #DIV/0!
B21: 1.4 | C21: 0151 | D21: PRÓPRIA | E21: EMISSÃO DE RRT PARA SERVIÇOS. | F21: un | G21: 2 | I21: =ROUND(G21*ROUND(H21, 2), 2) -> 0 | K21: =ROUND(G21*ROUND(J21, 2), 2) -> 0 | L21: =ROUND(H21 + J21, 2) -> 0 | M21: =ROUND(L21*(1+$K$5), 2) -> 0 | N21: =ROUND(G21*ROUND(M21, 2), 2) -> 0 | O21: =N21/$N$181 -> #DIV/0!
B22: 2. | E22: SERVIÇOS INICIAIS | I22: =SUBTOTAL(109,I23:I28) -> 0 | K22: =SUBTOTAL(109,K23:K28) -> 0 | N22: =SUBTOTAL(109,N23:N28) -> 0 | O22: =N22/$N$181 -> #DIV/0!
B23: 2.1 | C23: 103689 | D23: SINAPI | E23: FORNECIMENTO E INSTALAÇÃO DE PLACA DE OBRA COM CHAPA GALVANIZADA E ESTRUTURA DE MADEIRA. AF_03/2022_PS | F23: m² | G23: 2.88 | I23: =ROUND(G23*ROUND(H23, 2), 2) -> 0 | K23: =ROUND(G23*ROUND(J23, 2), 2) -> 0 | L23: =ROUND(H23 + J23, 2) -> 0 | M23: =ROUND(L23*(1+$K$5), 2) -> 0 | N23: =ROUND(G23*ROUND(M23, 2), 2) -> 0 | O23: =N23/$N$181 -> #DIV/0!
B24: 2.2 | C24: 98459 | D24: SINAPI | E24: TAPUME COM TELHA METÁLICA. AF_03/2024 | F24: m² | G24: 48.4 | I24: =ROUND(G24*ROUND(H24, 2), 2) -> 0 | K24: =ROUND(G24*ROUND(J24, 2), 2) -> 0 | L24: =ROUND(H24 + J24, 2) -> 0 | M24: =ROUND(L24*(1+$K$5), 2) -> 0 | N24: =ROUND(G24*ROUND(M24, 2), 2) -> 0 | O24: =N24/$N$181 -> #DIV/0!
B25: 2.3 | C25: 99059 | D25: SINAPI | E25: LOCAÇÃO CONVENCIONAL DE OBRA, UTILIZANDO GABARITO DE TÁBUAS CORRIDAS PONTALETADAS A CADA 2,00M - 2 UTILIZAÇÕES. AF_03/2024 | F25: m | G25: 14.1 | I25: =ROUND(G25*ROUND(H25, 2), 2) -> 0 | K25: =ROUND(G25*ROUND(J25, 2), 2) -> 0 | L25: =ROUND(H25 + J25, 2) -> 0 | M25: =ROUND(L25*(1+$K$5), 2) -> 0 | N25: =ROUND(G25*ROUND(M25, 2), 2) -> 0 | O25: =N25/$N$181 -> #DIV/0!
B26: 2.4 | C26: 0073 | D26: PRÓPRIA | E26: COPIAS DE PROJETOS POR PLOTAGEM ELETRONICA | F26: un | G26: 11 | I26: =ROUND(G26*ROUND(H26, 2), 2) -> 0 | K26: =ROUND(G26*ROUND(J26, 2), 2) -> 0 | L26: =ROUND(H26 + J26, 2) -> 0 | M26: =ROUND(L26*(1+$K$5), 2) -> 0 | N26: =ROUND(G26*ROUND(M26, 2), 2) -> 0 | O26: =N26/$N$181 -> #DIV/0!
B27: 2.5 | C27: 0074 | D27: PRÓPRIA | E27: PROJETO ""AS BUILT"" DE ARQUITETURA | F27: m² | G27: 84 | I27: =ROUND(G27*ROUND(H27, 2), 2) -> 0 | K27: =ROUND(G27*ROUND(J27, 2), 2) -> 0 | L27: =ROUND(H27 + J27, 2) -> 0 | M27: =ROUND(L27*(1+$K$5), 2) -> 0 | N27: =ROUND(G27*ROUND(M27, 2), 2) -> 0 | O27: =N27/$N$181 -> #DIV/0!
B28: 2.6 | C28: 0072 | D28: PRÓPRIA | E28: ALUGUEL MENSAL CONTAINER-ALMOXARIFADO-6,0x2,4m (REF. SBC 012058) | F28: mês | G28: 1 | I28: =ROUND(G28*ROUND(H28, 2), 2) -> 0 | K28: =ROUND(G28*ROUND(J28, 2), 2) -> 0 | L28: =ROUND(H28 + J28, 2) -> 0 | M28: =ROUND(L28*(1+$K$5), 2) -> 0 | N28: =ROUND(G28*ROUND(M28, 2), 2) -> 0 | O28: =N28/$N$181 -> #DIV/0!
B29: 3. | E29: DEMOLIÇÕES E REMOÇÕES | I29: =SUBTOTAL(109,I30:I39) -> 0 | K29: =SUBTOTAL(109,K30:K39) -> 0 | N29: =SUBTOTAL(109,N30:N39) -> 0 | O29: =N29/$N$181 -> #DIV/0!
B30: 3.1 | C30: 98529 | D30: SINAPI | E30: CORTE RASO E RECORTE DE ÁRVORE COM DIÂMETRO DE TRONCO MAIOR OU IGUAL A 0,20 M E MENOR QUE 0,40 M. AF_03/2024 | F30: un | G30: 1 | I30: =ROUND(G30*ROUND(H30, 2), 2) -> 0 | K30: =ROUND(G30*ROUND(J30, 2), 2) -> 0 | L30: =ROUND(H30 + J30, 2) -> 0 | M30: =ROUND(L30*(1+$K$5), 2) -> 0 | N30: =ROUND(G30*ROUND(M30, 2), 2) -> 0 | O30: =N30/$N$181 -> #DIV/0!
B31: 3.2 | C31: 98527 | D31: SINAPI | E31: REMOÇÃO DE RAÍZES REMANESCENTES DE TRONCO DE ÁRVORE COM DIÂMETRO MAIOR OU IGUAL A 0,40 M E MENOR QUE 0,60 M. AF_03/2024 | F31: un | G31: 1 | I31: =ROUND(G31*ROUND(H31, 2), 2) -> 0 | K31: =ROUND(G31*ROUND(J31, 2), 2) -> 0 | L31: =ROUND(H31 + J31, 2) -> 0 | M31: =ROUND(L31*(1+$K$5), 2) -> 0 | N31: =ROUND(G31*ROUND(M31, 2), 2) -> 0 | O31: =N31/$N$181 -> #DIV/0!
B32: 3.3 | C32: 0071 | D32: PRÓPRIA | E32: DEMOLIÇÃO DE PISO DE CONCRETO ARMADO, DE FORMA MANUAL, SEM REAPROVEITAMENTO. | F32: m³ | G32: 0.15 | I32: =ROUND(G32*ROUND(H32, 2), 2) -> 0 | K32: =ROUND(G32*ROUND(J32, 2), 2) -> 0 | L32: =ROUND(H32 + J32, 2) -> 0 | M32: =ROUND(L32*(1+$K$5), 2) -> 0 | N32: =ROUND(G32*ROUND(M32, 2), 2) -> 0 | O32: =N32/$N$181 -> #DIV/0!
B33: 3.4 | C33: 93358 | D33: SINAPI | E33: ESCAVAÇÃO MANUAL DE VALA. AF_09/2024 | F33: m³ | G33: 1.5 | I33: =ROUND(G33*ROUND(H33, 2), 2) -> 0 | K33: =ROUND(G33*ROUND(J33, 2), 2) -> 0 | L33: =ROUND(H33 + J33, 2) -> 0 | M33: =ROUND(L33*(1+$K$5), 2) -> 0 | N33: =ROUND(G33*ROUND(M33, 2), 2) -> 0 | O33: =N33/$N$181 -> #DIV/0!
B34: 3.5 | C34: 97622 | D34: SINAPI | E34: DEMOLIÇÃO DE ALVENARIA DE BLOCO FURADO, DE FORMA MANUAL, SEM REAPROVEITAMENTO. AF_09/2023 | F34: m³ | G34: 0.238875 | I34: =ROUND(G34*ROUND(H34, 2), 2) -> 0 | K34: =ROUND(G34*ROUND(J34, 2), 2) -> 0 | L34: =ROUND(H34 + J34, 2) -> 0 | M34: =ROUND(L34*(1+$K$5), 2) -> 0 | N34: =ROUND(G34*ROUND(M34, 2), 2) -> 0 | O34: =N34/$N$181 -> #DIV/0!
B35: 3.6 | C35: 0070 | D35: PRÓPRIA | E35: RELOCAÇÃO DE LIXEIRA COM EXECUÇÃO DE NOVA BASE EM CONCRETO | F35: un | G35: 1 | I35: =ROUND(G35*ROUND(H35, 2), 2) -> 0 | K35: =ROUND(G35*ROUND(J35, 2), 2) -> 0 | L35: =ROUND(H35 + J35, 2) -> 0 | M35: =ROUND(L35*(1+$K$5), 2) -> 0 | N35: =ROUND(G35*ROUND(M35, 2), 2) -> 0 | O35: =N35/$N$181 -> #DIV/0!
B36: 3.7 | C36: 0076 | D36: PRÓPRIA | E36: Elaboração e implementação do Plano de Gerenciamento de Resíduos Sólidos (PGRS) | F36: un | G36: 1 | I36: =ROUND(G36*ROUND(H36, 2), 2) -> 0 | K36: =ROUND(G36*ROUND(J36, 2), 2) -> 0 | L36: =ROUND(H36 + J36, 2) -> 0 | M36: =ROUND(L36*(1+$K$5), 2) -> 0 | N36: =ROUND(G36*ROUND(M36, 2), 2) -> 0 | O36: =N36/$N$181 -> #DIV/0!
B37: 3.8 | C37: 0077 | D37: PRÓPRIA | E37: Desmontagem e descarte de equipamentos elétricos | F37: un | G37: 1 | I37: =ROUND(G37*ROUND(H37, 2), 2) -> 0 | K37: =ROUND(G37*ROUND(J37, 2), 2) -> 0 | L37: =ROUND(H37 + J37, 2) -> 0 | M37: =ROUND(L37*(1+$K$5), 2) -> 0 | N37: =ROUND(G37*ROUND(M37, 2), 2) -> 0 | O37: =N37/$N$181 -> #DIV/0!
B38: 3.9 | C38: 0078 | D38: PRÓPRIA | E38: REMOÇÃO DE LIXEIRA METÁLICA, INCLUSIVE DESMONTE, DESCHUMBAMENTO, CARGA, TRANSPORTE INTERNO E EMPILHAMENTO DO MATERIAL PARA DESCARTE. | F38: un | G38: 1 | I38: =ROUND(G38*ROUND(H38, 2), 2) -> 0 | K38: =ROUND(G38*ROUND(J38, 2), 2) -> 0 | L38: =ROUND(H38 + J38, 2) -> 0 | M38: =ROUND(L38*(1+$K$5), 2) -> 0 | N38: =ROUND(G38*ROUND(M38, 2), 2) -> 0 | O38: =N38/$N$181 -> #DIV/0!
B39: 3.10 | C39: 0079 | D39: PRÓPRIA | E39: ALUGUEL DE CACAMBA 5m2 48 HORAS COM RETIRADA. (REF. SBC 210500) | F39: un | G39: 2 | I39: =ROUND(G39*ROUND(H39, 2), 2) -> 0 | K39: =ROUND(G39*ROUND(J39, 2), 2) -> 0 | L39: =ROUND(H39 + J39, 2) -> 0 | M39: =ROUND(L39*(1+$K$5), 2) -> 0 | N39: =ROUND(G39*ROUND(M39, 2), 2) -> 0 | O39: =N39/$N$181 -> #DIV/0!
B40: 4. | E40: RECUPERAÇÃO DO ABRIGO DA SUBESTAÇÃO EXISTENTE | I40: =SUBTOTAL(109,I41:I47) -> 0 | K40: =SUBTOTAL(109,K41:K47) -> 0 | N40: =SUBTOTAL(109,N41:N47) -> 0 | O40: =N40/$N$181 -> #DIV/0!
B41: 4.1 | C41: 0080 | D41: PRÓPRIA | E41: LIMPEZA DE SUPERFÍCIE PISO,PAREDE E COBERTURA COM JATO DE ALTA PRESSÃO. AF_10/2025 | F41: m² | G41: 170.2152 | I41: =ROUND(G41*ROUND(H41, 2), 2) -> 0 | K41: =ROUND(G41*ROUND(J41, 2), 2) -> 0 | L41: =ROUND(H41 + J41, 2) -> 0 | M41: =ROUND(L41*(1+$K$5), 2) -> 0 | N41: =ROUND(G41*ROUND(M41, 2), 2) -> 0 | O41: =N41/$N$181 -> #DIV/0!
B42: 4.2 | C42: 0081 | D42: PRÓPRIA | E42: REMOÇÃO DE PINTURA EXISTENTE EM PAREDES E TETOS. | F42: m² | G42: 123.66 | I42: =ROUND(G42*ROUND(H42, 2), 2) -> 0 | K42: =ROUND(G42*ROUND(J42, 2), 2) -> 0 | L42: =ROUND(H42 + J42, 2) -> 0 | M42: =ROUND(L42*(1+$K$5), 2) -> 0 | N42: =ROUND(G42*ROUND(M42, 2), 2) -> 0 | O42: =N42/$N$181 -> #DIV/0!
B43: 4.3 | C43: 0082 | D43: PRÓPRIA | E43: CONTRAPISO LEVE EM ARGAMASSA DE CIMENTO, VERMICULA E AREIA. | F43: m² | G43: 22.23 | I43: =ROUND(G43*ROUND(H43, 2), 2) -> 0 | K43: =ROUND(G43*ROUND(J43, 2), 2) -> 0 | L43: =ROUND(H43 + J43, 2) -> 0 | M43: =ROUND(L43*(1+$K$5), 2) -> 0 | N43: =ROUND(G43*ROUND(M43, 2), 2) -> 0 | O43: =N43/$N$181 -> #DIV/0!
B44: 4.4 | C44: 0083 | D44: PRÓPRIA | E44: IMPERMEABILIZAÇÃO DE LAJE DE COBERTURA COM IMPERMEABILIZANTE LÍQUIDO DE ALTO DESEMPENHO NA COR CINZA, DUAS DEMÃOS. | F44: m² | G44: 22.23 | I44: =ROUND(G44*ROUND(H44, 2), 2) -> 0 | K44: =ROUND(G44*ROUND(J44, 2), 2) -> 0 | L44: =ROUND(H44 + J44, 2) -> 0 | M44: =ROUND(L44*(1+$K$5), 2) -> 0 | N44: =ROUND(G44*ROUND(M44, 2), 2) -> 0 | O44: =N44/$N$181 -> #DIV/0!
B45: 4.5 | C45: 0084 | D45: PRÓPRIA | E45: FUNDO SELADOR ACRÍLICO, APLICAÇÃO MANUAL, UMA DEMÃO. | F45: m² | G45: 123.66 | I45: =ROUND(G45*ROUND(H45, 2), 2) -> 0 | K45: =ROUND(G45*ROUND(J45, 2), 2) -> 0 | L45: =ROUND(H45 + J45, 2) -> 0 | M45: =ROUND(L45*(1+$K$5), 2) -> 0 | N45: =ROUND(G45*ROUND(M45, 2), 2) -> 0 | O45: =N45/$N$181 -> #DIV/0!
B46: 4.6 | C46: 0085 | D46: PRÓPRIA | E46: PINTURA LÁTEX ACRÍLICA PREMIUM NA COR PRATA, APLICAÇÃO MANUAL EM PAREDES, DUAS DEMÃOS. | F46: m² | G46: 57 | I46: =ROUND(G46*ROUND(H46, 2), 2) -> 0 | K46: =ROUND(G46*ROUND(J46, 2), 2) -> 0 | L46: =ROUND(H46 + J46, 2) -> 0 | M46: =ROUND(L46*(1+$K$5), 2) -> 0 | N46: =ROUND(G46*ROUND(M46, 2), 2) -> 0 | O46: =N46/$N$181 -> #DIV/0!
B47: 4.7 | C47: 0086 | D47: PRÓPRIA | E47: PINTURA LÁTEX ACRÍLICA PREMIUM NA COR BRANCA, APLICAÇÃO MANUAL EM PAREDES INTERNAS, DUAS DEMÃOS. | F47: m² | G47: 66.66 | I47: =ROUND(G47*ROUND(H47, 2), 2) -> 0 | K47: =ROUND(G47*ROUND(J47, 2), 2) -> 0 | L47: =ROUND(H47 + J47, 2) -> 0 | M47: =ROUND(L47*(1+$K$5), 2) -> 0 | N47: =ROUND(G47*ROUND(M47, 2), 2) -> 0 | O47: =N47/$N$181 -> #DIV/0!
B48: 5. | E48: INFRAESTRUTURA | I48: =SUBTOTAL(109,I49:I70) -> 0 | K48: =SUBTOTAL(109,K49:K70) -> 0 | N48: =SUBTOTAL(109,N49:N70) -> 0 | O48: =N48/$N$181 -> #DIV/0!
B49: 5.1. | E49: FUNDAÇÕES | I49: =SUBTOTAL(109,I50:I57) -> 0 | K49: =SUBTOTAL(109,K50:K57) -> 0 | N49: =SUBTOTAL(109,N50:N57) -> 0 | O49: =N49/$N$181 -> #DIV/0!
B50: 5.1.1 | C50: 96523 | D50: SINAPI | E50: ESCAVAÇÃO MANUAL PARA BLOCO DE COROAMENTO OU SAPATA (INCLUINDO ESCAVAÇÃO PARA COLOCAÇÃO DE FÔRMAS). AF_01/2024 | F50: m³ | G50: 2.39 | I50: =ROUND(G50*ROUND(H50, 2), 2) -> 0 | K50: =ROUND(G50*ROUND(J50, 2), 2) -> 0 | L50: =ROUND(H50 + J50, 2) -> 0 | M50: =ROUND(L50*(1+$K$5), 2) -> 0 | N50: =ROUND(G50*ROUND(M50, 2), 2) -> 0 | O50: =N50/$N$181 -> #DIV/0!
B51: 5.1.2 | C51: 96616 | D51: SINAPI | E51: LASTRO DE CONCRETO MAGRO, APLICADO EM BLOCOS DE COROAMENTO OU SAPATAS. AF_01/2024 | F51: m³ | G51: 0.1995 | I51: =ROUND(G51*ROUND(H51, 2), 2) -> 0 | K51: =ROUND(G51*ROUND(J51, 2), 2) -> 0 | L51: =ROUND(H51 + J51, 2) -> 0 | M51: =ROUND(L51*(1+$K$5), 2) -> 0 | N51: =ROUND(G51*ROUND(M51, 2), 2) -> 0 | O51: =N51/$N$181 -> #DIV/0!
B52: 5.1.3 | C52: 96538 | D52: SINAPI | E52: FABRICAÇÃO, MONTAGEM E DESMONTAGEM DE FÔRMA PARA SAPATA, EM CHAPA DE MADEIRA COMPENSADA RESINADA, E=17 MM, 2 UTILIZAÇÕES. AF_01/2024 | F52: m² | G52: 6.08 | I52: =ROUND(G52*ROUND(H52, 2), 2) -> 0 | K52: =ROUND(G52*ROUND(J52, 2), 2) -> 0 | L52: =ROUND(H52 + J52, 2) -> 0 | M52: =ROUND(L52*(1+$K$5), 2) -> 0 | N52: =ROUND(G52*ROUND(M52, 2), 2) -> 0 | O52: =N52/$N$181 -> #DIV/0!
B53: 5.1.4 | C53: 104916 | D53: SINAPI | E53: ARMAÇÃO DE SAPATA ISOLADA, VIGA BALDRAME E SAPATA CORRIDA UTILIZANDO AÇO CA-60 DE 5 MM - MONTAGEM. AF_01/2024 | F53: kg | G53: 4.4 | I53: =ROUND(G53*ROUND(H53, 2), 2) -> 0 | K53: =ROUND(G53*ROUND(J53, 2), 2) -> 0 | L53: =ROUND(H53 + J53, 2) -> 0 | M53: =ROUND(L53*(1+$K$5), 2) -> 0 | N53: =ROUND(G53*ROUND(M53, 2), 2) -> 0 | O53: =N53/$N$181 -> #DIV/0!
B54: 5.1.5 | C54: 104918 | D54: SINAPI | E54: ARMAÇÃO DE SAPATA ISOLADA, VIGA BALDRAME E SAPATA CORRIDA UTILIZANDO AÇO CA-50 DE 8 MM - MONTAGEM. AF_01/2024 | F54: kg | G54: 15 | I54: =ROUND(G54*ROUND(H54, 2), 2) -> 0 | K54: =ROUND(G54*ROUND(J54, 2), 2) -> 0 | L54: =ROUND(H54 + J54, 2) -> 0 | M54: =ROUND(L54*(1+$K$5), 2) -> 0 | N54: =ROUND(G54*ROUND(M54, 2), 2) -> 0 | O54: =N54/$N$181 -> #DIV/0!
B55: 5.1.6 | C55: 104919 | D55: SINAPI | E55: ARMAÇÃO DE SAPATA ISOLADA, VIGA BALDRAME E SAPATA CORRIDA UTILIZANDO AÇO CA-50 DE 10 MM - MONTAGEM. AF_01/2024 | F55: kg | G55: 19.4 | I55: =ROUND(G55*ROUND(H55, 2), 2) -> 0 | K55: =ROUND(G55*ROUND(J55, 2), 2) -> 0 | L55: =ROUND(H55 + J55, 2) -> 0 | M55: =ROUND(L55*(1+$K$5), 2) -> 0 | N55: =ROUND(G55*ROUND(M55, 2), 2) -> 0 | O55: =N55/$N$181 -> #DIV/0!
B56: 5.1.7 | C56: 96558 | D56: SINAPI | E56: CONCRETAGEM DE SAPATA, FCK 30 MPA, COM USO DE BOMBA - LANÇAMENTO, ADENSAMENTO E ACABAMENTO. AF_01/2024 | F56: m³ | G56: 0.6 | I56: =ROUND(G56*ROUND(H56, 2), 2) -> 0 | K56: =ROUND(G56*ROUND(J56, 2), 2) -> 0 | L56: =ROUND(H56 + J56, 2) -> 0 | M56: =ROUND(L56*(1+$K$5), 2) -> 0 | N56: =ROUND(G56*ROUND(M56, 2), 2) -> 0 | O56: =N56/$N$181 -> #DIV/0!
B57: 5.1.8 | C57: 93382 | D57: SINAPI | E57: REATERRO MANUAL DE VALAS, COM COMPACTADOR DE SOLOS DE PERCUSSÃO. AF_08/2023 | F57: m³ | G57: 2.2425 | I57: =ROUND(G57*ROUND(H57, 2), 2) -> 0 | K57: =ROUND(G57*ROUND(J57, 2), 2) -> 0 | L57: =ROUND(H57 + J57, 2) -> 0 | M57: =ROUND(L57*(1+$K$5), 2) -> 0 | N57: =ROUND(G57*ROUND(M57, 2), 2) -> 0 | O57: =N57/$N$181 -> #DIV/0!
B58: 5.2. | E58: VIGAS | I58: =SUBTOTAL(109,I59:I66) -> 0 | K58: =SUBTOTAL(109,K59:K66) -> 0 | N58: =SUBTOTAL(109,N59:N66) -> 0 | O58: =N58/$N$181 -> #DIV/0!
B59: 5.2.1 | C59: 96526 | D59: SINAPI | E59: ESCAVAÇÃO MANUAL PARA VIGA BALDRAME OU SAPATA CORRIDA (SEM ESCAVAÇÃO PARA COLOCAÇÃO DE FÔRMAS). AF_01/2024 | F59: m³ | G59: 4.674 | I59: =ROUND(G59*ROUND(H59, 2), 2) -> 0 | K59: =ROUND(G59*ROUND(J59, 2), 2) -> 0 | L59: =ROUND(H59 + J59, 2) -> 0 | M59: =ROUND(L59*(1+$K$5), 2) -> 0 | N59: =ROUND(G59*ROUND(M59, 2), 2) -> 0 | O59: =N59/$N$181 -> #DIV/0!
B60: 5.2.2 | C60: 96621 | D60: SINAPI | E60: LASTRO COM MATERIAL GRANULAR, APLICAÇÃO EM BLOCOS DE COROAMENTO, ESPESSURA DE *5 CM*. AF_01/2024 | F60: m³ | G60: 0.3895 | I60: =ROUND(G60*ROUND(H60, 2), 2) -> 0 | K60: =ROUND(G60*ROUND(J60, 2), 2) -> 0 | L60: =ROUND(H60 + J60, 2) -> 0 | M60: =ROUND(L60*(1+$K$5), 2) -> 0 | N60: =ROUND(G60*ROUND(M60, 2), 2) -> 0 | O60: =N60/$N$181 -> #DIV/0!
B61: 5.2.3 | C61: 96542 | D61: SINAPI | E61: FABRICAÇÃO, MONTAGEM E DESMONTAGEM DE FÔRMA PARA VIGA BALDRAME, EM CHAPA DE MADEIRA COMPENSADA RESINADA, E=17 MM, 4 UTILIZAÇÕES. AF_01/2024 | F61: m² | G61: 7.79 | I61: =ROUND(G61*ROUND(H61, 2), 2) -> 0 | K61: =ROUND(G61*ROUND(J61, 2), 2) -> 0 | L61: =ROUND(H61 + J61, 2) -> 0 | M61: =ROUND(L61*(1+$K$5), 2) -> 0 | N61: =ROUND(G61*ROUND(M61, 2), 2) -> 0 | O61: =N61/$N$181 -> #DIV/0!
B62: 5.2.4 | C62: 104916 | D62: SINAPI | E62: ARMAÇÃO DE SAPATA ISOLADA, VIGA BALDRAME E SAPATA CORRIDA UTILIZANDO AÇO CA-60 DE 5 MM - MONTAGEM. AF_01/2024 | F62: kg | G62: 9.6 | I62: =ROUND(G62*ROUND(H62, 2), 2) -> 0 | K62: =ROUND(G62*ROUND(J62, 2), 2) -> 0 | L62: =ROUND(H62 + J62, 2) -> 0 | M62: =ROUND(L62*(1+$K$5), 2) -> 0 | N62: =ROUND(G62*ROUND(M62, 2), 2) -> 0 | O62: =N62/$N$181 -> #DIV/0!
B63: 5.2.5 | C63: 104917 | D63: SINAPI | E63: ARMAÇÃO DE SAPATA ISOLADA, VIGA BALDRAME E SAPATA CORRIDA UTILIZANDO AÇO CA-50 DE 6,3 MM - MONTAGEM. AF_01/2024 | F63: kg | G63: 1 | I63: =ROUND(G63*ROUND(H63, 2), 2) -> 0 | K63: =ROUND(G63*ROUND(J63, 2), 2) -> 0 | L63: =ROUND(H63 + J63, 2) -> 0 | M63: =ROUND(L63*(1+$K$5), 2) -> 0 | N63: =ROUND(G63*ROUND(M63, 2), 2) -> 0 | O63: =N63/$N$181 -> #DIV/0!
B64: 5.2.6 | C64: 104918 | D64: SINAPI | E64: ARMAÇÃO DE SAPATA ISOLADA, VIGA BALDRAME E SAPATA CORRIDA UTILIZANDO AÇO CA-50 DE 8 MM - MONTAGEM. AF_01/2024 | F64: kg | G64: 26.8 | I64: =ROUND(G64*ROUND(H64, 2), 2) -> 0 | K64: =ROUND(G64*ROUND(J64, 2), 2) -> 0 | L64: =ROUND(H64 + J64, 2) -> 0 | M64: =ROUND(L64*(1+$K$5), 2) -> 0 | N64: =ROUND(G64*ROUND(M64, 2), 2) -> 0 | O64: =N64/$N$181 -> #DIV/0!
B65: 5.2.7 | C65: 96557 | D65: SINAPI | E65: CONCRETAGEM DE BLOCO DE COROAMENTO OU VIGA BALDRAME, FCK 30 MPA, COM USO DE BOMBA - LANÇAMENTO, ADENSAMENTO E ACABAMENTO. AF_01/2024 | F65: m³ | G65: 0.59 | I65: =ROUND(G65*ROUND(H65, 2), 2) -> 0 | K65: =ROUND(G65*ROUND(J65, 2), 2) -> 0 | L65: =ROUND(H65 + J65, 2) -> 0 | M65: =ROUND(L65*(1+$K$5), 2) -> 0 | N65: =ROUND(G65*ROUND(M65, 2), 2) -> 0 | O65: =N65/$N$181 -> #DIV/0!
B66: 5.2.8 | C66: 93382 | D66: SINAPI | E66: REATERRO MANUAL DE VALAS, COM COMPACTADOR DE SOLOS DE PERCUSSÃO. AF_08/2023 | F66: m³ | G66: 5.105 | I66: =ROUND(G66*ROUND(H66, 2), 2) -> 0 | K66: =ROUND(G66*ROUND(J66, 2), 2) -> 0 | L66: =ROUND(H66 + J66, 2) -> 0 | M66: =ROUND(L66*(1+$K$5), 2) -> 0 | N66: =ROUND(G66*ROUND(M66, 2), 2) -> 0 | O66: =N66/$N$181 -> #DIV/0!
B67: 5.3. | E67: LAJE DE PISO | I67: =SUBTOTAL(109,I68:I70) -> 0 | K67: =SUBTOTAL(109,K68:K70) -> 0 | N67: =SUBTOTAL(109,N68:N70) -> 0 | O67: =N67/$N$181 -> #DIV/0!
B68: 5.3.1 | C68: 92482 | D68: SINAPI | E68: MONTAGEM E DESMONTAGEM DE FÔRMA DE LAJE MACIÇA, PÉ-DIREITO SIMPLES, EM MADEIRA SERRADA, 1 UTILIZAÇÃO. AF_09/2020 | F68: m² | G68: 0.98 | I68: =ROUND(G68*ROUND(H68, 2), 2) -> 0 | K68: =ROUND(G68*ROUND(J68, 2), 2) -> 0 | L68: =ROUND(H68 + J68, 2) -> 0 | M68: =ROUND(L68*(1+$K$5), 2) -> 0 | N68: =ROUND(G68*ROUND(M68, 2), 2) -> 0 | O68: =N68/$N$181 -> #DIV/0!
B69: 5.3.2 | C69: 92769 | D69: SINAPI | E69: ARMAÇÃO DE LAJE DE ESTRUTURA CONVENCIONAL DE CONCRETO ARMADO UTILIZANDO AÇO CA-50 DE 6,3 MM - MONTAGEM. AF_06/2022 | F69: kg | G69: 33.1 | I69: =ROUND(G69*ROUND(H69, 2), 2) -> 0 | K69: =ROUND(G69*ROUND(J69, 2), 2) -> 0 | L69: =ROUND(H69 + J69, 2) -> 0 | M69: =ROUND(L69*(1+$K$5), 2) -> 0 | N69: =ROUND(G69*ROUND(M69, 2), 2) -> 0 | O69: =N69/$N$181 -> #DIV/0!
B70: 5.3.3 | C70: 0087 | D70: PRÓPRIA | E70: CONCRETAGEM DE VIGAS E LAJES, FCK=30 MPA, PARA LAJES MACIÇAS OU NERVURADAS COM USO DE BOMBA - LANÇAMENTO, ADENSAMENTO E ACABAMENTO. - (BASEADO CÓD. SINAPI 103675) | F70: m³ | G70: 0.35 | I70: =ROUND(G70*ROUND(H70, 2), 2) -> 0 | K70: =ROUND(G70*ROUND(J70, 2), 2) -> 0 | L70: =ROUND(H70 + J70, 2) -> 0 | M70: =ROUND(L70*(1+$K$5), 2) -> 0 | N70: =ROUND(G70*ROUND(M70, 2), 2) -> 0 | O70: =N70/$N$181 -> #DIV/0!
B71: 6. | E71: SUPRAESTRUTURA | I71: =SUBTOTAL(109,I72:I81) -> 0 | K71: =SUBTOTAL(109,K72:K81) -> 0 | N71: =SUBTOTAL(109,N72:N81) -> 0 | O71: =N71/$N$181 -> #DIV/0!
B72: 6.1. | E72: PILARES | I72: =SUBTOTAL(109,I73:I76) -> 0 | K72: =SUBTOTAL(109,K73:K76) -> 0 | N72: =SUBTOTAL(109,N73:N76) -> 0 | O72: =N72/$N$181 -> #DIV/0!
B73: 6.1.1 | C73: 92269 | D73: SINAPI | E73: FABRICAÇÃO DE FÔRMA PARA PILARES E ESTRUTURAS SIMILARES, EM MADEIRA SERRADA, E=25 MM. AF_09/2020 | F73: m² | G73: 7.68 | I73: =ROUND(G73*ROUND(H73, 2), 2) -> 0 | K73: =ROUND(G73*ROUND(J73, 2), 2) -> 0 | L73: =ROUND(H73 + J73, 2) -> 0 | M73: =ROUND(L73*(1+$K$5), 2) -> 0 | N73: =ROUND(G73*ROUND(M73, 2), 2) -> 0 | O73: =N73/$N$181 -> #DIV/0!
B74: 6.1.2 | C74: 92759 | D74: SINAPI | E74: ARMAÇÃO DE PILAR OU VIGA DE ESTRUTURA CONVENCIONAL DE CONCRETO ARMADO UTILIZANDO AÇO CA-60 DE 5,0 MM - MONTAGEM. AF_06/2022 | F74: kg | G74: 9 | I74: =ROUND(G74*ROUND(H74, 2), 2) -> 0 | K74: =ROUND(G74*ROUND(J74, 2), 2) -> 0 | L74: =ROUND(H74 + J74, 2) -> 0 | M74: =ROUND(L74*(1+$K$5), 2) -> 0 | N74: =ROUND(G74*ROUND(M74, 2), 2) -> 0 | O74: =N74/$N$181 -> #DIV/0!
B75: 6.1.3 | C75: 92762 | D75: SINAPI | E75: ARMAÇÃO DE PILAR OU VIGA DE ESTRUTURA CONVENCIONAL DE CONCRETO ARMADO UTILIZANDO AÇO CA-50 DE 10,0 MM - MONTAGEM. AF_06/2022 | F75: kg | G75: 25.6 | I75: =ROUND(G75*ROUND(H75, 2), 2) -> 0 | K75: =ROUND(G75*ROUND(J75, 2), 2) -> 0 | L75: =ROUND(H75 + J75, 2) -> 0 | M75: =ROUND(L75*(1+$K$5), 2) -> 0 | N75: =ROUND(G75*ROUND(M75, 2), 2) -> 0 | O75: =N75/$N$181 -> #DIV/0!
B76: 6.1.4 | C76: 0088 | D76: PRÓPRIA | E76: CONCRETAGEM DE PILARES, FCK = 30 MPA, COM USO DE BALDES - LANÇAMENTO, ADENSAMENTO E ACABAMENTO (BASE SINAPI 103669). | F76: m³ | G76: 0.36 | I76: =ROUND(G76*ROUND(H76, 2), 2) -> 0 | K76: =ROUND(G76*ROUND(J76, 2), 2) -> 0 | L76: =ROUND(H76 + J76, 2) -> 0 | M76: =ROUND(L76*(1+$K$5), 2) -> 0 | N76: =ROUND(G76*ROUND(M76, 2), 2) -> 0 | O76: =N76/$N$181 -> #DIV/0!
B77: 6.2. | E77: LAJE DE COBERTURA | I77: =SUBTOTAL(109,I78:I81) -> 0 | K77: =SUBTOTAL(109,K78:K81) -> 0 | N77: =SUBTOTAL(109,N78:N81) -> 0 | O77: =N77/$N$181 -> #DIV/0!
B78: 6.2.1 | C78: 92482 | D78: SINAPI | E78: MONTAGEM E DESMONTAGEM DE FÔRMA DE LAJE MACIÇA, PÉ-DIREITO SIMPLES, EM MADEIRA SERRADA, 1 UTILIZAÇÃO. AF_09/2020 | F78: m² | G78: 5.75 | I78: =ROUND(G78*ROUND(H78, 2), 2) -> 0 | K78: =ROUND(G78*ROUND(J78, 2), 2) -> 0 | L78: =ROUND(H78 + J78, 2) -> 0 | M78: =ROUND(L78*(1+$K$5), 2) -> 0 | N78: =ROUND(G78*ROUND(M78, 2), 2) -> 0 | O78: =N78/$N$181 -> #DIV/0!
B79: 6.2.2 | C79: 92768 | D79: SINAPI | E79: ARMAÇÃO DE LAJE DE ESTRUTURA CONVENCIONAL DE CONCRETO ARMADO UTILIZANDO AÇO CA-60 DE 5,0 MM - MONTAGEM. AF_06/2022 | F79: kg | G79: 9.7 | I79: =ROUND(G79*ROUND(H79, 2), 2) -> 0 | K79: =ROUND(G79*ROUND(J79, 2), 2) -> 0 | L79: =ROUND(H79 + J79, 2) -> 0 | M79: =ROUND(L79*(1+$K$5), 2) -> 0 | N79: =ROUND(G79*ROUND(M79, 2), 2) -> 0 | O79: =N79/$N$181 -> #DIV/0!
B80: 6.2.3 | C80: 92769 | D80: SINAPI | E80: ARMAÇÃO DE LAJE DE ESTRUTURA CONVENCIONAL DE CONCRETO ARMADO UTILIZANDO AÇO CA-50 DE 6,3 MM - MONTAGEM. AF_06/2022 | F80: kg | G80: 20.5 | I80: =ROUND(G80*ROUND(H80, 2), 2) -> 0 | K80: =ROUND(G80*ROUND(J80, 2), 2) -> 0 | L80: =ROUND(H80 + J80, 2) -> 0 | M80: =ROUND(L80*(1+$K$5), 2) -> 0 | N80: =ROUND(G80*ROUND(M80, 2), 2) -> 0 | O80: =N80/$N$181 -> #DIV/0!
B81: 6.2.4 | C81: 0101 | D81: PRÓPRIA | E81: CONCRETAGEM DE VIGAS E LAJES, FCK=30 MPA, PARA LAJES MACIÇAS OU NERVURADAS COM USO DE BOMBA - LANÇAMENTO, ADENSAMENTO E ACABAMENTO. - BASEADO CÓD. SINAPI 103675 | F81: m³ | G81: 0.48 | I81: =ROUND(G81*ROUND(H81, 2), 2) -> 0 | K81: =ROUND(G81*ROUND(J81, 2), 2) -> 0 | L81: =ROUND(H81 + J81, 2) -> 0 | M81: =ROUND(L81*(1+$K$5), 2) -> 0 | N81: =ROUND(G81*ROUND(M81, 2), 2) -> 0 | O81: =N81/$N$181 -> #DIV/0!
B82: 7. | E82: IMPERMEABILIZAÇÃO | I82: =SUBTOTAL(109,I83:I84) -> 0 | K82: =SUBTOTAL(109,K83:K84) -> 0 | N82: =SUBTOTAL(109,N83:N84) -> 0 | O82: =N82/$N$181 -> #DIV/0!
B83: 7.1 | C83: 0089 | D83: PRÓPRIA | E83: REGULARIZAÇÃO DE SUPERFÍCIE DE CONCRETO PARA IMPERMEABILIZAÇÃO. | F83: m² | G83: 5.46 | I83: =ROUND(G83*ROUND(H83, 2), 2) -> 0 | K83: =ROUND(G83*ROUND(J83, 2), 2) -> 0 | L83: =ROUND(H83 + J83, 2) -> 0 | M83: =ROUND(L83*(1+$K$5), 2) -> 0 | N83: =ROUND(G83*ROUND(M83, 2), 2) -> 0 | O83: =N83/$N$181 -> #DIV/0!
B84: 7.2 | C84: 98557 | D84: SINAPI | E84: IMPERMEABILIZAÇÃO DE SUPERFÍCIE COM EMULSÃO ASFÁLTICA, 2 DEMÃOS. AF_09/2023 | F84: m² | G84: 5.46 | I84: =ROUND(G84*ROUND(H84, 2), 2) -> 0 | K84: =ROUND(G84*ROUND(J84, 2), 2) -> 0 | L84: =ROUND(H84 + J84, 2) -> 0 | M84: =ROUND(L84*(1+$K$5), 2) -> 0 | N84: =ROUND(G84*ROUND(M84, 2), 2) -> 0 | O84: =N84/$N$181 -> #DIV/0!
B85: 8. | E85: FECHAMENTOS, REVESTIMENTO E PINTURAS | I85: =SUBTOTAL(109,I86:I100) -> 0 | K85: =SUBTOTAL(109,K86:K100) -> 0 | N85: =SUBTOTAL(109,N86:N100) -> 0 | O85: =N85/$N$181 -> #DIV/0!
B86: 8.1 | C86: 103335 | D86: SINAPI | E86: ALVENARIA DE VEDAÇÃO DE BLOCOS CERÂMICOS FURADOS NA HORIZONTAL DE 14X9X19 CM (ESPESSURA 14 CM, BLOCO DEITADO) E ARGAMASSA DE ASSENTAMENTO COM PREPARO MANUAL. AF_12/2021 | F86: m² | G86: 19.46 | I86: =ROUND(G86*ROUND(H86, 2), 2) -> 0 | K86: =ROUND(G86*ROUND(J86, 2), 2) -> 0 | L86: =ROUND(H86 + J86, 2) -> 0 | M86: =ROUND(L86*(1+$K$5), 2) -> 0 | N86: =ROUND(G86*ROUND(M86, 2), 2) -> 0 | O86: =N86/$N$181 -> #DIV/0!
B87: 8.2 | C87: 0090 | D87: PRÓPRIA | E87: ENCUNHAMENTO DE ALVENARIA COM BLOCO CERÂMICO 9X14x19 cm. | F87: m | G87: 8.6 | I87: =ROUND(G87*ROUND(H87, 2), 2) -> 0 | K87: =ROUND(G87*ROUND(J87, 2), 2) -> 0 | L87: =ROUND(H87 + J87, 2) -> 0 | M87: =ROUND(L87*(1+$K$5), 2) -> 0 | N87: =ROUND(G87*ROUND(M87, 2), 2) -> 0 | O87: =N87/$N$181 -> #DIV/0!
B88: 8.3 | C88: 105021 | D88: SINAPI | E88: VERGA PRÉ-MOLDADA COM ATÉ 1,5 M DE VÃO, ESPESSURA DE *15* CM. AF_03/2024 | F88: m | G88: 7.2 | I88: =ROUND(G88*ROUND(H88, 2), 2) -> 0 | K88: =ROUND(G88*ROUND(J88, 2), 2) -> 0 | L88: =ROUND(H88 + J88, 2) -> 0 | M88: =ROUND(L88*(1+$K$5), 2) -> 0 | N88: =ROUND(G88*ROUND(M88, 2), 2) -> 0 | O88: =N88/$N$181 -> #DIV/0!
B89: 8.4 | C89: 105029 | D89: SINAPI | E89: CONTRAVERGA MOLDADA IN LOCO EM CONCRETO, ESPESSURA DE *15* CM. AF_03/2024 | F89: m | G89: 6 | I89: =ROUND(G89*ROUND(H89, 2), 2) -> 0 | K89: =ROUND(G89*ROUND(J89, 2), 2) -> 0 | L89: =ROUND(H89 + J89, 2) -> 0 | M89: =ROUND(L89*(1+$K$5), 2) -> 0 | N89: =ROUND(G89*ROUND(M89, 2), 2) -> 0 | O89: =N89/$N$181 -> #DIV/0!
B90: 8.5 | C90: 87905 | D90: SINAPI | E90: CHAPISCO APLICADO EM ALVENARIA (COM PRESENÇA DE VÃOS) E ESTRUTURAS DE CONCRETO DE FACHADA, COM COLHER DE PEDREIRO. ARGAMASSA TRAÇO 1:3 COM PREPARO EM BETONEIRA 400L. AF_10/2022 | F90: m² | G90: 18.86 | I90: =ROUND(G90*ROUND(H90, 2), 2) -> 0 | K90: =ROUND(G90*ROUND(J90, 2), 2) -> 0 | L90: =ROUND(H90 + J90, 2) -> 0 | M90: =ROUND(L90*(1+$K$5), 2) -> 0 | N90: =ROUND(G90*ROUND(M90, 2), 2) -> 0 | O90: =N90/$N$181 -> #DIV/0!
B91: 8.6 | C91: 87879 | D91: SINAPI | E91: CHAPISCO APLICADO EM ALVENARIAS E ESTRUTURAS DE CONCRETO INTERNAS, COM COLHER DE PEDREIRO. ARGAMASSA TRAÇO 1:3 COM PREPARO EM BETONEIRA 400L. AF_10/2022 | F91: m² | G91: 20.06 | I91: =ROUND(G91*ROUND(H91, 2), 2) -> 0 | K91: =ROUND(G91*ROUND(J91, 2), 2) -> 0 | L91: =ROUND(H91 + J91, 2) -> 0 | M91: =ROUND(L91*(1+$K$5), 2) -> 0 | N91: =ROUND(G91*ROUND(M91, 2), 2) -> 0 | O91: =N91/$N$181 -> #DIV/0!
B92: 8.7 | C92: 87786 | D92: SINAPI | E92: EMBOÇO OU MASSA ÚNICA EM ARGAMASSA TRAÇO 1:2:8, PREPARO MANUAL, APLICADA MANUALMENTE EM PANOS DE FACHADA COM PRESENÇA DE VÃOS, ESPESSURA DE 45 MM. AF_08/2022 | F92: m² | G92: 20.06 | I92: =ROUND(G92*ROUND(H92, 2), 2) -> 0 | K92: =ROUND(G92*ROUND(J92, 2), 2) -> 0 | L92: =ROUND(H92 + J92, 2) -> 0 | M92: =ROUND(L92*(1+$K$5), 2) -> 0 | N92: =ROUND(G92*ROUND(M92, 2), 2) -> 0 | O92: =N92/$N$181 -> #DIV/0!
B93: 8.8 | C93: 87532 | D93: SINAPI | E93: EMBOÇO, EM ARGAMASSA TRAÇO 1:2:8, PREPARO MANUAL, APLICADO MANUALMENTE EM PAREDES INTERNAS DE AMBIENTES COM ÁREA ENTRE 5M² E 10M², E = 17,5MM, COM TALISCAS. AF_03/2024 | F93: m² | G93: 18.86 | I93: =ROUND(G93*ROUND(H93, 2), 2) -> 0 | K93: =ROUND(G93*ROUND(J93, 2), 2) -> 0 | L93: =ROUND(H93 + J93, 2) -> 0 | M93: =ROUND(L93*(1+$K$5), 2) -> 0 | N93: =ROUND(G93*ROUND(M93, 2), 2) -> 0 | O93: =N93/$N$181 -> #DIV/0!
B94: 8.9 | C94: 88496 | D94: SINAPI | E94: EMASSAMENTO COM MASSA LÁTEX, APLICAÇÃO EM TETO, DUAS DEMÃOS, LIXAMENTO MANUAL. AF_04/2023 | F94: m² | G94: 8.085 | I94: =ROUND(G94*ROUND(H94, 2), 2) -> 0 | K94: =ROUND(G94*ROUND(J94, 2), 2) -> 0 | L94: =ROUND(H94 + J94, 2) -> 0 | M94: =ROUND(L94*(1+$K$5), 2) -> 0 | N94: =ROUND(G94*ROUND(M94, 2), 2) -> 0 | O94: =N94/$N$181 -> #DIV/0!
B95: 8.10 | C95: 0091 | D95: PRÓPRIA | E95: FUNDO SELADOR ACRÍLICO, APLICAÇÃO MANUAL, UMA DEMÃO. | F95: m² | G95: 45.805 | I95: =ROUND(G95*ROUND(H95, 2), 2) -> 0 | K95: =ROUND(G95*ROUND(J95, 2), 2) -> 0 | L95: =ROUND(H95 + J95, 2) -> 0 | M95: =ROUND(L95*(1+$K$5), 2) -> 0 | N95: =ROUND(G95*ROUND(M95, 2), 2) -> 0 | O95: =N95/$N$181 -> #DIV/0!
B96: 8.11 | C96: 0092 | D96: PRÓPRIA | E96: PINTURA LÁTEX ACRÍLICA PREMIUM NA COR PRATA, APLICAÇÃO MANUAL EM PAREDES, DUAS DEMÃOS. | F96: m² | G96: 220.336 | I96: =ROUND(G96*ROUND(H96, 2), 2) -> 0 | K96: =ROUND(G96*ROUND(J96, 2), 2) -> 0 | L96: =ROUND(H96 + J96, 2) -> 0 | M96: =ROUND(L96*(1+$K$5), 2) -> 0 | N96: =ROUND(G96*ROUND(M96, 2), 2) -> 0 | O96: =N96/$N$181 -> #DIV/0!
B97: 8.12 | C97: 0093 | D97: PRÓPRIA | E97: EXECUÇÃO DE PASSEIO (CALÇADA) COM CONCRETO MOLDADO IN LOCO, USINADO, ACABAMENTO ESTAMPADO, ESPESSURA 6 CM, NÃO ARMADO - (BASEADA SINAPI 95002) | F97: m² | G97: 1.5 | I97: =ROUND(G97*ROUND(H97, 2), 2) -> 0 | K97: =ROUND(G97*ROUND(J97, 2), 2) -> 0 | L97: =ROUND(H97 + J97, 2) -> 0 | M97: =ROUND(L97*(1+$K$5), 2) -> 0 | N97: =ROUND(G97*ROUND(M97, 2), 2) -> 0 | O97: =N97/$N$181 -> #DIV/0!
... B100: 8.15 | C100: 94990 | D100: SINAPI | E100: EXECUÇÃO DE PASSEIO (CALÇADA) OU PISO DE CONCRETO COM CONCRETO MOLDADO IN LOCO, FEITO EM OBRA, ACABAMENTO CONVENCIONAL, NÃO ARMADO. AF_08/2022 | F100: m³ | G100: 0.297 | I100: =ROUND(G100*ROUND(H100, 2), 2) -> 0 | K100: =ROUND(G100*ROUND(J100, 2), 2) -> 0 | L100: =ROUND(H100 + J100, 2) -> 0 | M100: =ROUND(L100*(1+$K$5), 2) -> 0 | N100: =ROUND(G100*ROUND(M100, 2), 2) -> 0 | O100: =N100/$N$181 -> #DIV/0!
B101: 9. | E101: ESQUADRIAS | I101: =SUBTOTAL(109,I102:I105) -> 0 | K101: =SUBTOTAL(109,K102:K105) -> 0 | N101: =SUBTOTAL(109,N102:N105) -> 0 | O101: =N101/$N$181 -> #DIV/0!
B102: 9.1 | C102: 0096 | D102: PRÓPRIA | E102: VENEZIANA DE VENTILAÇÃO FIXA - FORNECIMENTO E INSTALAÇÃO. | F102: m² | G102: 1.44 | I102: =ROUND(G102*ROUND(H102, 2), 2) -> 0 | K102: =ROUND(G102*ROUND(J102, 2), 2) -> 0 | L102: =ROUND(H102 + J102, 2) -> 0 | M102: =ROUND(L102*(1+$K$5), 2) -> 0 | N102: =ROUND(G102*ROUND(M102, 2), 2) -> 0 | O102: =N102/$N$181 -> #DIV/0!
B103: 9.2 | C103: 0097 | D103: PRÓPRIA | E103: PORTA DE FERRO VENEZIANA 2,10X0,80M - FORNECIMENTO E INSTALAÇÃO. | F103: un | G103: 1 | I103: =ROUND(G103*ROUND(H103, 2), 2) -> 0 | K103: =ROUND(G103*ROUND(J103, 2), 2) -> 0 | L103: =ROUND(H103 + J103, 2) -> 0 | M103: =ROUND(L103*(1+$K$5), 2) -> 0 | N103: =ROUND(G103*ROUND(M103, 2), 2) -> 0 | O103: =N103/$N$181 -> #DIV/0!
B104: 9.3 | C104: 0098 | D104: PRÓPRIA | E104: TELA MOSQUITEIRA INOX MALHA 16 FIO 32 - FORNECIMENTO E INSTALAÇÃO. | F104: m² | G104: 3.12 | I104: =ROUND(G104*ROUND(H104, 2), 2) -> 0 | K104: =ROUND(G104*ROUND(J104, 2), 2) -> 0 | L104: =ROUND(H104 + J104, 2) -> 0 | M104: =ROUND(L104*(1+$K$5), 2) -> 0 | N104: =ROUND(G104*ROUND(M104, 2), 2) -> 0 | O104: =N104/$N$181 -> #DIV/0!
B105: 9.4 | C105: 0099 | D105: PRÓPRIA | E105: LIXEIRA METÁLICA RETANGULAR 1,50 × 0,60 × 0,80 m, COM BASES DE CONCRETO PARA FIXAÇÃO DA LIXEIRA. FORNECIMENTO E INSTALAÇÃO. | F105: un | G105: 1 | I105: =ROUND(G105*ROUND(H105, 2), 2) -> 0 | K105: =ROUND(G105*ROUND(J105, 2), 2) -> 0 | L105: =ROUND(H105 + J105, 2) -> 0 | M105: =ROUND(L105*(1+$K$5), 2) -> 0 | N105: =ROUND(G105*ROUND(M105, 2), 2) -> 0 | O105: =N105/$N$181 -> #DIV/0!
...

Sheet Composições
A1: DADOS
A2: Titulo | B2: ORÇAMENTO
A3: Obra | B3: TRT CRICIUMA
A4: Cliente | B4: TRIBUNAL REGIONAL DO TRABALHO DE SC 12º REG
A5: Cidade | B5: CRICIUMA
A6: Endereço | B6: AVENIDA DR. GETÚLIO VARGAS, Nº 361, CENTRO, CRICIÚMA SC
A7: Descrição | B7: FÓRUM TRABALHISTA DE CRICIÚMA/SC - PADRÃO DE ENTRADA E SUBESTAÇÃO
A8: UF | B8: SC
A11: TABELA DE COMPOSIÇÕES UTILIZADAS
A12: Código | B12: Referência | C12: Tipo | D12: Tipo | E12: Descrição | F12: Unid. | G12: Multiplicador | H12: Preço Material | J12: Preço Execução (MAO + EQP + TRA + TER...) | L12: Preço Mão de obra | N12: Preço Equipamento | P12: Preço Transporte | R12: Preço Terceirizado | T12: Preço Comissionamento | V12: Preço Verba | X12: Outros preços | Z12: Preço | AB12: Ref. Tabela | AC12: Ref. Código | AD12: Justificativa | AE12: Grupo de Serviço | AF12: Serviço
H13: Unitário | I13: Total | J13: Unitário | K13: Total | L13: Unitário | M13: Total | N13: Unitário | O13: Total | P13: Unitário | Q13: Total | R13: Unitário | S13: Total | T13: Unitário | U13: Total | V13: Unitário | W13: Total | X13: Unitário | Y13: Total | Z13: Unitário | AA13: Total
A14: 93572 | B14: SINAPI | D14: Original | E14: ENCARREGADO GERAL DE OBRAS COM ENCARGOS COMPLEMENTARES | F14: mês | I14: =SUM(I15:I21) -> 0 | K14: =SUM(K15:K21) -> 6888.82 | M14: =SUM(M15:M21) -> 6193.33 | O14: =SUM(O15:O21) -> 0 | Q14: =SUM(Q15:Q21) -> 0 | S14: =SUM(S15:S21) -> 0 | U14: =SUM(U15:U21) -> 0 | W14: =SUM(W15:W21) -> 0 | Y14: =SUM(Y15:Y21) -> 695.49 | AA14: =SUM(AA15:AA21) -> 6888.82 | AF14: Livro SINAPI: Cálculos e Parâmetros | AG14: =A14&B14&C14 -> 93572SINAPI
A15: 43499 | B15: SINAPI | C15: INSUMO | D15: Original | E15: EPI - FAMILIA ENCARREGADO GERAL - MENSALISTA (ENCARGOS COMPLEMENTARES - COLETADO CAIXA) | F15: mês | G15: 1 | H15: =IF( C15="INSUMO", IFERROR( IF( INDEX( Insumos!C:C, MATCH( A15&B15, Insumos!I:I, 0) )="Material", INDEX( Insumos!F:F, MATCH( A15&B15, Insumos!I:I, 0) ), 0 ), "Não encontrado"), IFERROR( INDEX(I:I, MATCH( A15&B15,AG:AG, 0) ), "Não encontrado") ) -> 0 | I15: =H15*G15/1 -> 0 | J15: =T15 + N15 + L15 + X15 + R15 + P15 + V15 -> 221.72 | K15: =U15 + O15 + M15 + Y15 + S15 + Q15 + W15 -> 221.72 | L15: =IF( C15="INSUMO", IFERROR( IF( INDEX( Insumos!C:C, MATCH( A15&B15, Insumos!I:I, 0) )="Mao_obra", INDEX( Insumos!F:F, MATCH( A15&B15, Insumos!I:I, 0) ), 0 ), "Não encontrado"), IFERROR( INDEX(M:M, MATCH( A15&B15,AG:AG, 0) ), "Não encontrado") ) -> 0 | M15: =L15*G15/1 -> 0 | N15: =IF( C15="INSUMO", IFERROR( IF( INDEX( Insumos!C:C, MATCH( A15&B15, Insumos!I:I, 0) )="Equipamento", INDEX( Insumos!F:F, MATCH( A15&B15, Insumos!I:I, 0) ), 0 ), "Não encontrado"), IFERROR( INDEX(O:O, MATCH( A15&B15,AG:AG, 0) ), "Não encontrado") ) -> 0 | O15: =N15*G15/1 -> 0 | P15: =IF( C15="INSUMO", IFERROR( IF( INDEX( Insumos!C:C, MATCH( A15&B15, Insumos!I:I, 0) )="Transporte", INDEX( Insumos!F:F, MATCH( A15&B15, Insumos!I:I, 0) ), 0 ), "Não encontrado"), IFERROR( INDEX(Q:Q, MATCH( A15&B15,AG:AG, 0) ), "Não encontrado") ) -> 0 | Q15: =P15*G15/1 -> 0 | R15: =IF( C15="INSUMO", IFERROR( IF( INDEX( Insumos!C:C, MATCH( A15&B15, Insumos!I:I, 0) )="Terceirizados", INDEX( Insumos!F:F, MATCH( A15&B15, Insumos!I:I, 0) ), 0 ), "Não encontrado"), IFERROR( INDEX(S:S, MATCH( A15&B15,AG:AG, 0) ), "Não encontrado") ) -> 0 | S15: =R15*G15/1 -> 0 | T15: =IF( C15="INSUMO", IFERROR( IF( INDEX( Insumos!C:C, MATCH( A15&B15, Insumos!I:I, 0) )="Comissionamento", INDEX( Insumos!F:F, MATCH( A15&B15, Insumos!I:I, 0) ), 0 ), "Não encontrado"), IFERROR( INDEX(U:U, MATCH( A15&B15,AG:AG, 0) ), "Não encontrado") ) -> 0 | U15: =T15*G15/1 -> 0 | V15: =IF( C15="INSUMO", IFERROR( IF( INDEX( Insumos!C:C, MATCH( A15&B15, Insumos!I:I, 0) )="Verba", INDEX( Insumos!F:F, MATCH( A15&B15, Insumos!I:I, 0) ), 0 ), "Não encontrado"), IFERROR( INDEX(W:W, MATCH( A15&B15,AG:AG, 0) ), "Não encontrado") ) -> 0 | W15: =V15*G15/1 -> 0 | X15: =IF( C15="INSUMO", IFERROR( IF( INDEX( Insumos!C:C, MATCH( A15&B15, Insumos!I:I, 0) )="Outro", INDEX( Insumos!F:F, MATCH( A15&B15, Insumos!I:I, 0) ), 0 ), "Não encontrado"), IFERROR( INDEX(Y:Y, MATCH( A15&B15,AG:AG, 0) ), "Não encontrado") ) -> 221.72 | Y15: =X15*G15/1 -> 221.72 | Z15: =IF( C15="INSUMO", IFERROR( INDEX( Insumos!F:F, MATCH( A15&B15, Insumos!I:I, 0) ), "Não encontrado"), IFERROR( INDEX(AA:AA, MATCH( A15&B15,AG:AG, 0) ), "Não encontrado") ) -> 221.72 | AA15: =G15*Z15 -> 221.72
A16: 43475 | B16: SINAPI | C16: INSUMO | D16: Original | E16: FERRAMENTAS - FAMILIA ENCARREGADO GERAL - MENSALISTA (ENCARGOS COMPLEMENTARES - COLETADO CAIXA) | F16: mês | G16: 1 | H16: =IF( C16="INSUMO", IFERROR( IF( INDEX( Insumos!C:C, MATCH( A16&B16, Insumos!I:I, 0) )="Material", INDEX( Insumos!F:F, MATCH( A16&B16, Insumos!I:I, 0) ), 0 ), "Não encontrado"), IFERROR( INDEX(I:I, MATCH( A16&B16,AG:AG, 0) ), "Não encontrado") ) -> 0 | I16: =H16*G16/1 -> 0 | J16: =T16 + N16 + L16 + X16 + R16 + P16 + V16 -> 21.51 | K16: =U16 + O16 + M16 + Y16 + S16 + Q16 + W16 -> 21.51 | L16: =IF( C16="INSUMO", IFERROR( IF( INDEX( Insumos!C:C, MATCH( A16&B16, Insumos!I:I, 0) )="Mao_obra", INDEX( Insumos!F:F, MATCH( A16&B16, Insumos!I:I, 0) ), 0 ), "Não encontrado"), IFERROR( INDEX(M:M, MATCH( A16&B16,AG:AG, 0) ), "Não encontrado") ) -> 0 | M16: =L16*G16/1 -> 0 | N16: =IF( C16="INSUMO", IFERROR( IF( INDEX( Insumos!C:C, MATCH( A16&B16, Insumos!I:I, 0) )="Equipamento", INDEX( Insumos!F:F, MATCH( A16&B16, Insumos!I:I, 0) ), 0 ), "Não encontrado"), IFERROR( INDEX(O:O, MATCH( A16&B16,AG:AG, 0) ), "Não encontrado") ) -> 0 | O16: =N16*G16/1 -> 0 | P16: =IF( C16="INSUMO", IFERROR( IF( INDEX( Insumos!C:C, MATCH( A16&B16, Insumos!I:I, 0) )="Transporte", INDEX( Insumos!F:F, MATCH( A16&B16, Insumos!I:I, 0) ), 0 ), "Não encontrado"), IFERROR( INDEX(Q:Q, MATCH( A16&B16,AG:AG, 0) ), "Não encontrado") ) -> 0 | Q16: =P16*G16/1 -> 0 | R16: =IF( C16="INSUMO", IFERROR( IF( INDEX( Insumos!C:C, MATCH( A16&B16, Insumos!I:I, 0) )="Terceirizados", INDEX( Insumos!F:F, MATCH( A16&B16, Insumos!I:I, 0) ), 0 ), "Não encontrado"), IFERROR( INDEX(S:S, MATCH( A16&B16,AG:AG, 0) ), "Não encontrado") ) -> 0 | S16: =R16*G16/1 -> 0 | T16: =IF( C16="INSUMO", IFERROR( IF( INDEX( Insumos!C:C, MATCH( A16&B16, Insumos!I:I, 0) )="Comissionamento", INDEX( Insumos!F:F, MATCH( A16&B16, Insumos!I:I, 0) ), 0 ), "Não encontrado"), IFERROR( INDEX(U:U, MATCH( A16&B16,AG:AG, 0) ), "Não encontrado") ) -> 0 | U16: =T16*G16/1 -> 0 | V16: =IF( C16="INSUMO", IFERROR( IF( INDEX( Insumos!C:C, MATCH( A16&B16, Insumos!I:I, 0) )="Verba", INDEX( Insumos!F:F, MATCH( A16&B16, Insumos!I:I, 0) ), 0 ), "Não encontrado"), IFERROR( INDEX(W:W, MATCH( A16&B16,AG:AG, 0) ), "Não encontrado") ) -> 0 | W16: =V16*G16/1 -> 0 | X16: =IF( C16="INSUMO", IFERROR( IF( INDEX( Insumos!C:C, MATCH( A16&B16, Insumos!I:I, 0) )="Outro", INDEX( Insumos!F:F, MATCH( A16&B16, Insumos!I:I, 0) ), 0 ), "Não encontrado"), IFERROR( INDEX(Y:Y, MATCH( A16&B16,AG:AG, 0) ), "Não encontrado") ) -> 21.51 | Y16: =X16*G16/1 -> 21.51 | Z16: =IF( C16="INSUMO", IFERROR( INDEX( Insumos!F:F, MATCH( A16&B16, Insumos!I:I, 0) ), "Não encontrado"), IFERROR( INDEX(AA:AA, MATCH( A16&B16,AG:AG, 0) ), "Não encontrado") ) -> 21.51 | AA16: =G16*Z16 -> 21.51
A17: 40864 | B17: SINAPI | C17: INSUMO | D17: Original | E17: SEGURO - MENSALISTA (COLETADO CAIXA - ENCARGOS COMPLEMENTARES) | F17: mês | G17: 1 | H17: =IF( C17="INSUMO", IFERROR( IF( INDEX( Insumos!C:C, MATCH( A17&B17, Insumos!I:I, 0) )="Material", INDEX( Insumos!F:F, MATCH( A17&B17, Insumos!I:I, 0) ), 0 ), "Não encontrado"), IFERROR( INDEX(I:I, MATCH( A17&B17,AG:AG, 0) ), "Não encontrado") ) -> 0 | I17: =H17*G17/1 -> 0 | J17: =T17 + N17 + L17 + X17 + R17 + P17 + V17 -> 18.28 | K17: =U17 + O17 + M17 + Y17 + S17 + Q17 + W17 -> 18.28 | L17: =IF( C17="INSUMO", IFERROR( IF( INDEX( Insumos!C:C, MATCH( A17&B17, Insumos!I:I, 0) )="Mao_obra", INDEX( Insumos!F:F, MATCH( A17&B17, Insumos!I:I, 0) ), 0 ), "Não encontrado"), IFERROR( INDEX(M:M, MATCH( A17&B17,AG:AG, 0) ), "Não encontrado") ) -> 0 | M17: =L17*G17/1 -> 0 | N17: =IF( C17="INSUMO", IFERROR( IF( INDEX( Insumos!C:C, MATCH( A17&B17, Insumos!I:I, 0) )="Equipamento", INDEX( Insumos!F:F, MATCH( A17&B17, Insumos!I:I, 0) ), 0 ), "Não encontrado"), IFERROR( INDEX(O:O, MATCH( A17&B17,AG:AG, 0) ), "Não encontrado") ) -> 0 | O17: =N17*G17/1 -> 0 | P17: =IF( C17="INSUMO", IFERROR( IF( INDEX( Insumos!C:C, MATCH( A17&B17, Insumos!I:I, 0) )="Transporte", INDEX( Insumos!F:F, MATCH( A17&B17, Insumos!I:I, 0) ), 0 ), "Não encontrado"), IFERROR( INDEX(Q:Q, MATCH( A17&B17,AG:AG, 0) ), "Não encontrado") ) -> 0 | Q17: =P17*G17/1 -> 0 | R17: =IF( C17="INSUMO", IFERROR( IF( INDEX( Insumos!C:C, MATCH( A17&B17, Insumos!I:I, 0) )="Terceirizados", INDEX( Insumos!F:F, MATCH( A17&B17, Insumos!I:I, 0) ), 0 ), "Não encontrado"), IFERROR( INDEX(S:S, MATCH( A17&B17,AG:AG, 0) ), "Não encontrado") ) -> 0 | S17: =R17*G17/1 -> 0 | T17: =IF( C17="INSUMO", IFERROR( IF( INDEX( Insumos!C:C, MATCH( A17&B17, Insumos!I:I, 0) )="Comissionamento", INDEX( Insumos!F:F, MATCH( A17&B17, Insumos!I:I, 0) ), 0 ), "Não encontrado"), IFERROR( INDEX(U:U, MATCH( A17&B17,AG:AG, 0) ), "Não encontrado") ) -> 0 | U17: =T17*G17/1 -> 0 | V17: =IF( C17="INSUMO", IFERROR( IF( INDEX( Insumos!C:C, MATCH( A17&B17, Insumos!I:I, 0) )="Verba", INDEX( Insumos!F:F, MATCH( A17&B17, Insumos!I:I, 0) ), 0 ), "Não encontrado"), IFERROR( INDEX(W:W, MATCH( A17&B17,AG:AG, 0) ), "Não encontrado") ) -> 0 | W17: =V17*G17/1 -> 0 | X17: =IF( C17="INSUMO", IFERROR( IF( INDEX( Insumos!C:C, MATCH( A17&B17, Insumos!I:I, 0) )="Outro", INDEX( Insumos!F:F, MATCH( A17&B17, Insumos!I:I, 0) ), 0 ), "Não encontrado"), IFERROR( INDEX(Y:Y, MATCH( A17&B17,AG:AG, 0) ), "Não encontrado") ) -> 18.28 | Y17: =X17*G17/1 -> 18.28 | Z17: =IF( C17="INSUMO", IFERROR( INDEX( Insumos!F:F, MATCH( A17&B17, Insumos!I:I, 0) ), "Não encontrado"), IFERROR( INDEX(AA:AA, MATCH( A17&B17,AG:AG, 0) ), "Não encontrado") ) -> 18.28 | AA17: =G17*Z17 -> 18.28
A18: 40863 | B18: SINAPI | C18: INSUMO | D18: Original | E18: EXAMES - MENSALISTA (COLETADO CAIXA - ENCARGOS COMPLEMENTARES) | F18: mês | G18: 1 | H18: =IF( C18="INSUMO", IFERROR( IF( INDEX( Insumos!C:C, MATCH( A18&B18, Insumos!I:I, 0) )="Material", INDEX( Insumos!F:F, MATCH( A18&B18, Insumos!I:I, 0) ), 0 ), "Não encontrado"), IFERROR( INDEX(I:I, MATCH( A18&B18,AG:AG, 0) ), "Não encontrado") ) -> 0 | I18: =H18*G18/1 -> 0 | J18: =T18 + N18 + L18 + X18 + R18 + P18 + V18 -> 271.75 | K18: =U18 + O18 + M18 + Y18 + S18 + Q18 + W18 -> 271.75 | L18: =IF( C18="INSUMO", IFERROR( IF( INDEX( Insumos!C:C, MATCH( A18&B18, Insumos!I:I, 0) )="Mao_obra", INDEX( Insumos!F:F, MATCH( A18&B18, Insumos!I:I, 0) ), 0 ), "Não encontrado"), IFERROR( INDEX(M:M, MATCH( A18&B18,AG:AG, 0) ), "Não encontrado") ) -> 0 | M18: =L18*G18/1 -> 0 | N18: =IF( C18="INSUMO", IFERROR( IF( INDEX( Insumos!C:C, MATCH( A18&B18, Insumos!I:I, 0) )="Equipamento", INDEX( Insumos!F:F, MATCH( A18&B18, Insumos!I:I, 0) ), 0 ), "Não encontrado"), IFERROR( INDEX(O:O, MATCH( A18&B18,AG:AG, 0) ), "Não encontrado") ) -> 0 | O18: =N18*G18/1 -> 0 | P18: =IF( C18="INSUMO", IFERROR( IF( INDEX( Insumos!C:C, MATCH( A18&B18, Insumos!I:I, 0) )="Transporte", INDEX( Insumos!F:F, MATCH( A18&B18, Insumos!I:I, 0) ), 0 ), "Não encontrado"), IFERROR( INDEX(Q:Q, MATCH( A18&B18,AG:AG, 0) ), "Não encontrado") ) -> 0 | Q18: =P18*G18/1 -> 0 | R18: =IF( C18="INSUMO", IFERROR( IF( INDEX( Insumos!C:C, MATCH( A18&B18, Insumos!I:I, 0) )="Terceirizados", INDEX( Insumos!F:F, MATCH( A18&B18, Insumos!I:I, 0) ), 0 ), "Não encontrado"), IFERROR( INDEX(S:S, MATCH( A18&B18,AG:AG, 0) ), "Não encontrado") ) -> 0 | S18: =R18*G18/1 -> 0 | T18: =IF( C18="INSUMO", IFERROR( IF( INDEX( Insumos!C:C, MATCH( A18&B18, Insumos!I:I, 0) )="Comissionamento", INDEX( Insumos!F:F, MATCH( A18&B18, Insumos!I:I, 0) ), 0 ), "Não encontrado"), IFERROR( INDEX(U:U, MATCH( A18&B18,AG:AG, 0) ), "Não encontrado") ) -> 0 | U18: =T18*G18/1 -> 0 | V18: =IF( C18="INSUMO", IFERROR( IF( INDEX( Insumos!C:C, MATCH( A18&B18, Insumos!I:I, 0) )="Verba", INDEX( Insumos!F:F, MATCH( A18&B18, Insumos!I:I, 0) ), 0 ), "Não encontrado"), IFERROR( INDEX(W:W, MATCH( A18&B18,AG:AG, 0) ), "Não encontrado") ) -> 0 | W18: =V18*G18/1 -> 0 | X18: =IF( C18="INSUMO", IFERROR( IF( INDEX( Insumos!C:C, MATCH( A18&B18, Insumos!I:I, 0) )="Outro", INDEX( Insumos!F:F, MATCH( A18&B18, Insumos!I:I, 0) ), 0 ), "Não encontrado"), IFERROR( INDEX(Y:Y, MATCH( A18&B18,AG:AG, 0) ), "Não encontrado") ) -> 271.75 | Y18: =X18*G18/1 -> 271.75 | Z18: =IF( C18="INSUMO", IFERROR( INDEX( Insumos!F:F, MATCH( A18&B18, Insumos!I:I, 0) ), "Não encontrado"), IFERROR( INDEX(AA:AA, MATCH( A18&B18,AG:AG, 0) ), "Não encontrado") ) -> 271.75 | AA18: =G18*Z18 -> 271.75
A19: 40862 | B19: SINAPI | C19: INSUMO | D19: Original | E19: ALIMENTACAO - MENSALISTA (COLETADO CAIXA - ENCARGOS COMPLEMENTARES) | F19: mês | G19: 1 | H19: =IF( C19="INSUMO", IFERROR( IF( INDEX( Insumos!C:C, MATCH( A19&B19, Insumos!I:I, 0) )="Material", INDEX( Insumos!F:F, MATCH( A19&B19, Insumos!I:I, 0) ), 0 ), "Não encontrado"), IFERROR( INDEX(I:I, MATCH( A19&B19,AG:AG, 0) ), "Não encontrado") ) -> 0 | I19: =H19*G19/1 -> 0 | J19: =T19 + N19 + L19 + X19 + R19 + P19 + V19 -> 0.01 | K19: =U19 + O19 + M19 + Y19 + S19 + Q19 + W19 -> 0.01 | L19: =IF( C19="INSUMO", IFERROR( IF( INDEX( Insumos!C:C, MATCH( A19&B19, Insumos!I:I, 0) )="Mao_obra", INDEX( Insumos!F:F, MATCH( A19&B19, Insumos!I:I, 0) ), 0 ), "Não encontrado"), IFERROR( INDEX(M:M, MATCH( A19&B19,AG:AG, 0) ), "Não encontrado") ) -> 0 | M19: =L19*G19/1 -> 0 | N19: =IF( C19="INSUMO", IFERROR( IF( INDEX( Insumos!C:C, MATCH( A19&B19, Insumos!I:I, 0) )="Equipamento", INDEX( Insumos!F:F, MATCH( A19&B19, Insumos!I:I, 0) ), 0 ), "Não encontrado"), IFERROR( INDEX(O:O, MATCH( A19&B19,AG:AG, 0) ), "Não encontrado") ) -> 0 | O19: =N19*G19/1 -> 0 | P19: =IF( C19="INSUMO", IFERROR( IF( INDEX( Insumos!C:C, MATCH( A19&B19, Insumos!I:I, 0) )="Transporte", INDEX( Insumos!F:F, MATCH( A19&B19, Insumos!I:I, 0) ), 0 ), "Não encontrado"), IFERROR( INDEX(Q:Q, MATCH( A19&B19,AG:AG, 0) ), "Não encontrado") ) -> 0 | Q19: =P19*G19/1 -> 0 | R19: =IF( C19="INSUMO", IFERROR( IF( INDEX( Insumos!C:C, MATCH( A19&B19, Insumos!I:I, 0) )="Terceirizados", INDEX( Insumos!F:F, MATCH( A19&B19, Insumos!I:I, 0) ), 0 ), "Não encontrado"), IFERROR( INDEX(S:S, MATCH( A19&B19,AG:AG, 0) ), "Não encontrado") ) -> 0 | S19: =R19*G19/1 -> 0 | T19: =IF( C19="INSUMO", IFERROR( IF( INDEX( Insumos!C:C, MATCH( A19&B19, Insumos!I:I, 0) )="Comissionamento", INDEX( Insumos!F:F, MATCH( A19&B19, Insumos!I:I, 0) ), 0 ), "Não encontrado"), IFERROR( INDEX(U:U, MATCH( A19&B19,AG:AG, 0) ), "Não encontrado") ) -> 0 | U19: =T19*G19/1 -> 0 | V19: =IF( C19="INSUMO", IFERROR( IF( INDEX( Insumos!C:C, MATCH( A19&B19, Insumos!I:I, 0) )="Verba", INDEX( Insumos!F:F, MATCH( A19&B19, Insumos!I:I, 0) ), 0 ), "Não encontrado"), IFERROR( INDEX(W:W, MATCH( A19&B19,AG:AG, 0) ), "Não encontrado") ) -> 0 | W19: =V19*G19/1 -> 0 | X19: =IF( C19="INSUMO", IFERROR( IF( INDEX( Insumos!C:C, MATCH( A19&B19, Insumos!I:I, 0) )="Outro", INDEX( Insumos!F:F, MATCH( A19&B19, Insumos!I:I, 0) ), 0 ), "Não encontrado"), IFERROR( INDEX(Y:Y, MATCH( A19&B19,AG:AG, 0) ), "Não encontrado") ) -> 0.01 | Y19: =X19*G19/1 -> 0.01 | Z19: =IF( C19="INSUMO", IFERROR( INDEX( Insumos!F:F, MATCH( A19&B19, Insumos!I:I, 0) ), "Não encontrado"), IFERROR( INDEX(AA:AA, MATCH( A19&B19,AG:AG, 0) ), "Não encontrado") ) -> 0.01 | AA19: =G19*Z19 -> 0.01
A20: 40861 | B20: SINAPI | C20: INSUMO | D20: Original | E20: TRANSPORTE - MENSALISTA (COLETADO CAIXA - ENCARGOS COMPLEMENTARES) | F20: mês | G20: 1 | H20: =IF( C20="INSUMO", IFERROR( IF( INDEX( Insumos!C:C, MATCH( A20&B20, Insumos!I:I, 0) )="Material", INDEX( Insumos!F:F, MATCH( A20&B20, Insumos!I:I, 0) ), 0 ), "Não encontrado"), IFERROR( INDEX(I:I, MATCH( A20&B20,AG:AG, 0) ), "Não encontrado") ) -> 0 | I20: =H20*G20/1 -> 0 | J20: =T20 + N20 + L20 + X20 + R20 + P20 + V20 -> 162.22 | K20: =U20 + O20 + M20 + Y20 + S20 + Q20 + W20 -> 162.22 | L20: =IF( C20="INSUMO", IFERROR( IF( INDEX( Insumos!C:C, MATCH( A20&B20, Insumos!I:I, 0) )="Mao_obra", INDEX( Insumos!F:F, MATCH( A20&B20, Insumos!I:I, 0) ), 0 ), "Não encontrado"), IFERROR( INDEX(M:M, MATCH( A20&B20,AG:AG, 0) ), "Não encontrado") ) -> 0 | M20: =L20*G20/1 -> 0 | N20: =IF( C20="INSUMO", IFERROR( IF( INDEX( Insumos!C:C, MATCH( A20&B20, Insumos!I:I, 0) )="Equipamento", INDEX( Insumos!F:F, MATCH( A20&B20, Insumos!I:I, 0) ), 0 ), "Não encontrado"), IFERROR( INDEX(O:O, MATCH( A20&B20,AG:AG, 0) ), "Não encontrado") ) -> 0 | O20: =N20*G20/1 -> 0 | P20: =IF( C20="INSUMO", IFERROR( IF( INDEX( Insumos!C:C, MATCH( A20&B20, Insumos!I:I, 0) )="Transporte", INDEX( Insumos!F:F, MATCH( A20&B20, Insumos!I:I, 0) ), 0 ), "Não encontrado"), IFERROR( INDEX(Q:Q, MATCH( A20&B20,AG:AG, 0) ), "Não encontrado") ) -> 0 | Q20: =P20*G20/1 -> 0 | R20: =IF( C20="INSUMO", IFERROR( IF( INDEX( Insumos!C:C, MATCH( A20&B20, Insumos!I:I, 0) )="Terceirizados", INDEX( Insumos!F:F, MATCH( A20&B20, Insumos!I:I, 0) ), 0 ), "Não encontrado"), IFERROR( INDEX(S:S, MATCH( A20&B20,AG:AG, 0) ), "Não encontrado") ) -> 0 | S20: =R20*G20/1 -> 0 | T20: =IF( C20="INSUMO", IFERROR( IF( INDEX( Insumos!C:C, MATCH( A20&B20, Insumos!I:I, 0) )="Comissionamento", INDEX( Insumos!F:F, MATCH( A20&B20, Insumos!I:I, 0) ), 0 ), "Não encontrado"), IFERROR( INDEX(U:U, MATCH( A20&B20,AG:AG, 0) ), "Não encontrado") ) -> 0 | U20: =T20*G20/1 -> 0 | V20: =IF( C20="INSUMO", IFERROR( IF( INDEX( Insumos!C:C, MATCH( A20&B20, Insumos!I:I, 0) )="Verba", INDEX( Insumos!F:F, MATCH( A20&B20, Insumos!I:I, 0) ), 0 ), "Não encontrado"), IFERROR( INDEX(W:W, MATCH( A20&B20,AG:AG, 0) ), "Não encontrado") ) -> 0 | W20: =V20*G20/1 -> 0 | X20: =IF( C20="INSUMO", IFERROR( IF( INDEX( Insumos!C:C, MATCH( A20&B20, Insumos!I:I, 0) )="Outro", INDEX( Insumos!F:F, MATCH( A20&B20, Insumos!I:I, 0) ), 0 ), "Não encontrado"), IFERROR( INDEX(Y:Y, MATCH( A20&B20,AG:AG, 0) ), "Não encontrado") ) -> 162.22 | Y20: =X20*G20/1 -> 162.22 | Z20: =IF( C20="INSUMO", IFERROR( INDEX( Insumos!F:F, MATCH( A20&B20, Insumos!I:I, 0) ), "Não encontrado"), IFERROR( INDEX(AA:AA, MATCH( A20&B20,AG:AG, 0) ), "Não encontrado") ) -> 162.22 | AA20: =G20*Z20 -> 162.22
A21: 40818 | B21: SINAPI | C21: INSUMO | D21: Original | E21: ENCARREGADO GERAL DE OBRAS (MENSALISTA) | F21: mês | G21: 1 | H21: =IF( C21="INSUMO", IFERROR( IF( INDEX( Insumos!C:C, MATCH( A21&B21, Insumos!I:I, 0) )="Material", INDEX( Insumos!F:F, MATCH( A21&B21, Insumos!I:I, 0) ), 0 ), "Não encontrado"), IFERROR( INDEX(I:I, MATCH( A21&B21,AG:AG, 0) ), "Não encontrado") ) -> 0 | I21: =H21*G21/1 -> 0 | J21: =T21 + N21 + L21 + X21 + R21 + P21 + V21 -> 6193.33 | K21: =U21 + O21 + M21 + Y21 + S21 + Q21 + W21 -> 6193.33 | L21: =IF( C21="INSUMO", IFERROR( IF( INDEX( Insumos!C:C, MATCH( A21&B21, Insumos!I:I, 0) )="Mao_obra", INDEX( Insumos!F:F, MATCH( A21&B21, Insumos!I:I, 0) ), 0 ), "Não encontrado"), IFERROR( INDEX(M:M, MATCH( A21&B21,AG:AG, 0) ), "Não encontrado") ) -> 6193.33 | M21: =L21*G21/1 -> 6193.33 | N21: =IF( C21="INSUMO", IFERROR( IF( INDEX( Insumos!C:C, MATCH( A21&B21, Insumos!I:I, 0) )="Equipamento", INDEX( Insumos!F:F, MATCH( A21&B21, Insumos!I:I, 0) ), 0 ), "Não encontrado"), IFERROR( INDEX(O:O, MATCH( A21&B21,AG:AG, 0) ), "Não encontrado") ) -> 0 | O21: =N21*G21/1 -> 0 | P21: =IF( C21="INSUMO", IFERROR( IF( INDEX( Insumos!C:C, MATCH( A21&B21, Insumos!I:I, 0) )="Transporte", INDEX( Insumos!F:F, MATCH( A21&B21, Insumos!I:I, 0) ), 0 ), "Não encontrado"), IFERROR( INDEX(Q:Q, MATCH( A21&B21,AG:AG, 0) ), "Não encontrado") ) -> 0 | Q21: =P21*G21/1 -> 0 | R21: =IF( C21="INSUMO", IFERROR( IF( INDEX( Insumos!C:C, MATCH( A21&B21, Insumos!I:I, 0) )="Terceirizados", INDEX( Insumos!F:F, MATCH( A21&B21, Insumos!I:I, 0) ), 0 ), "Não encontrado"), IFERROR( INDEX(S:S, MATCH( A21&B21,AG:AG, 0) ), "Não encontrado") ) -> 0 | S21: =R21*G21/1 -> 0 | T21: =IF( C21="INSUMO", IFERROR( IF( INDEX( Insumos!C:C, MATCH( A21&B21, Insumos!I:I, 0) )="Comissionamento", INDEX( Insumos!F:F, MATCH( A21&B21, Insumos!I:I, 0) ), 0 ), "Não encontrado"), IFERROR( INDEX(U:U, MATCH( A21&B21,AG:AG, 0) ), "Não encontrado") ) -> 0 | U21: =T21*G21/1 -> 0 | V21: =IF( C21="INSUMO", IFERROR( IF( INDEX( Insumos!C:C, MATCH( A21&B21, Insumos!I:I, 0) )="Verba", INDEX( Insumos!F:F, MATCH( A21&B21, Insumos!I:I, 0) ), 0 ), "Não encontrado"), IFERROR( INDEX(W:W, MATCH( A21&B21,AG:AG, 0) ), "Não encontrado") ) -> 0 | W21: =V21*G21/1 -> 0 | X21: =IF( C21="INSUMO", IFERROR( IF( INDEX( Insumos!C:C, MATCH( A21&B21, Insumos!I:I, 0) )="Outro", INDEX( Insumos!F:F, MATCH( A21&B21, Insumos!I:I, 0) ), 0 ), "Não encontrado"), IFERROR( INDEX(Y:Y, MATCH( A21&B21,AG:AG, 0) ), "Não encontrado") ) -> 0 | Y21: =X21*G21/1 -> 0 | Z21: =IF( C21="INSUMO", IFERROR( INDEX( Insumos!F:F, MATCH( A21&B21, Insumos!I:I, 0) ), "Não encontrado"), IFERROR( INDEX(AA:AA, MATCH( A21&B21,AG:AG, 0) ), "Não encontrado") ) -> 6193.33 | AA21: =G21*Z21 -> 6193.33
A22: 101401 | B22: SINAPI | D22: Original | E22: ELETROTÉCNICO COM ENCARGOS COMPLEMENTARES | F22: mês | H22: 0 | I22: =SUM(I23:I29) -> 0 | K22: =SUM(K23:K29) -> 8731.37 | M22: =SUM(M23:M29) -> 7890.67 | O22: =SUM(O23:O29) -> 0 | Q22: =SUM(Q23:Q29) -> 0 | S22: =SUM(S23:S29) -> 0 | U22: =SUM(U23:U29) -> 0 | W22: =SUM(W23:W29) -> 0 | Y22: =SUM(Y23:Y29) -> 840.7 | AA22: =SUM(AA23:AA29) -> 8731.37 | AF22: Livro SINAPI: Cálculos e Parâmetros | AG22: =A22&B22&C22 -> 101401SINAPI
A23: 43496 | B23: SINAPI | C23: INSUMO | D23: Original | E23: EPI - FAMILIA ELETRICISTA - MENSALISTA (ENCARGOS COMPLEMENTARES - COLETADO CAIXA) | F23: mês | G23: 1 | H23: =IF( C23="INSUMO", IFERROR( IF( INDEX( Insumos!C:C, MATCH( A23&B23, Insumos!I:I, 0) )="Material", INDEX( Insumos!F:F, MATCH( A23&B23, Insumos!I:I, 0) ), 0 ), "Não encontrado"), IFERROR( INDEX(I:I, MATCH( A23&B23,AG:AG, 0) ), "Não encontrado") ) -> 0 | I23: =H23*G23/1 -> 0 | J23: =T23 + N23 + L23 + X23 + R23 + P23 + V23 -> 239.85 | K23: =U23 + O23 + M23 + Y23 + S23 + Q23 + W23 -> 239.85 | L23: =IF( C23="INSUMO", IFERROR( IF( INDEX( Insumos!C:C, MATCH( A23&B23, Insumos!I:I, 0) )="Mao_obra", INDEX( Insumos!F:F, MATCH( A23&B23, Insumos!I:I, 0) ), 0 ), "Não encontrado"), IFERROR( INDEX(M:M, MATCH( A23&B23,AG:AG, 0) ), "Não encontrado") ) -> 0 | M23: =L23*G23/1 -> 0 | N23: =IF( C23="INSUMO", IFERROR( IF( INDEX( Insumos!C:C, MATCH( A23&B23, Insumos!I:I, 0) )="Equipamento", INDEX( Insumos!F:F, MATCH( A23&B23, Insumos!I:I, 0) ), 0 ), "Não encontrado"), IFERROR( INDEX(O:O, MATCH( A23&B23,AG:AG, 0) ), "Não encontrado") ) -> 0 | O23: =N23*G23/1 -> 0 | P23: =IF( C23="INSUMO", IFERROR( IF( INDEX( Insumos!C:C, MATCH( A23&B23, Insumos!I:I, 0) )="Transporte", INDEX( Insumos!F:F, MATCH( A23&B23, Insumos!I:I, 0) ), 0 ), "Não encontrado"), IFERROR( INDEX(Q:Q, MATCH( A23&B23,AG:AG, 0) ), "Não encontrado") ) -> 0 | Q23: =P23*G23/1 -> 0 | R23: =IF( C23="INSUMO", IFERROR( IF( INDEX( Insumos!C:C, MATCH( A23&B23, Insumos!I:I, 0) )="Terceirizados", INDEX( Insumos!F:F, MATCH( A23&B23, Insumos!I:I, 0) ), 0 ), "Não encontrado"), IFERROR( INDEX(S:S, MATCH( A23&B23,AG:AG, 0) ), "Não encontrado") ) -> 0 | S23: =R23*G23/1 -> 0 | T23: =IF( C23="INSUMO", IFERROR( IF( INDEX( Insumos!C:C, MATCH( A23&B23, Insumos!I:I, 0) )="Comissionamento", INDEX( Insumos!F:F, MATCH( A23&B23, Insumos!I:I, 0) ), 0 ), "Não encontrado"), IFERROR( INDEX(U:U, MATCH( A23&B23,AG:AG, 0) ), "Não encontrado") ) -> 0 | U23: =T23*G23/1 -> 0 | V23: =IF( C23="INSUMO", IFERROR( IF( INDEX( Insumos!C:C, MATCH( A23&B23, Insumos!I:I, 0) )="Verba", INDEX( Insumos!F:F, MATCH( A23&B23, Insumos!I:I, 0) ), 0 ), "Não encontrado"), IFERROR( INDEX(W:W, MATCH( A23&B23,AG:AG, 0) ), "Não encontrado") ) -> 0 | W23: =V23*G23/1 -> 0 | X23: =IF( C23="INSUMO", IFERROR( IF( INDEX( Insumos!C:C, MATCH( A23&B23, Insumos!I:I, 0) )="Outro", INDEX( Insumos!F:F, MATCH( A23&B23, Insumos!I:I, 0) ), 0 ), "Não encontrado"), IFERROR( INDEX(Y:Y, MATCH( A23&B23,AG:AG, 0) ), "Não encontrado") ) -> 239.85 | Y23: =X23*G23/1 -> 239.85 | Z23: =IF( C23="INSUMO", IFERROR( INDEX( Insumos!F:F, MATCH( A23&B23, Insumos!I:I, 0) ), "Não encontrado"), IFERROR( INDEX(AA:AA, MATCH( A23&B23,AG:AG, 0) ), "Não encontrado") ) -> 239.85 | AA23: =G23*Z23 -> 239.85
A24: 43472 | B24: SINAPI | C24: INSUMO | D24: Original | E24: FERRAMENTAS - FAMILIA ELETRICISTA - MENSALISTA (ENCARGOS COMPLEMENTARES - COLETADO CAIXA) | F24: mês | G24: 1 | H24: =IF( C24="INSUMO", IFERROR( IF( INDEX( Insumos!C:C, MATCH( A24&B24, Insumos!I:I, 0) )="Material", INDEX( Insumos!F:F, MATCH( A24&B24, Insumos!I:I, 0) ), 0 ), "Não encontrado"), IFERROR( INDEX(I:I, MATCH( A24&B24,AG:AG, 0) ), "Não encontrado") ) -> 0 | I24: =H24*G24/1 -> 0 | J24: =T24 + N24 + L24 + X24 + R24 + P24 + V24 -> 148.59 | K24: =U24 + O24 + M24 + Y24 + S24 + Q24 + W24 -> 148.59 | L24: =IF( C24="INSUMO", IFERROR( IF( INDEX( Insumos!C:C, MATCH( A24&B24, Insumos!I:I, 0) )="Mao_obra", INDEX( Insumos!F:F, MATCH( A24&B24, Insumos!I:I, 0) ), 0 ), "Não encontrado"), IFERROR( INDEX(M:M, MATCH( A24&B24,AG:AG, 0) ), "Não encontrado") ) -> 0 | M24: =L24*G24/1 -> 0 | N24: =IF( C24="INSUMO", IFERROR( IF( INDEX( Insumos!C:C, MATCH( A24&B24, Insumos!I:I, 0) )="Equipamento", INDEX( Insumos!F:F, MATCH( A24&B24, Insumos!I:I, 0) ), 0 ), "Não encontrado"), IFERROR( INDEX(O:O, MATCH( A24&B24,AG:AG, 0) ), "Não encontrado") ) -> 0 | O24: =N24*G24/1 -> 0 | P24: =IF( C24="INSUMO", IFERROR( IF( INDEX( Insumos!C:C, MATCH( A24&B24, Insumos!I:I, 0) )="Transporte", INDEX( Insumos!F:F, MATCH( A24&B24, Insumos!I:I, 0) ), 0 ), "Não encontrado"), IFERROR( INDEX(Q:Q, MATCH( A24&B24,AG:AG, 0) ), "Não encontrado") ) -> 0 | Q24: =P24*G24/1 -> 0 | R24: =IF( C24="INSUMO", IFERROR( IF( INDEX( Insumos!C:C, MATCH( A24&B24, Insumos!I:I, 0) )="Terceirizados", INDEX( Insumos!F:F, MATCH( A24&B24, Insumos!I:I, 0) ), 0 ), "Não encontrado"), IFERROR( INDEX(S:S, MATCH( A24&B24,AG:AG, 0) ), "Não encontrado") ) -> 0 | S24: =R24*G24/1 -> 0 | T24: =IF( C24="INSUMO", IFERROR( IF( INDEX( Insumos!C:C, MATCH( A24&B24, Insumos!I:I, 0) )="Comissionamento", INDEX( Insumos!F:F, MATCH( A24&B24, Insumos!I:I, 0) ), 0 ), "Não encontrado"), IFERROR( INDEX(U:U, MATCH( A24&B24,AG:AG, 0) ), "Não encontrado") ) -> 0 | U24: =T24*G24/1 -> 0 | V24: =IF( C24="INSUMO", IFERROR( IF( INDEX( Insumos!C:C, MATCH( A24&B24, Insumos!I:I, 0) )="Verba", INDEX( Insumos!F:F, MATCH( A24&B24, Insumos!I:I, 0) ), 0 ), "Não encontrado"), IFERROR( INDEX(W:W, MATCH( A24&B24,AG:AG, 0) ), "Não encontrado") ) -> 0 | W24: =V24*G24/1 -> 0 | X24: =IF( C24="INSUMO", IFERROR( IF( INDEX( Insumos!C:C, MATCH( A24&B24, Insumos!I:I, 0) )="Outro", INDEX( Insumos!F:F, MATCH( A24&B24, Insumos!I:I, 0) ), 0 ), "Não encontrado"), IFERROR( INDEX(Y:Y, MATCH( A24&B24,AG:AG, 0) ), "Não encontrado") ) -> 148.59 | Y24: =X24*G24/1 -> 148.59 | Z24: =IF( C24="INSUMO", IFERROR( INDEX( Insumos!F:F, MATCH( A24&B24, Insumos!I:I, 0) ), "Não encontrado"), IFERROR( INDEX(AA:AA, MATCH( A24&B24,AG:AG, 0) ), "Não encontrado") ) -> 148.59 | AA24: =G24*Z24 -> 148.59
A25: 40922 | B25: SINAPI | C25: INSUMO | D25: Original | E25: ELETROTECNICO (MENSALISTA) | F25: mês | G25: 1 | H25: =IF( C25="INSUMO", IFERROR( IF( INDEX( Insumos!C:C, MATCH( A25&B25, Insumos!I:I, 0) )="Material", INDEX( Insumos!F:F, MATCH( A25&B25, Insumos!I:I, 0) ), 0 ), "Não encontrado"), IFERROR( INDEX(I:I, MATCH( A25&B25,AG:AG, 0) ), "Não encontrado") ) -> 0 | I25: =H25*G25/1 -> 0 | J25: =T25 + N25 + L25 + X25 + R25 + P25 + V25 -> 7890.67 | K25: =U25 + O25 + M25 + Y25 + S25 + Q25 + W25 -> 7890.67 | L25: =IF( C25="INSUMO", IFERROR( IF( INDEX( Insumos!C:C, MATCH( A25&B25, Insumos!I:I, 0) )="Mao_obra", INDEX( Insumos!F:F, MATCH( A25&B25, Insumos!I:I, 0) ), 0 ), "Não encontrado"), IFERROR( INDEX(M:M, MATCH( A25&B25,AG:AG, 0) ), "Não encontrado") ) -> 7890.67 | M25: =L25*G25/1 -> 7890.67 | N25: =IF( C25="INSUMO", IFERROR( IF( INDEX( Insumos!C:C, MATCH( A25&B25, Insumos!I:I, 0) )="Equipamento", INDEX( Insumos!F:F, MATCH( A25&B25, Insumos!I:I, 0) ), 0 ), "Não encontrado"), IFERROR( INDEX(O:O, MATCH( A25&B25,AG:AG, 0) ), "Não encontrado") ) -> 0 | O25: =N25*G25/1 -> 0 | P25: =IF( C25="INSUMO", IFERROR( IF( INDEX( Insumos!C:C, MATCH( A25&B25, Insumos!I:I, 0) )="Transporte", INDEX( Insumos!F:F, MATCH( A25&B25, Insumos!I:I, 0) ), 0 ), "Não encontrado"), IFERROR( INDEX(Q:Q, MATCH( A25&B25,AG:AG, 0) ), "Não encontrado") ) -> 0 | Q25: =P25*G25/1 -> 0 | R25: =IF( C25="INSUMO", IFERROR( IF( INDEX( Insumos!C:C, MATCH( A25&B25, Insumos!I:I, 0) )="Terceirizados", INDEX( Insumos!F:F, MATCH( A25&B25, Insumos!I:I, 0) ), 0 ), "Não encontrado"), IFERROR( INDEX(S:S, MATCH( A25&B25,AG:AG, 0) ), "Não encontrado") ) -> 0 | S25: =R25*G25/1 -> 0 | T25: =IF( C25="INSUMO", IFERROR( IF( INDEX( Insumos!C:C, MATCH( A25&B25, Insumos!I:I, 0) )="Comissionamento", INDEX( Insumos!F:F, MATCH( A25&B25, Insumos!I:I, 0) ), 0 ), "Não encontrado"), IFERROR( INDEX(U:U, MATCH( A25&B25,AG:AG, 0) ), "Não encontrado") ) -> 0 | U25: =T25*G25/1 -> 0 | V25: =IF( C25="INSUMO", IFERROR( IF( INDEX( Insumos!C:C, MATCH( A25&B25, Insumos!I:I, 0) )="Verba", INDEX( Insumos!F:F, MATCH( A25&B25, Insumos!I:I, 0) ), 0 ), "Não encontrado"), IFERROR( INDEX(W:W, MATCH( A25&B25,AG:AG, 0) ), "Não encontrado") ) -> 0 | W25: =V25*G25/1 -> 0 | X25: =IF( C25="INSUMO", IFERROR( IF( INDEX( Insumos!C:C, MATCH( A25&B25, Insumos!I:I, 0) )="Outro", INDEX( Insumos!F:F, MATCH( A25&B25, Insumos!I:I, 0) ), 0 ), "Não encontrado"), IFERROR( INDEX(Y:Y, MATCH( A25&B25,AG:AG, 0) ), "Não encontrado") ) -> 0 | Y25: =X25*G25/1 -> 0 | Z25: =IF( C25="INSUMO", IFERROR( INDEX( Insumos!F:F, MATCH( A25&B25, Insumos!I:I, 0) ), "Não encontrado"), IFERROR( INDEX(AA:AA, MATCH( A25&B25,AG:AG, 0) ), "Não encontrado") ) -> 7890.67 | AA25: =G25*Z25 -> 7890.67
A26: 40864 | B26: SINAPI | C26: INSUMO | D26: Original | E26: SEGURO - MENSALISTA (COLETADO CAIXA - ENCARGOS COMPLEMENTARES) | F26: mês | G26: 1 | H26: =IF( C26="INSUMO", IFERROR( IF( INDEX( Insumos!C:C, MATCH( A26&B26, Insumos!I:I, 0) )="Material", INDEX( Insumos!F:F, MATCH( A26&B26, Insumos!I:I, 0) ), 0 ), "Não encontrado"), IFERROR( INDEX(I:I, MATCH( A26&B26,AG:AG, 0) ), "Não encontrado") ) -> 0 | I26: =H26*G26/1 -> 0 | J26: =T26 + N26 + L26 + X26 + R26 + P26 + V26 -> 18.28 | K26: =U26 + O26 + M26 + Y26 + S26 + Q26 + W26 -> 18.28 | L26: =IF( C26="INSUMO", IFERROR( IF( INDEX( Insumos!C:C, MATCH( A26&B26, Insumos!I:I, 0) )="Mao_obra", INDEX( Insumos!F:F, MATCH( A26&B26, Insumos!I:I, 0) ), 0 ), "Não encontrado"), IFERROR( INDEX(M:M, MATCH( A26&B26,AG:AG, 0) ), "Não encontrado") ) -> 0 | M26: =L26*G26/1 -> 0 | N26: =IF( C26="INSUMO", IFERROR( IF( INDEX( Insumos!C:C, MATCH( A26&B26, Insumos!I:I, 0) )="Equipamento", INDEX( Insumos!F:F, MATCH( A26&B26, Insumos!I:I, 0) ), 0 ), "Não encontrado"), IFERROR( INDEX(O:O, MATCH( A26&B26,AG:AG, 0) ), "Não encontrado") ) -> 0 | O26: =N26*G26/1 -> 0 | P26: =IF( C26="INSUMO", IFERROR( IF( INDEX( Insumos!C:C, MATCH( A26&B26, Insumos!I:I, 0) )="Transporte", INDEX( Insumos!F:F, MATCH( A26&B26, Insumos!I:I, 0) ), 0 ), "Não encontrado"), IFERROR( INDEX(Q:Q, MATCH( A26&B26,AG:AG, 0) ), "Não encontrado") ) -> 0 | Q26: =P26*G26/1 -> 0 | R26: =IF( C26="INSUMO", IFERROR( IF( INDEX( Insumos!C:C, MATCH( A26&B26, Insumos!I:I, 0) )="Terceirizados", INDEX( Insumos!F:F, MATCH( A26&B26, Insumos!I:I, 0) ), 0 ), "Não encontrado"), IFERROR( INDEX(S:S, MATCH( A26&B26,AG:AG, 0) ), "Não encontrado") ) -> 0 | S26: =R26*G26/1 -> 0 | T26: =IF( C26="INSUMO", IFERROR( IF( INDEX( Insumos!C:C, MATCH( A26&B26, Insumos!I:I, 0) )="Comissionamento", INDEX( Insumos!F:F, MATCH( A26&B26, Insumos!I:I, 0) ), 0 ), "Não encontrado"), IFERROR( INDEX(U:U, MATCH( A26&B26,AG:AG, 0) ), "Não encontrado") ) -> 0 | U26: =T26*G26/1 -> 0 | V26: =IF( C26="INSUMO", IFERROR( IF( INDEX( Insumos!C:C, MATCH( A26&B26, Insumos!I:I, 0) )="Verba", INDEX( Insumos!F:F, MATCH( A26&B26, Insumos!I:I, 0) ), 0 ), "Não encontrado"), IFERROR( INDEX(W:W, MATCH( A26&B26,AG:AG, 0) ), "Não encontrado") ) -> 0 | W26: =V26*G26/1 -> 0 | X26: =IF( C26="INSUMO", IFERROR( IF( INDEX( Insumos!C:C, MATCH( A26&B26, Insumos!I:I, 0) )="Outro", INDEX( Insumos!F:F, MATCH( A26&B26, Insumos!I:I, 0) ), 0 ), "Não encontrado"), IFERROR( INDEX(Y:Y, MATCH( A26&B26,AG:AG, 0) ), "Não encontrado") ) -> 18.28 | Y26: =X26*G26/1 -> 18.28 | Z26: =IF( C26="INSUMO", IFERROR( INDEX( Insumos!F:F, MATCH( A26&B26, Insumos!I:I, 0) ), "Não encontrado"), IFERROR( INDEX(AA:AA, MATCH( A26&B26,AG:AG, 0) ), "Não encontrado") ) -> 18.28 | AA26: =G26*Z26 -> 18.28
A27: 40863 | B27: SINAPI | C27: INSUMO | D27: Original | E27: EXAMES - MENSALISTA (COLETADO CAIXA - ENCARGOS COMPLEMENTARES) | F27: mês | G27: 1 | H27: =IF( C27="INSUMO", IFERROR( IF( INDEX( Insumos!C:C, MATCH( A27&B27, Insumos!I:I, 0) )="Material", INDEX( Insumos!F:F, MATCH( A27&B27, Insumos!I:I, 0) ), 0 ), "Não encontrado"), IFERROR( INDEX(I:I, MATCH( A27&B27,AG:AG, 0) ), "Não encontrado") ) -> 0 | I27: =H27*G27/1 -> 0 | J27: =T27 + N27 + L27 + X27 + R27 + P27 + V27 -> 271.75 | K27: =U27 + O27 + M27 + Y27 + S27 + Q27 + W27 -> 271.75 | L27: =IF( C27="INSUMO", IFERROR( IF( INDEX( Insumos!C:C, MATCH( A27&B27, Insumos!I:I, 0) )="Mao_obra", INDEX( Insumos!F:F, MATCH( A27&B27, Insumos!I:I, 0) ), 0 ), "Não encontrado"), IFERROR( INDEX(M:M, MATCH( A27&B27,AG:AG, 0) ), "Não encontrado") ) -> 0 | M27: =L27*G27/1 -> 0 | N27: =IF( C27="INSUMO", IFERROR( IF( INDEX( Insumos!C:C, MATCH( A27&B27, Insumos!I:I, 0) )="Equipamento", INDEX( Insumos!F:F, MATCH( A27&B27, Insumos!I:I, 0) ), 0 ), "Não encontrado"), IFERROR( INDEX(O:O, MATCH( A27&B27,AG:AG, 0) ), "Não encontrado") ) -> 0 | O27: =N27*G27/1 -> 0 | P27: =IF( C27="INSUMO", IFERROR( IF( INDEX( Insumos!C:C, MATCH( A27&B27, Insumos!I:I, 0) )="Transporte", INDEX( Insumos!F:F, MATCH( A27&B27, Insumos!I:I, 0) ), 0 ), "Não encontrado"), IFERROR( INDEX(Q:Q, MATCH( A27&B27,AG:AG, 0) ), "Não encontrado") ) -> 0 | Q27: =P27*G27/1 -> 0 | R27: =IF( C27="INSUMO", IFERROR( IF( INDEX( Insumos!C:C, MATCH( A27&B27, Insumos!I:I, 0) )="Terceirizados", INDEX( Insumos!F:F, MATCH( A27&B27, Insumos!I:I, 0) ), 0 ), "Não encontrado"), IFERROR( INDEX(S:S, MATCH( A27&B27,AG:AG, 0) ), "Não encontrado") ) -> 0 | S27: =R27*G27/1 -> 0 | T27: =IF( C27="INSUMO", IFERROR( IF( INDEX( Insumos!C:C, MATCH( A27&B27, Insumos!I:I, 0) )="Comissionamento", INDEX( Insumos!F:F, MATCH( A27&B27, Insumos!I:I, 0) ), 0 ), "Não encontrado"), IFERROR( INDEX(U:U, MATCH( A27&B27,AG:AG, 0) ), "Não encontrado") ) -> 0 | U27: =T27*G27/1 -> 0 | V27: =IF( C27="INSUMO", IFERROR( IF( INDEX( Insumos!C:C, MATCH( A27&B27, Insumos!I:I, 0) )="Verba", INDEX( Insumos!F:F, MATCH( A27&B27, Insumos!I:I, 0) ), 0 ), "Não encontrado"), IFERROR( INDEX(W:W, MATCH( A27&B27,AG:AG, 0) ), "Não encontrado") ) -> 0 | W27: =V27*G27/1 -> 0 | X27: =IF( C27="INSUMO", IFERROR( IF( INDEX( Insumos!C:C, MATCH( A27&B27, Insumos!I:I, 0) )="Outro", INDEX( Insumos!F:F, MATCH( A27&B27, Insumos!I:I, 0) ), 0 ), "Não encontrado"), IFERROR( INDEX(Y:Y, MATCH( A27&B27,AG:AG, 0) ), "Não encontrado") ) -> 271.75 | Y27: =X27*G27/1 -> 271.75 | Z27: =IF( C27="INSUMO", IFERROR( INDEX( Insumos!F:F, MATCH( A27&B27, Insumos!I:I, 0) ), "Não encontrado"), IFERROR( INDEX(AA:AA, MATCH( A27&B27,AG:AG, 0) ), "Não encontrado") ) -> 271.75 | AA27: =G27*Z27 -> 271.75
A28: 40862 | B28: SINAPI | C28: INSUMO | D28: Original | E28: ALIMENTACAO - MENSALISTA (COLETADO CAIXA - ENCARGOS COMPLEMENTARES) | F28: mês | G28: 1 | H28: =IF( C28="INSUMO", IFERROR( IF( INDEX( Insumos!C:C, MATCH( A28&B28, Insumos!I:I, 0) )="Material", INDEX( Insumos!F:F, MATCH( A28&B28, Insumos!I:I, 0) ), 0 ), "Não encontrado"), IFERROR( INDEX(I:I, MATCH( A28&B28,AG:AG, 0) ), "Não encontrado") ) -> 0 | I28: =H28*G28/1 -> 0 | J28: =T28 + N28 + L28 + X28 + R28 + P28 + V28 -> 0.01 | K28: =U28 + O28 + M28 + Y28 + S28 + Q28 + W28 -> 0.01 | L28: =IF( C28="INSUMO", IFERROR( IF( INDEX( Insumos!C:C, MATCH( A28&B28, Insumos!I:I, 0) )="Mao_obra", INDEX( Insumos!F:F, MATCH( A28&B28, Insumos!I:I, 0) ), 0 ), "Não encontrado"), IFERROR( INDEX(M:M, MATCH( A28&B28,AG:AG, 0) ), "Não encontrado") ) -> 0 | M28: =L28*G28/1 -> 0 | N28: =IF( C28="INSUMO", IFERROR( IF( INDEX( Insumos!C:C, MATCH( A28&B28, Insumos!I:I, 0) )="Equipamento", INDEX( Insumos!F:F, MATCH( A28&B28, Insumos!I:I, 0) ), 0 ), "Não encontrado"), IFERROR( INDEX(O:O, MATCH( A28&B28,AG:AG, 0) ), "Não encontrado") ) -> 0 | O28: =N28*G28/1 -> 0 | P28: =IF( C28="INSUMO", IFERROR( IF( INDEX( Insumos!C:C, MATCH( A28&B28, Insumos!I:I, 0) )="Transporte", INDEX( Insumos!F:F, MATCH( A28&B28, Insumos!I:I, 0) ), 0 ), "Não encontrado"), IFERROR( INDEX(Q:Q, MATCH( A28&B28,AG:AG, 0) ), "Não encontrado") ) -> 0 | Q28: =P28*G28/1 -> 0 | R28: =IF( C28="INSUMO", IFERROR( IF( INDEX( Insumos!C:C, MATCH( A28&B28, Insumos!I:I, 0) )="Terceirizados", INDEX( Insumos!F:F, MATCH( A28&B28, Insumos!I:I, 0) ), 0 ), "Não encontrado"), IFERROR( INDEX(S:S, MATCH( A28&B28,AG:AG, 0) ), "Não encontrado") ) -> 0 | S28: =R28*G28/1 -> 0 | T28: =IF( C28="INSUMO", IFERROR( IF( INDEX( Insumos!C:C, MATCH( A28&B28, Insumos!I:I, 0) )="Comissionamento", INDEX( Insumos!F:F, MATCH( A28&B28, Insumos!I:I, 0) ), 0 ), "Não encontrado"), IFERROR( INDEX(U:U, MATCH( A28&B28,AG:AG, 0) ), "Não encontrado") ) -> 0 | U28: =T28*G28/1 -> 0 | V28: =IF( C28="INSUMO", IFERROR( IF( INDEX( Insumos!C:C, MATCH( A28&B28, Insumos!I:I, 0) )="Verba", INDEX( Insumos!F:F, MATCH( A28&B28, Insumos!I:I, 0) ), 0 ), "Não encontrado"), IFERROR( INDEX(W:W, MATCH( A28&B28,AG:AG, 0) ), "Não encontrado") ) -> 0 | W28: =V28*G28/1 -> 0 | X28: =IF( C28="INSUMO", IFERROR( IF( INDEX( Insumos!C:C, MATCH( A28&B28, Insumos!I:I, 0) )="Outro", INDEX( Insumos!F:F, MATCH( A28&B28, Insumos!I:I, 0) ), 0 ), "Não encontrado"), IFERROR( INDEX(Y:Y, MATCH( A28&B28,AG:AG, 0) ), "Não encontrado") ) -> 0.01 | Y28: =X28*G28/1 -> 0.01 | Z28: =IF( C28="INSUMO", IFERROR( INDEX( Insumos!F:F, MATCH( A28&B28, Insumos!I:I, 0) ), "Não encontrado"), IFERROR( INDEX(AA:AA, MATCH( A28&B28,AG:AG, 0) ), "Não encontrado") ) -> 0.01 | AA28: =G28*Z28 -> 0.01
A29: 40861 | B29: SINAPI | C29: INSUMO | D29: Original | E29: TRANSPORTE - MENSALISTA (COLETADO CAIXA - ENCARGOS COMPLEMENTARES) | F29: mês | G29: 1 | H29: =IF( C29="INSUMO", IFERROR( IF( INDEX( Insumos!C:C, MATCH( A29&B29, Insumos!I:I, 0) )="Material", INDEX( Insumos!F:F, MATCH( A29&B29, Insumos!I:I, 0) ), 0 ), "Não encontrado"), IFERROR( INDEX(I:I, MATCH( A29&B29,AG:AG, 0) ), "Não encontrado") ) -> 0 | I29: =H29*G29/1 -> 0 | J29: =T29 + N29 + L29 + X29 + R29 + P29 + V29 -> 162.22 | K29: =U29 + O29 + M29 + Y29 + S29 + Q29 + W29 -> 162.22 | L29: =IF( C29="INSUMO", IFERROR( IF( INDEX( Insumos!C:C, MATCH( A29&B29, Insumos!I:I, 0) )="Mao_obra", INDEX( Insumos!F:F, MATCH( A29&B29, Insumos!I:I, 0) ), 0 ), "Não encontrado"), IFERROR( INDEX(M:M, MATCH( A29&B29,AG:AG, 0) ), "Não encontrado") ) -> 0 | M29: =L29*G29/1 -> 0 | N29: =IF( C29="INSUMO", IFERROR( IF( INDEX( Insumos!C:C, MATCH( A29&B29, Insumos!I:I, 0) )="Equipamento", INDEX( Insumos!F:F, MATCH( A29&B29, Insumos!I:I, 0) ), 0 ), "Não encontrado"), IFERROR( INDEX(O:O, MATCH( A29&B29,AG:AG, 0) ), "Não encontrado") ) -> 0 | O29: =N29*G29/1 -> 0 | P29: =IF( C29="INSUMO", IFERROR( IF( INDEX( Insumos!C:C, MATCH( A29&B29, Insumos!I:I, 0) )="Transporte", INDEX( Insumos!F:F, MATCH( A29&B29, Insumos!I:I, 0) ), 0 ), "Não encontrado"), IFERROR( INDEX(Q:Q, MATCH( A29&B29,AG:AG, 0) ), "Não encontrado") ) -> 0 | Q29: =P29*G29/1 -> 0 | R29: =IF( C29="INSUMO", IFERROR( IF( INDEX( Insumos!C:C, MATCH( A29&B29, Insumos!I:I, 0) )="Terceirizados", INDEX( Insumos!F:F, MATCH( A29&B29, Insumos!I:I, 0) ), 0 ), "Não encontrado"), IFERROR( INDEX(S:S, MATCH( A29&B29,AG:AG, 0) ), "Não encontrado") ) -> 0 | S29: =R29*G29/1 -> 0 | T29: =IF( C29="INSUMO", IFERROR( IF( INDEX( Insumos!C:C, MATCH( A29&B29, Insumos!I:I, 0) )="Comissionamento", INDEX( Insumos!F:F, MATCH( A29&B29, Insumos!I:I, 0) ), 0 ), "Não encontrado"), IFERROR( INDEX(U:U, MATCH( A29&B29,AG:AG, 0) ), "Não encontrado") ) -> 0 | U29: =T29*G29/1 -> 0 | V29: =IF( C29="INSUMO", IFERROR( IF( INDEX( Insumos!C:C, MATCH( A29&B29, Insumos!I:I, 0) )="Verba", INDEX( Insumos!F:F, MATCH( A29&B29, Insumos!I:I, 0) ), 0 ), "Não encontrado"), IFERROR( INDEX(W:W, MATCH( A29&B29,AG:AG, 0) ), "Não encontrado") ) -> 0 | W29: =V29*G29/1 -> 0 | X29: =IF( C29="INSUMO", IFERROR( IF( INDEX( Insumos!C:C, MATCH( A29&B29, Insumos!I:I, 0) )="Outro", INDEX( Insumos!F:F, MATCH( A29&B29, Insumos!I:I, 0) ), 0 ), "Não encontrado"), IFERROR( INDEX(Y:Y, MATCH( A29&B29,AG:AG, 0) ), "Não encontrado") ) -> 162.22 | Y29: =X29*G29/1 -> 162.22 | Z29: =IF( C29="INSUMO", IFERROR( INDEX( Insumos!F:F, MATCH( A29&B29, Insumos!I:I, 0) ), "Não encontrado"), IFERROR( INDEX(AA:AA, MATCH( A29&B29,AG:AG, 0) ), "Não encontrado") ) -> 162.22 | AA29: =G29*Z29 -> 162.22
A30: 100534 | B30: SINAPI | D30: Original | E30: TECNICO DE EDIFICACOES COM ENCARGOS COMPLEMENTARES | F30: mês | I30: =SUM(I31:I37) -> 0 | K30: =SUM(K31:K37) -> 4742.66 | M30: =SUM(M31:M37) -> 4150.26 | O30: =SUM(O31:O37) -> 0 | Q30: =SUM(Q31:Q37) -> 0 | S30: =SUM(S31:S37) -> 0 | U30: =SUM(U31:U37) -> 0 | W30: =SUM(W31:W37) -> 0 | Y30: =SUM(Y31:Y37) -> 592.4 | AA30: =SUM(AA31:AA37) -> 4742.66 | AF30: Livro SINAPI: Cálculos e Parâmetros | AG30: =A30&B30&C30 -> 100534SINAPI
A31: 43494 | B31: SINAPI | C31: INSUMO | D31: Original | E31: EPI - FAMILIA ALMOXARIFE - MENSALISTA (ENCARGOS COMPLEMENTARES - COLETADO CAIXA) | F31: mês | G31: 1 | H31: =IF( C31="INSUMO", IFERROR( IF( INDEX( Insumos!C:C, MATCH( A31&B31, Insumos!I:I, 0) )="Material", INDEX( Insumos!F:F, MATCH( A31&B31, Insumos!I:I, 0) ), 0 ), "Não encontrado"), IFERROR( INDEX(I:I, MATCH( A31&B31,AG:AG, 0) ), "Não encontrado") ) -> 0 | I31: =H31*G31/1 -> 0 | J31: =T31 + N31 + L31 + X31 + R31 + P31 + V31 -> 129.96 | K31: =U31 + O31 + M31 + Y31 + S31 + Q31 + W31 -> 129.96 | L31: =IF( C31="INSUMO", IFERROR( IF( INDEX( Insumos!C:C, MATCH( A31&B31, Insumos!I:I, 0) )="Mao_obra", INDEX( Insumos!F:F, MATCH( A31&B31, Insumos!I:I, 0) ), 0 ), "Não encontrado"), IFERROR( INDEX(M:M, MATCH( A31&B31,AG:AG, 0) ), "Não encontrado") ) -> 0 | M31: =L31*G31/1 -> 0 | N31: =IF( C31="INSUMO", IFERROR( IF( INDEX( Insumos!C:C, MATCH( A31&B31, Insumos!I:I, 0) )="Equipamento", INDEX( Insumos!F:F, MATCH( A31&B31, Insumos!I:I, 0) ), 0 ), "Não encontrado"), IFERROR( INDEX(O:O, MATCH( A31&B31,AG:AG, 0) ), "Não encontrado") ) -> 0 | O31: =N31*G31/1 -> 0 | P31: =IF( C31="INSUMO", IFERROR( IF( INDEX( Insumos!C:C, MATCH( A31&B31, Insumos!I:I, 0) )="Transporte", INDEX( Insumos!F:F, MATCH( A31&B31, Insumos!I:I, 0) ), 0 ), "Não encontrado"), IFERROR( INDEX(Q:Q, MATCH( A31&B31,AG:AG, 0) ), "Não encontrado") ) -> 0 | Q31: =P31*G31/1 -> 0 | R31: =IF( C31="INSUMO", IFERROR( IF( INDEX( Insumos!C:C, MATCH( A31&B31, Insumos!I:I, 0) )="Terceirizados", INDEX( Insumos!F:F, MATCH( A31&B31, Insumos!I:I, 0) ), 0 ), "Não encontrado"), IFERROR( INDEX(S:S, MATCH( A31&B31,AG:AG, 0) ), "Não encontrado") ) -> 0 | S31: =R31*G31/1 -> 0 | T31: =IF( C31="INSUMO", IFERROR( IF( INDEX( Insumos!C:C, MATCH( A31&B31, Insumos!I:I, 0) )="Comissionamento", INDEX( Insumos!F:F, MATCH( A31&B31, Insumos!I:I, 0) ), 0 ), "Não encontrado"), IFERROR( INDEX(U:U, MATCH( A31&B31,AG:AG, 0) ), "Não encontrado") ) -> 0 | U31: =T31*G31/1 -> 0 | V31: =IF( C31="INSUMO", IFERROR( IF( INDEX( Insumos!C:C, MATCH( A31&B31, Insumos!I:I, 0) )="Verba", INDEX( Insumos!F:F, MATCH( A31&B31, Insumos!I:I, 0) ), 0 ), "Não encontrado"), IFERROR( INDEX(W:W, MATCH( A31&B31,AG:AG, 0) ), "Não encontrado") ) -> 0 | W31: =V31*G31/1 -> 0 | X31: =IF( C31="INSUMO", IFERROR( IF( INDEX( Insumos!C:C, MATCH( A31&B31, Insumos!I:I, 0) )="Outro", INDEX( Insumos!F:F, MATCH( A31&B31, Insumos!I:I, 0) ), 0 ), "Não encontrado"), IFERROR( INDEX(Y:Y, MATCH( A31&B31,AG:AG, 0) ), "Não encontrado") ) -> 129.96 | Y31: =X31*G31/1 -> 129.96 | Z31: =IF( C31="INSUMO", IFERROR( INDEX( Insumos!F:F, MATCH( A31&B31, Insumos!I:I, 0) ), "Não encontrado"), IFERROR( INDEX(AA:AA, MATCH( A31&B31,AG:AG, 0) ), "Não encontrado") ) -> 129.96 | AA31: =G31*Z31 -> 129.96
A32: 43470 | B32: SINAPI | C32: INSUMO | D32: Original | E32: FERRAMENTAS - FAMILIA ALMOXARIFE - MENSALISTA (ENCARGOS COMPLEMENTARES - COLETADO CAIXA) | F32: mês | G32: 1 | H32: =IF( C32="INSUMO", IFERROR( IF( INDEX( Insumos!C:C, MATCH( A32&B32, Insumos!I:I, 0) )="Material", INDEX( Insumos!F:F, MATCH( A32&B32, Insumos!I:I, 0) ), 0 ), "Não encontrado"), IFERROR( INDEX(I:I, MATCH( A32&B32,AG:AG, 0) ), "Não encontrado") ) -> 0 | I32: =H32*G32/1 -> 0 | J32: =T32 + N32 + L32 + X32 + R32 + P32 + V32 -> 10.18 | K32: =U32 + O32 + M32 + Y32 + S32 + Q32 + W32 -> 10.18 | L32: =IF( C32="INSUMO", IFERROR( IF( INDEX( Insumos!C:C, MATCH( A32&B32, Insumos!I:I, 0) )="Mao_obra", INDEX( Insumos!F:F, MATCH( A32&B32, Insumos!I:I, 0) ), 0 ), "Não encontrado"), IFERROR( INDEX(M:M, MATCH( A32&B32,AG:AG, 0) ), "Não encontrado") ) -> 0 | M32: =L32*G32/1 -> 0 | N32: =IF( C32="INSUMO", IFERROR( IF( INDEX( Insumos!C:C, MATCH( A32&B32, Insumos!I:I, 0) )="Equipamento", INDEX( Insumos!F:F, MATCH( A32&B32, Insumos!I:I, 0) ), 0 ), "Não encontrado"), IFERROR( INDEX(O:O, MATCH( A32&B32,AG:AG, 0) ), "Não encontrado") ) -> 0 | O32: =N32*G32/1 -> 0 | P32: =IF( C32="INSUMO", IFERROR( IF( INDEX( Insumos!C:C, MATCH( A32&B32, Insumos!I:I, 0) )="Transporte", INDEX( Insumos!F:F, MATCH( A32&B32, Insumos!I:I, 0) ), 0 ), "Não encontrado"), IFERROR( INDEX(Q:Q, MATCH( A32&B32,AG:AG, 0) ), "Não encontrado") ) -> 0 | Q32: =P32*G32/1 -> 0 | R32: =IF( C32="INSUMO", IFERROR( IF( INDEX( Insumos!C:C, MATCH( A32&B32, Insumos!I:I, 0) )="Terceirizados", INDEX( Insumos!F:F, MATCH( A32&B32, Insumos!I:I, 0) ), 0 ), "Não encontrado"), IFERROR( INDEX(S:S, MATCH( A32&B32,AG:AG, 0) ), "Não encontrado") ) -> 0 | S32: =R32*G32/1 -> 0 | T32: =IF( C32="INSUMO", IFERROR( IF( INDEX( Insumos!C:C, MATCH( A32&B32, Insumos!I:I, 0) )="Comissionamento", INDEX( Insumos!F:F, MATCH( A32&B32, Insumos!I:I, 0) ), 0 ), "Não encontrado"), IFERROR( INDEX(U:U, MATCH( A32&B32,AG:AG, 0) ), "Não encontrado") ) -> 0 | U32: =T32*G32/1 -> 0 | V32: =IF( C32="INSUMO", IFERROR( IF( INDEX( Insumos!C:C, MATCH( A32&B32, Insumos!I:I, 0) )="Verba", INDEX( Insumos!F:F, MATCH( A32&B32, Insumos!I:I, 0) ), 0 ), "Não encontrado"), IFERROR( INDEX(W:W, MATCH( A32&B32,AG:AG, 0) ), "Não encontrado") ) -> 0 | W32: =V32*G32/1 -> 0 | X32: =IF( C32="INSUMO", IFERROR( IF( INDEX( Insumos!C:C, MATCH( A32&B32, Insumos!I:I, 0) )="Outro", INDEX( Insumos!F:F, MATCH( A32&B32, Insumos!I:I, 0) ), 0 ), "Não encontrado"), IFERROR( INDEX(Y:Y, MATCH( A32&B32,AG:AG, 0) ), "Não encontrado") ) -> 10.18 | Y32: =X32*G32/1 -> 10.18 | Z32: =IF( C32="INSUMO", IFERROR( INDEX( Insumos!F:F, MATCH( A32&B32, Insumos!I:I, 0) ), "Não encontrado"), IFERROR( INDEX(AA:AA, MATCH( A32&B32,AG:AG, 0) ), "Não encontrado") ) -> 10.18 | AA32: =G32*Z32 -> 10.18
A33: 40946 | B33: SINAPI | C33: INSUMO | D33: Original | E33: TECNICO DE EDIFICACOES (MENSALISTA) | F33: mês | G33: 1 | H33: =IF( C33="INSUMO", IFERROR( IF( INDEX( Insumos!C:C, MATCH( A33&B33, Insumos!I:I, 0) )="Material", INDEX( Insumos!F:F, MATCH( A33&B33, Insumos!I:I, 0) ), 0 ), "Não encontrado"), IFERROR( INDEX(I:I, MATCH( A33&B33,AG:AG, 0) ), "Não encontrado") ) -> 0 | I33: =H33*G33/1 -> 0 | J33: =T33 + N33 + L33 + X33 + R33 + P33 + V33 -> 4150.26 | K33: =U33 + O33 + M33 + Y33 + S33 + Q33 + W33 -> 4150.26 | L33: =IF( C33="INSUMO", IFERROR( IF( INDEX( Insumos!C:C, MATCH( A33&B33, Insumos!I:I, 0) )="Mao_obra", INDEX( Insumos!F:F, MATCH( A33&B33, Insumos!I:I, 0) ), 0 ), "Não encontrado"), IFERROR( INDEX(M:M, MATCH( A33&B33,AG:AG, 0) ), "Não encontrado") ) -> 4150.26 | M33: =L33*G33/1 -> 4150.26 | N33: =IF( C33="INSUMO", IFERROR( IF( INDEX( Insumos!C:C, MATCH( A33&B33, Insumos!I:I, 0) )="Equipamento", INDEX( Insumos!F:F, MATCH( A33&B33, Insumos!I:I, 0) ), 0 ), "Não encontrado"), IFERROR( INDEX(O:O, MATCH( A33&B33,AG:AG, 0) ), "Não encontrado") ) -> 0 | O33: =N33*G33/1 -> 0 | P33: =IF( C33="INSUMO", IFERROR( IF( INDEX( Insumos!C:C, MATCH( A33&B33, Insumos!I:I, 0) )="Transporte", INDEX( Insumos!F:F, MATCH( A33&B33, Insumos!I:I, 0) ), 0 ), "Não encontrado"), IFERROR( INDEX(Q:Q, MATCH( A33&B33,AG:AG, 0) ), "Não encontrado") ) -> 0 | Q33: =P33*G33/1 -> 0 | R33: =IF( C33="INSUMO", IFERROR( IF( INDEX( Insumos!C:C, MATCH( A33&B33, Insumos!I:I, 0) )="Terceirizados", INDEX( Insumos!F:F, MATCH( A33&B33, Insumos!I:I, 0) ), 0 ), "Não encontrado"), IFERROR( INDEX(S:S, MATCH( A33&B33,AG:AG, 0) ), "Não encontrado") ) -> 0 | S33: =R33*G33/1 -> 0 | T33: =IF( C33="INSUMO", IFERROR( IF( INDEX( Insumos!C:C, MATCH( A33&B33, Insumos!I:I, 0) )="Comissionamento", INDEX( Insumos!F:F, MATCH( A33&B33, Insumos!I:I, 0) ), 0 ), "Não encontrado"), IFERROR( INDEX(U:U, MATCH( A33&B33,AG:AG, 0) ), "Não encontrado") ) -> 0 | U33: =T33*G33/1 -> 0 | V33: =IF( C33="INSUMO", IFERROR( IF( INDEX( Insumos!C:C, MATCH( A33&B33, Insumos!I:I, 0) )="Verba", INDEX( Insumos!F:F, MATCH( A33&B33, Insumos!I:I, 0) ), 0 ), "Não encontrado"), IFERROR( INDEX(W:W, MATCH( A33&B33,AG:AG, 0) ), "Não encontrado") ) -> 0 | W33: =V33*G33/1 -> 0 | X33: =IF( C33="INSUMO", IFERROR( IF( INDEX( Insumos!C:C, MATCH( A33&B33, Insumos!I:I, 0) )="Outro", INDEX( Insumos!F:F, MATCH( A33&B33, Insumos!I:I, 0) ), 0 ), "Não encontrado"), IFERROR( INDEX(Y:Y, MATCH( A33&B33,AG:AG, 0) ), "Não encontrado") ) -> 0 | Y33: =X33*G33/1 -> 0 | Z33: =IF( C33="INSUMO", IFERROR( INDEX( Insumos!F:F, MATCH( A33&B33, Insumos!I:I, 0) ), "Não encontrado"), IFERROR( INDEX(AA:AA, MATCH( A33&B33,AG:AG, 0) ), "Não encontrado") ) -> 4150.26 | AA33: =G33*Z33 -> 4150.26
A34: 40864 | B34: SINAPI | C34: INSUMO | D34: Original | E34: SEGURO - MENSALISTA (COLETADO CAIXA - ENCARGOS COMPLEMENTARES) | F34: mês | G34: 1 | H34: =IF( C34="INSUMO", IFERROR( IF( INDEX( Insumos!C:C, MATCH( A34&B34, Insumos!I:I, 0) )="Material", INDEX( Insumos!F:F, MATCH( A34&B34, Insumos!I:I, 0) ), 0 ), "Não encontrado"), IFERROR( INDEX(I:I, MATCH( A34&B34,AG:AG, 0) ), "Não encontrado") ) -> 0 | I34: =H34*G34/1 -> 0 | J34: =T34 + N34 + L34 + X34 + R34 + P34 + V34 -> 18.28 | K34: =U34 + O34 + M34 + Y34 + S34 + Q34 + W34 -> 18.28 | L34: =IF( C34="INSUMO", IFERROR( IF( INDEX( Insumos!C:C, MATCH( A34&B34, Insumos!I:I, 0) )="Mao_obra", INDEX( Insumos!F:F, MATCH( A34&B34, Insumos!I:I, 0) ), 0 ), "Não encontrado"), IFERROR( INDEX(M:M, MATCH( A34&B34,AG:AG, 0) ), "Não encontrado") ) -> 0 | M34: =L34*G34/1 -> 0 | N34: =IF( C34="INSUMO", IFERROR( IF( INDEX( Insumos!C:C, MATCH( A34&B34, Insumos!I:I, 0) )="Equipamento", INDEX( Insumos!F:F, MATCH( A34&B34, Insumos!I:I, 0) ), 0 ), "Não encontrado"), IFERROR( INDEX(O:O, MATCH( A34&B34,AG:AG, 0) ), "Não encontrado") ) -> 0 | O34: =N34*G34/1 -> 0 | P34: =IF( C34="INSUMO", IFERROR( IF( INDEX( Insumos!C:C, MATCH( A34&B34, Insumos!I:I, 0) )="Transporte", INDEX( Insumos!F:F, MATCH( A34&B34, Insumos!I:I, 0) ), 0 ), "Não encontrado"), IFERROR( INDEX(Q:Q, MATCH( A34&B34,AG:AG, 0) ), "Não encontrado") ) -> 0 | Q34: =P34*G34/1 -> 0 | R34: =IF( C34="INSUMO", IFERROR( IF( INDEX( Insumos!C:C, MATCH( A34&B34, Insumos!I:I, 0) )="Terceirizados", INDEX( Insumos!F:F, MATCH( A34&B34, Insumos!I:I, 0) ), 0 ), "Não encontrado"), IFERROR( INDEX(S:S, MATCH( A34&B34,AG:AG, 0) ), "Não encontrado") ) -> 0 | S34: =R34*G34/1 -> 0 | T34: =IF( C34="INSUMO", IFERROR( IF( INDEX( Insumos!C:C, MATCH( A34&B34, Insumos!I:I, 0) )="Comissionamento", INDEX( Insumos!F:F, MATCH( A34&B34, Insumos!I:I, 0) ), 0 ), "Não encontrado"), IFERROR( INDEX(U:U, MATCH( A34&B34,AG:AG, 0) ), "Não encontrado") ) -> 0 | U34: =T34*G34/1 -> 0 | V34: =IF( C34="INSUMO", IFERROR( IF( INDEX( Insumos!C:C, MATCH( A34&B34, Insumos!I:I, 0) )="Verba", INDEX( Insumos!F:F, MATCH( A34&B34, Insumos!I:I, 0) ), 0 ), "Não encontrado"), IFERROR( INDEX(W:W, MATCH( A34&B34,AG:AG, 0) ), "Não encontrado") ) -> 0 | W34: =V34*G34/1 -> 0 | X34: =IF( C34="INSUMO", IFERROR( IF( INDEX( Insumos!C:C, MATCH( A34&B34, Insumos!I:I, 0) )="Outro", INDEX( Insumos!F:F, MATCH( A34&B34, Insumos!I:I, 0) ), 0 ), "Não encontrado"), IFERROR( INDEX(Y:Y, MATCH( A34&B34,AG:AG, 0) ), "Não encontrado") ) -> 18.28 | Y34: =X34*G34/1 -> 18.28 | Z34: =IF( C34="INSUMO", IFERROR( INDEX( Insumos!F:F, MATCH( A34&B34, Insumos!I:I, 0) ), "Não encontrado"), IFERROR( INDEX(AA:AA, MATCH( A34&B34,AG:AG, 0) ), "Não encontrado") ) -> 18.28 | AA34: =G34*Z34 -> 18.28
A35: 40863 | B35: SINAPI | C35: INSUMO | D35: Original | E35: EXAMES - MENSALISTA (COLETADO CAIXA - ENCARGOS COMPLEMENTARES) | F35: mês | G35: 1 | H35: =IF( C35="INSUMO", IFERROR( IF( INDEX( Insumos!C:C, MATCH( A35&B35, Insumos!I:I, 0) )="Material", INDEX( Insumos!F:F, MATCH( A35&B35, Insumos!I:I, 0) ), 0 ), "Não encontrado"), IFERROR( INDEX(I:I, MATCH( A35&B35,AG:AG, 0) ), "Não encontrado") ) -> 0 | I35: =H35*G35/1 -> 0 | J35: =T35 + N35 + L35 + X35 + R35 + P35 + V35 -> 271.75 | K35: =U35 + O35 + M35 + Y35 + S35 + Q35 + W35 -> 271.75 | L35: =IF( C35="INSUMO", IFERROR( IF( INDEX( Insumos!C:C, MATCH( A35&B35, Insumos!I:I, 0) )="Mao_obra", INDEX( Insumos!F:F, MATCH( A35&B35, Insumos!I:I, 0) ), 0 ), "Não encontrado"), IFERROR( INDEX(M:M, MATCH( A35&B35,AG:AG, 0) ), "Não encontrado") ) -> 0 | M35: =L35*G35/1 -> 0 | N35: =IF( C35="INSUMO", IFERROR( IF( INDEX( Insumos!C:C, MATCH( A35&B35, Insumos!I:I, 0) )="Equipamento", INDEX( Insumos!F:F, MATCH( A35&B35, Insumos!I:I, 0) ), 0 ), "Não encontrado"), IFERROR( INDEX(O:O, MATCH( A35&B35,AG:AG, 0) ), "Não encontrado") ) -> 0 | O35: =N35*G35/1 -> 0 | P35: =IF( C35="INSUMO", IFERROR( IF( INDEX( Insumos!C:C, MATCH( A35&B35, Insumos!I:I, 0) )="Transporte", INDEX( Insumos!F:F, MATCH( A35&B35, Insumos!I:I, 0) ), 0 ), "Não encontrado"), IFERROR( INDEX(Q:Q, MATCH( A35&B35,AG:AG, 0) ), "Não encontrado") ) -> 0 | Q35: =P35*G35/1 -> 0 | R35: =IF( C35="INSUMO", IFERROR( IF( INDEX( Insumos!C:C, MATCH( A35&B35, Insumos!I:I, 0) )="Terceirizados", INDEX( Insumos!F:F, MATCH( A35&B35, Insumos!I:I, 0) ), 0 ), "Não encontrado"), IFERROR( INDEX(S:S, MATCH( A35&B35,AG:AG, 0) ), "Não encontrado") ) -> 0 | S35: =R35*G35/1 -> 0 | T35: =IF( C35="INSUMO", IFERROR( IF( INDEX( Insumos!C:C, MATCH( A35&B35, Insumos!I:I, 0) )="Comissionamento", INDEX( Insumos!F:F, MATCH( A35&B35, Insumos!I:I, 0) ), 0 ), "Não encontrado"), IFERROR( INDEX(U:U, MATCH( A35&B35,AG:AG, 0) ), "Não encontrado") ) -> 0 | U35: =T35*G35/1 -> 0 | V35: =IF( C35="INSUMO", IFERROR( IF( INDEX( Insumos!C:C, MATCH( A35&B35, Insumos!I:I, 0) )="Verba", INDEX( Insumos!F:F, MATCH( A35&B35, Insumos!I:I, 0) ), 0 ), "Não encontrado"), IFERROR( INDEX(W:W, MATCH( A35&B35,AG:AG, 0) ), "Não encontrado") ) -> 0 | W35: =V35*G35/1 -> 0 | X35: =IF( C35="INSUMO", IFERROR( IF( INDEX( Insumos!C:C, MATCH( A35&B35, Insumos!I:I, 0) )="Outro", INDEX( Insumos!F:F, MATCH( A35&B35, Insumos!I:I, 0) ), 0 ), "Não encontrado"), IFERROR( INDEX(Y:Y, MATCH( A35&B35,AG:AG, 0) ), "Não encontrado") ) -> 271.75 | Y35: =X35*G35/1 -> 271.75 | Z35: =IF( C35="INSUMO", IFERROR( INDEX( Insumos!F:F, MATCH( A35&B35, Insumos!I:I, 0) ), "Não encontrado"), IFERROR( INDEX(AA:AA, MATCH( A35&B35,AG:AG, 0) ), "Não encontrado") ) -> 271.75 | AA35: =G35*Z35 -> 271.75
A36: 40862 | B36: SINAPI | C36: INSUMO | D36: Original | E36: ALIMENTACAO - MENSALISTA (COLETADO CAIXA - ENCARGOS COMPLEMENTARES) | F36: mês | G36: 1 | H36: =IF( C36="INSUMO", IFERROR( IF( INDEX( Insumos!C:C, MATCH( A36&B36, Insumos!I:I, 0) )="Material", INDEX( Insumos!F:F, MATCH( A36&B36, Insumos!I:I, 0) ), 0 ), "Não encontrado"), IFERROR( INDEX(I:I, MATCH( A36&B36,AG:AG, 0) ), "Não encontrado") ) -> 0 | I36: =H36*G36/1 -> 0 | J36: =T36 + N36 + L36 + X36 + R36 + P36 + V36 -> 0.01 | K36: =U36 + O36 + M36 + Y36 + S36 + Q36 + W36 -> 0.01 | L36: =IF( C36="INSUMO", IFERROR( IF( INDEX( Insumos!C:C, MATCH( A36&B36, Insumos!I:I, 0) )="Mao_obra", INDEX( Insumos!F:F, MATCH( A36&B36, Insumos!I:I, 0) ), 0 ), "Não encontrado"), IFERROR( INDEX(M:M, MATCH( A36&B36,AG:AG, 0) ), "Não encontrado") ) -> 0 | M36: =L36*G36/1 -> 0 | N36: =IF( C36="INSUMO", IFERROR( IF( INDEX( Insumos!C:C, MATCH( A36&B36, Insumos!I:I, 0) )="Equipamento", INDEX( Insumos!F:F, MATCH( A36&B36, Insumos!I:I, 0) ), 0 ), "Não encontrado"), IFERROR( INDEX(O:O, MATCH( A36&B36,AG:AG, 0) ), "Não encontrado") ) -> 0 | O36: =N36*G36/1 -> 0 | P36: =IF( C36="INSUMO", IFERROR( IF( INDEX( Insumos!C:C, MATCH( A36&B36, Insumos!I:I, 0) )="Transporte", INDEX( Insumos!F:F, MATCH( A36&B36, Insumos!I:I, 0) ), 0 ), "Não encontrado"), IFERROR( INDEX(Q:Q, MATCH( A36&B36,AG:AG, 0) ), "Não encontrado") ) -> 0 | Q36: =P36*G36/1 -> 0 | R36: =IF( C36="INSUMO", IFERROR( IF( INDEX( Insumos!C:C, MATCH( A36&B36, Insumos!I:I, 0) )="Terceirizados", INDEX( Insumos!F:F, MATCH( A36&B36, Insumos!I:I, 0) ), 0 ), "Não encontrado"), IFERROR( INDEX(S:S, MATCH( A36&B36,AG:AG, 0) ), "Não encontrado") ) -> 0 | S36: =R36*G36/1 -> 0 | T36: =IF( C36="INSUMO", IFERROR( IF( INDEX( Insumos!C:C, MATCH( A36&B36, Insumos!I:I, 0) )="Comissionamento", INDEX( Insumos!F:F, MATCH( A36&B36, Insumos!I:I, 0) ), 0 ), "Não encontrado"), IFERROR( INDEX(U:U, MATCH( A36&B36,AG:AG, 0) ), "Não encontrado") ) -> 0 | U36: =T36*G36/1 -> 0 | V36: =IF( C36="INSUMO", IFERROR( IF( INDEX( Insumos!C:C, MATCH( A36&B36, Insumos!I:I, 0) )="Verba", INDEX( Insumos!F:F, MATCH( A36&B36, Insumos!I:I, 0) ), 0 ), "Não encontrado"), IFERROR( INDEX(W:W, MATCH( A36&B36,AG:AG, 0) ), "Não encontrado") ) -> 0 | W36: =V36*G36/1 -> 0 | X36: =IF( C36="INSUMO", IFERROR( IF( INDEX( Insumos!C:C, MATCH( A36&B36, Insumos!I:I, 0) )="Outro", INDEX( Insumos!F:F, MATCH( A36&B36, Insumos!I:I, 0) ), 0 ), "Não encontrado"), IFERROR( INDEX(Y:Y, MATCH( A36&B36,AG:AG, 0) ), "Não encontrado") ) -> 0.01 | Y36: =X36*G36/1 -> 0.01 | Z36: =IF( C36="INSUMO", IFERROR( INDEX( Insumos!F:F, MATCH( A36&B36, Insumos!I:I, 0) ), "Não encontrado"), IFERROR( INDEX(AA:AA, MATCH( A36&B36,AG:AG, 0) ), "Não encontrado") ) -> 0.01 | AA36: =G36*Z36 -> 0.01
A37: 40861 | B37: SINAPI | C37: INSUMO | D37: Original | E37: TRANSPORTE - MENSALISTA (COLETADO CAIXA - ENCARGOS COMPLEMENTARES) | F37: mês | G37: 1 | H37: =IF( C37="INSUMO", IFERROR( IF( INDEX( Insumos!C:C, MATCH( A37&B37, Insumos!I:I, 0) )="Material", INDEX( Insumos!F:F, MATCH( A37&B37, Insumos!I:I, 0) ), 0 ), "Não encontrado"), IFERROR( INDEX(I:I, MATCH( A37&B37,AG:AG, 0) ), "Não encontrado") ) -> 0 | I37: =H37*G37/1 -> 0 | J37: =T37 + N37 + L37 + X37 + R37 + P37 + V37 -> 162.22 | K37: =U37 + O37 + M37 + Y37 + S37 + Q37 + W37 -> 162.22 | L37: =IF( C37="INSUMO", IFERROR( IF( INDEX( Insumos!C:C, MATCH( A37&B37, Insumos!I:I, 0) )="Mao_obra", INDEX( Insumos!F:F, MATCH( A37&B37, Insumos!I:I, 0) ), 0 ), "Não encontrado"), IFERROR( INDEX(M:M, MATCH( A37&B37,AG:AG, 0) ), "Não encontrado") ) -> 0 | M37: =L37*G37/1 -> 0 | N37: =IF( C37="INSUMO", IFERROR( IF( INDEX( Insumos!C:C, MATCH( A37&B37, Insumos!I:I, 0) )="Equipamento", INDEX( Insumos!F:F, MATCH( A37&B37, Insumos!I:I, 0) ), 0 ), "Não encontrado"), IFERROR( INDEX(O:O, MATCH( A37&B37,AG:AG, 0) ), "Não encontrado") ) -> 0 | O37: =N37*G37/1 -> 0 | P37: =IF( C37="INSUMO", IFERROR( IF( INDEX( Insumos!C:C, MATCH( A37&B37, Insumos!I:I, 0) )="Transporte", INDEX( Insumos!F:F, MATCH( A37&B37, Insumos!I:I, 0) ), 0 ), "Não encontrado"), IFERROR( INDEX(Q:Q, MATCH( A37&B37,AG:AG, 0) ), "Não encontrado") ) -> 0 | Q37: =P37*G37/1 -> 0 | R37: =IF( C37="INSUMO", IFERROR( IF( INDEX( Insumos!C:C, MATCH( A37&B37, Insumos!I:I, 0) )="Terceirizados", INDEX( Insumos!F:F, MATCH( A37&B37, Insumos!I:I, 0) ), 0 ), "Não encontrado"), IFERROR( INDEX(S:S, MATCH( A37&B37,AG:AG, 0) ), "Não encontrado") ) -> 0 | S37: =R37*G37/1 -> 0 | T37: =IF( C37="INSUMO", IFERROR( IF( INDEX( Insumos!C:C, MATCH( A37&B37, Insumos!I:I, 0) )="Comissionamento", INDEX( Insumos!F:F, MATCH( A37&B37, Insumos!I:I, 0) ), 0 ), "Não encontrado"), IFERROR( INDEX(U:U, MATCH( A37&B37,AG:AG, 0) ), "Não encontrado") ) -> 0 | U37: =T37*G37/1 -> 0 | V37: =IF( C37="INSUMO", IFERROR( IF( INDEX( Insumos!C:C, MATCH( A37&B37, Insumos!I:I, 0) )="Verba", INDEX( Insumos!F:F, MATCH( A37&B37, Insumos!I:I, 0) ), 0 ), "Não encontrado"), IFERROR( INDEX(W:W, MATCH( A37&B37,AG:AG, 0) ), "Não encontrado") ) -> 0 | W37: =V37*G37/1 -> 0 | X37: =IF( C37="INSUMO", IFERROR( IF( INDEX( Insumos!C:C, MATCH( A37&B37, Insumos!I:I, 0) )="Outro", INDEX( Insumos!F:F, MATCH( A37&B37, Insumos!I:I, 0) ), 0 ), "Não encontrado"), IFERROR( INDEX(Y:Y, MATCH( A37&B37,AG:AG, 0) ), "Não encontrado") ) -> 162.22 | Y37: =X37*G37/1 -> 162.22 | Z37: =IF( C37="INSUMO", IFERROR( INDEX( Insumos!F:F, MATCH( A37&B37, Insumos!I:I, 0) ), "Não encontrado"), IFERROR( INDEX(AA:AA, MATCH( A37&B37,AG:AG, 0) ), "Não encontrado") ) -> 162.22 | AA37: =G37*Z37 -> 162.22
A38: 0151 | B38: PRÓPRIA | D38: Original | E38: EMISSÃO DE RRT PARA SERVIÇOS. | F38: un | I38: =SUM(I39:I39) -> 130.64 | K38: =SUM(K39:K39) -> 0 | M38: =SUM(M39:M39) -> 0 | O38: =SUM(O39:O39) -> 0 | Q38: =SUM(Q39:Q39) -> 0 | S38: =SUM(S39:S39) -> 0 | U38: =SUM(U39:U39) -> 0 | W38: =SUM(W39:W39) -> 0 | Y38: =SUM(Y39:Y39) -> 0 | AA38: =SUM(AA39:AA39) -> 130.64 | AF38: Geral | AG38: =A38&B38&C38 -> 0151PRÓPRIA
A39: 0052 | B39: PRÓPRIA | C39: INSUMO | D39: Original | E39: EMISSÃO DE RRT PARA SERVIÇOS. | F39: un | G39: 1 | H39: =IF( C39="INSUMO", IFERROR( IF( INDEX( Insumos!C:C, MATCH( A39&B39, Insumos!I:I, 0) )="Material", INDEX( Insumos!F:F, MATCH( A39&B39, Insumos!I:I, 0) ), 0 ), "Não encontrado"), IFERROR( INDEX(I:I, MATCH( A39&B39,AG:AG, 0) ), "Não encontrado") ) -> 130.64 | I39: =H39*G39/1 -> 130.64 | J39: =T39 + N39 + L39 + X39 + R39 + P39 + V39 -> 0 | K39: =U39 + O39 + M39 + Y39 + S39 + Q39 + W39 -> 0 | L39: =IF( C39="INSUMO", IFERROR( IF( INDEX( Insumos!C:C, MATCH( A39&B39, Insumos!I:I, 0) )="Mao_obra", INDEX( Insumos!F:F, MATCH( A39&B39, Insumos!I:I, 0) ), 0 ), "Não encontrado"), IFERROR( INDEX(M:M, MATCH( A39&B39,AG:AG, 0) ), "Não encontrado") ) -> 0 | M39: =L39*G39/1 -> 0 | N39: =IF( C39="INSUMO", IFERROR( IF( INDEX( Insumos!C:C, MATCH( A39&B39, Insumos!I:I, 0) )="Equipamento", INDEX( Insumos!F:F, MATCH( A39&B39, Insumos!I:I, 0) ), 0 ), "Não encontrado"), IFERROR( INDEX(O:O, MATCH( A39&B39,AG:AG, 0) ), "Não encontrado") ) -> 0 | O39: =N39*G39/1 -> 0 | P39: =IF( C39="INSUMO", IFERROR( IF( INDEX( Insumos!C:C, MATCH( A39&B39, Insumos!I:I, 0) )="Transporte", INDEX( Insumos!F:F, MATCH( A39&B39, Insumos!I:I, 0) ), 0 ), "Não encontrado"), IFERROR( INDEX(Q:Q, MATCH( A39&B39,AG:AG, 0) ), "Não encontrado") ) -> 0 | Q39: =P39*G39/1 -> 0 | R39: =IF( C39="INSUMO", IFERROR( IF( INDEX( Insumos!C:C, MATCH( A39&B39, Insumos!I:I, 0) )="Terceirizados", INDEX( Insumos!F:F, MATCH( A39&B39, Insumos!I:I, 0) ), 0 ), "Não encontrado"), IFERROR( INDEX(S:S, MATCH( A39&B39,AG:AG, 0) ), "Não encontrado") ) -> 0 | S39: =R39*G39/1 -> 0 | T39: =IF( C39="INSUMO", IFERROR( IF( INDEX( Insumos!C:C, MATCH( A39&B39, Insumos!I:I, 0) )="Comissionamento", INDEX( Insumos!F:F, MATCH( A39&B39, Insumos!I:I, 0) ), 0 ), "Não encontrado"), IFERROR( INDEX(U:U, MATCH( A39&B39,AG:AG, 0) ), "Não encontrado") ) -> 0 | U39: =T39*G39/1 -> 0 | V39: =IF( C39="INSUMO", IFERROR( IF( INDEX( Insumos!C:C, MATCH( A39&B39, Insumos!I:I, 0) )="Verba", INDEX( Insumos!F:F, MATCH( A39&B39, Insumos!I:I, 0) ), 0 ), "Não encontrado"), IFERROR( INDEX(W:W, MATCH( A39&B39,AG:AG, 0) ), "Não encontrado") ) -> 0 | W39: =V39*G39/1 -> 0 | X39: =IF( C39="INSUMO", IFERROR( IF( INDEX( Insumos!C:C, MATCH( A39&B39, Insumos!I:I, 0) )="Outro", INDEX( Insumos!F:F, MATCH( A39&B39, Insumos!I:I, 0) ), 0 ), "Não encontrado"), IFERROR( INDEX(Y:Y, MATCH( A39&B39,AG:AG, 0) ), "Não encontrado") ) -> 0 | Y39: =X39*G39/1 -> 0 | Z39: =IF( C39="INSUMO", IFERROR( INDEX( Insumos!F:F, MATCH( A39&B39, Insumos!I:I, 0) ), "Não encontrado"), IFERROR( INDEX(AA:AA, MATCH( A39&B39,AG:AG, 0) ), "Não encontrado") ) -> 130.64 | AA39: =G39*Z39 -> 130.64
A40: 103689 | B40: SINAPI | D40: Original | E40: FORNECIMENTO E INSTALAÇÃO DE PLACA DE OBRA COM CHAPA GALVANIZADA E ESTRUTURA DE MADEIRA. AF_03/2022_PS | F40: m² | I40: =SUM(I41:I47) -> 448.99691 | K40: =SUM(K41:K47) -> 55.091648 | M40: =SUM(M41:M47) -> 46.294986 | O40: =SUM(O41:O47) -> 0 | Q40: =SUM(Q41:Q47) -> 0 | S40: =SUM(S41:S47) -> 0 | U40: =SUM(U41:U47) -> 0 | W40: =SUM(W41:W47) -> 0 | Y40: =SUM(Y41:Y47) -> 8.7966615 | AA40: =SUM(AA41:AA47) -> 504.08856 | AF40: Sinalização Vertical Viária | AG40: =A40&B40&C40 -> 103689SINAPI
A41: 102234 | B41: SINAPI | C41: COMPOSICAO | D41: Original | E41: PINTURA IMUNIZANTE PARA MADEIRA, 2 DEMÃOS. AF_01/2021 | F41: m² | G41: 0.5 | H41: =IF( C41="INSUMO", IFERROR( IF( INDEX( Insumos!C:C, MATCH( A41&B41, Insumos!I:I, 0) )="Material", INDEX( Insumos!F:F, MATCH( A41&B41, Insumos!I:I, 0) ), 0 ), "Não encontrado"), IFERROR( INDEX(I:I, MATCH( A41&B41,AG:AG, 0) ), "Não encontrado") ) -> 10.093443 | I41: =H41*G41/1 -> 5.0467215 | J41: =T41 + N41 + L41 + X41 + R41 + P41 + V41 -> 16.89504 | K41: =U41 + O41 + M41 + Y41 + S41 + Q41 + W41 -> 8.4475199 | L41: =IF( C41="INSUMO", IFERROR( IF( INDEX( Insumos!C:C, MATCH( A41&B41, Insumos!I:I, 0) )="Mao_obra", INDEX( Insumos!F:F, MATCH( A41&B41, Insumos!I:I, 0) ), 0 ), "Não encontrado"), IFERROR( INDEX(M:M, MATCH( A41&B41,AG:AG, 0) ), "Não encontrado") ) -> 13.828907 | M41: =L41*G41/1 -> 6.9144534 | N41: =IF( C41="INSUMO", IFERROR( IF( INDEX( Insumos!C:C, MATCH( A41&B41, Insumos!I:I, 0) )="Equipamento", INDEX( Insumos!F:F, MATCH( A41&B41, Insumos!I:I, 0) ), 0 ), "Não encontrado"), IFERROR( INDEX(O:O, MATCH( A41&B41,AG:AG, 0) ), "Não encontrado") ) -> 0 | O41: =N41*G41/1 -> 0 | P41: =IF( C41="INSUMO", IFERROR( IF( INDEX( Insumos!C:C, MATCH( A41&B41, Insumos!I:I, 0) )="Transporte", INDEX( Insumos!F:F, MATCH( A41&B41, Insumos!I:I, 0) ), 0 ), "Não encontrado"), IFERROR( INDEX(Q:Q, MATCH( A41&B41,AG:AG, 0) ), "Não encontrado") ) -> 0 | Q41: =P41*G41/1 -> 0 | R41: =IF( C41="INSUMO", IFERROR( IF( INDEX( Insumos!C:C, MATCH( A41&B41, Insumos!I:I, 0) )="Terceirizados", INDEX( Insumos!F:F, MATCH( A41&B41, Insumos!I:I, 0) ), 0 ), "Não encontrado"), IFERROR( INDEX(S:S, MATCH( A41&B41,AG:AG, 0) ), "Não encontrado") ) -> 0 | S41: =R41*G41/1 -> 0 | T41: =IF( C41="INSUMO", IFERROR( IF( INDEX( Insumos!C:C, MATCH( A41&B41, Insumos!I:I, 0) )="Comissionamento", INDEX( Insumos!F:F, MATCH( A41&B41, Insumos!I:I, 0) ), 0 ), "Não encontrado"), IFERROR( INDEX(U:U, MATCH( A41&B41,AG:AG, 0) ), "Não encontrado") ) -> 0 | U41: =T41*G41/1 -> 0 | V41: =IF( C41="INSUMO", IFERROR( IF( INDEX( Insumos!C:C, MATCH( A41&B41, Insumos!I:I, 0) )="Verba", INDEX( Insumos!F:F, MATCH( A41&B41, Insumos!I:I, 0) ), 0 ), "Não encontrado"), IFERROR( INDEX(W:W, MATCH( A41&B41,AG:AG, 0) ), "Não encontrado") ) -> 0 | W41: =V41*G41/1 -> 0 | X41: =IF( C41="INSUMO", IFERROR( IF( INDEX( Insumos!C:C, MATCH( A41&B41, Insumos!I:I, 0) )="Outro", INDEX( Insumos!F:F, MATCH( A41&B41, Insumos!I:I, 0) ), 0 ), "Não encontrado"), IFERROR( INDEX(Y:Y, MATCH( A41&B41,AG:AG, 0) ), "Não encontrado") ) -> 3.066133 | Y41: =X41*G41/1 -> 1.5330665 | Z41: =IF( C41="INSUMO", IFERROR( INDEX( Insumos!F:F, MATCH( A41&B41, Insumos!I:I, 0) ), "Não encontrado"), IFERROR( INDEX(AA:AA, MATCH( A41&B41,AG:AG, 0) ), "Não encontrado") ) -> 26.988483 | AA41: =G41*Z41 -> 13.494241
A42: 88316 | B42: SINAPI | C42: COMPOSICAO | D42: Original | E42: SERVENTE COM ENCARGOS COMPLEMENTARES | F42: h | G42: 1.1186 | H42: =IF( C42="INSUMO", IFERROR( IF( INDEX( Insumos!C:C, MATCH( A42&B42, Insumos!I:I, 0) )="Material", INDEX( Insumos!F:F, MATCH( A42&B42, Insumos!I:I, 0) ), 0 ), "Não encontrado"), IFERROR( INDEX(I:I, MATCH( A42&B42,AG:AG, 0) ), "Não encontrado") ) -> 0 | I42: =H42*G42/1 -> 0 | J42: =T42 + N42 + L42 + X42 + R42 + P42 + V42 -> 28.04912 | K42: =U42 + O42 + M42 + Y42 + S42 + Q42 + W42 -> 31.375746 | L42: =IF( C42="INSUMO", IFERROR( IF( INDEX( Insumos!C:C, MATCH( A42&B42, Insumos!I:I, 0) )="Mao_obra", INDEX( Insumos!F:F, MATCH( A42&B42, Insumos!I:I, 0) ), 0 ), "Não encontrado"), IFERROR( INDEX(M:M, MATCH( A42&B42,AG:AG, 0) ), "Não encontrado") ) -> 23.07912 | M42: =L42*G42/1 -> 25.816304 | N42: =IF( C42="INSUMO", IFERROR( IF( INDEX( Insumos!C:C, MATCH( A42&B42, Insumos!I:I, 0) )="Equipamento", INDEX( Insumos!F:F, MATCH( A42&B42, Insumos!I:I, 0) ), 0 ), "Não encontrado"), IFERROR( INDEX(O:O, MATCH( A42&B42,AG:AG, 0) ), "Não encontrado") ) -> 0 | O42: =N42*G42/1 -> 0 | P42: =IF( C42="INSUMO", IFERROR( IF( INDEX( Insumos!C:C, MATCH( A42&B42, Insumos!I:I, 0) )="Transporte", INDEX( Insumos!F:F, MATCH( A42&B42, Insumos!I:I, 0) ), 0 ), "Não encontrado"), IFERROR( INDEX(Q:Q, MATCH( A42&B42,AG:AG, 0) ), "Não encontrado") ) -> 0 | Q42: =P42*G42/1 -> 0 | R42: =IF( C42="INSUMO", IFERROR( IF( INDEX( Insumos!C:C, MATCH( A42&B42, Insumos!I:I, 0) )="Terceirizados", INDEX( Insumos!F:F, MATCH( A42&B42, Insumos!I:I, 0) ), 0 ), "Não encontrado"), IFERROR( INDEX(S:S, MATCH( A42&B42,AG:AG, 0) ), "Não encontrado") ) -> 0 | S42: =R42*G42/1 -> 0 | T42: =IF( C42="INSUMO", IFERROR( IF( INDEX( Insumos!C:C, MATCH( A42&B42, Insumos!I:I, 0) )="Comissionamento", INDEX( Insumos!F:F, MATCH( A42&B42, Insumos!I:I, 0) ), 0 ), "Não encontrado"), IFERROR( INDEX(U:U, MATCH( A42&B42,AG:AG, 0) ), "Não encontrado") ) -> 0 | U42: =T42*G42/1 -> 0 | V42: =IF( C42="INSUMO", IFERROR( IF( INDEX( Insumos!C:C, MATCH( A42&B42, Insumos!I:I, 0) )="Verba", INDEX( Insumos!F:F, MATCH( A42&B42, Insumos!I:I, 0) ), 0 ), "Não encontrado"), IFERROR( INDEX(W:W, MATCH( A42&B42,AG:AG, 0) ), "Não encontrado") ) -> 0 | W42: =V42*G42/1 -> 0 | X42: =IF( C42="INSUMO", IFERROR( IF( INDEX( Insumos!C:C, MATCH( A42&B42, Insumos!I:I, 0) )="Outro", INDEX( Insumos!F:F, MATCH( A42&B42, Insumos!I:I, 0) ), 0 ), "Não encontrado"), IFERROR( INDEX(Y:Y, MATCH( A42&B42,AG:AG, 0) ), "Não encontrado") ) -> 4.97 | Y42: =X42*G42/1 -> 5.559442 | Z42: =IF( C42="INSUMO", IFERROR( INDEX( Insumos!F:F, MATCH( A42&B42, Insumos!I:I, 0) ), "Não encontrado"), IFERROR( INDEX(AA:AA, MATCH( A42&B42,AG:AG, 0) ), "Não encontrado") ) -> 28.04912 | AA42: =G42*Z42 -> 31.375746
A43: 88262 | B43: SINAPI | C43: COMPOSICAO | D43: Original | E43: CARPINTEIRO DE FORMAS COM ENCARGOS COMPLEMENTARES | F43: h | G43: 0.3729 | H43: =IF( C43="INSUMO", IFERROR( IF( INDEX( Insumos!C:C, MATCH( A43&B43, Insumos!I:I, 0) )="Material", INDEX( Insumos!F:F, MATCH( A43&B43, Insumos!I:I, 0) ), 0 ), "Não encontrado"), IFERROR( INDEX(I:I, MATCH( A43&B43,AG:AG, 0) ), "Não encontrado") ) -> 0 | I43: =H43*G43/1 -> 0 | J43: =T43 + N43 + L43 + X43 + R43 + P43 + V43 -> 40.944978 | K43: =U43 + O43 + M43 + Y43 + S43 + Q43 + W43 -> 15.268382 | L43: =IF( C43="INSUMO", IFERROR( IF( INDEX( Insumos!C:C, MATCH( A43&B43, Insumos!I:I, 0) )="Mao_obra", INDEX( Insumos!F:F, MATCH( A43&B43, Insumos!I:I, 0) ), 0 ), "Não encontrado"), IFERROR( INDEX(M:M, MATCH( A43&B43,AG:AG, 0) ), "Não encontrado") ) -> 36.374978 | M43: =L43*G43/1 -> 13.564229 | N43: =IF( C43="INSUMO", IFERROR( IF( INDEX( Insumos!C:C, MATCH( A43&B43, Insumos!I:I, 0) )="Equipamento", INDEX( Insumos!F:F, MATCH( A43&B43, Insumos!I:I, 0) ), 0 ), "Não encontrado"), IFERROR( INDEX(O:O, MATCH( A43&B43,AG:AG, 0) ), "Não encontrado") ) -> 0 | O43: =N43*G43/1 -> 0 | P43: =IF( C43="INSUMO", IFERROR( IF( INDEX( Insumos!C:C, MATCH( A43&B43, Insumos!I:I, 0) )="Transporte", INDEX( Insumos!F:F, MATCH( A43&B43, Insumos!I:I, 0) ), 0 ), "Não encontrado"), IFERROR( INDEX(Q:Q, MATCH( A43&B43,AG:AG, 0) ), "Não encontrado") ) -> 0 | Q43: =P43*G43/1 -> 0 | R43: =IF( C43="INSUMO", IFERROR( IF( INDEX( Insumos!C:C, MATCH( A43&B43, Insumos!I:I, 0) )="Terceirizados", INDEX( Insumos!F:F, MATCH( A43&B43, Insumos!I:I, 0) ), 0 ), "Não encontrado"), IFERROR( INDEX(S:S, MATCH( A43&B43,AG:AG, 0) ), "Não encontrado") ) -> 0 | S43: =R43*G43/1 -> 0 | T43: =IF( C43="INSUMO", IFERROR( IF( INDEX( Insumos!C:C, MATCH( A43&B43, Insumos!I:I, 0) )="Comissionamento", INDEX( Insumos!F:F, MATCH( A43&B43, Insumos!I:I, 0) ), 0 ), "Não encontrado"), IFERROR( INDEX(U:U, MATCH( A43&B43,AG:AG, 0) ), "Não encontrado") ) -> 0 | U43: =T43*G43/1 -> 0 | V43: =IF( C43="INSUMO", IFERROR( IF( INDEX( Insumos!C:C, MATCH( A43&B43, Insumos!I:I, 0) )="Verba", INDEX( Insumos!F:F, MATCH( A43&B43, Insumos!I:I, 0) ), 0 ), "Não encontrado"), IFERROR( INDEX(W:W, MATCH( A43&B43,AG:AG, 0) ), "Não encontrado") ) -> 0 | W43: =V43*G43/1 -> 0 | X43: =IF( C43="INSUMO", IFERROR( IF( INDEX( Insumos!C:C, MATCH( A43&B43, Insumos!I:I, 0) )="Outro", INDEX( Insumos!F:F, MATCH( A43&B43, Insumos!I:I, 0) ), 0 ), "Não encontrado"), IFERROR( INDEX(Y:Y, MATCH( A43&B43,AG:AG, 0) ), "Não encontrado") ) -> 4.57 | Y43: =X43*G43/1 -> 1.704153 | Z43: =IF( C43="INSUMO", IFERROR( INDEX( Insumos!F:F, MATCH( A43&B43, Insumos!I:I, 0) ), "Não encontrado"), IFERROR( INDEX(AA:AA, MATCH( A43&B43,AG:AG, 0) ), "Não encontrado") ) -> 40.944978 | AA43: =G43*Z43 -> 15.268382
A44: 5069 | B44: SINAPI | C44: INSUMO | D44: Original | E44: PREGO DE ACO POLIDO COM CABECA 17 X 27 (2 1/2 X 11) | F44: kg | G44: 0.0132 | H44: =IF( C44="INSUMO", IFERROR( IF( INDEX( Insumos!C:C, MATCH( A44&B44, Insumos!I:I, 0) )="Material", INDEX( Insumos!F:F, MATCH( A44&B44, Insumos!I:I, 0) ), 0 ), "Não encontrado"), IFERROR( INDEX(I:I, MATCH( A44&B44,AG:AG, 0) ), "Não encontrado") ) -> 15.42 | I44: =H44*G44/1 -> 0.203544 | J44: =T44 + N44 + L44 + X44 + R44 + P44 + V44 -> 0 | K44: =U44 + O44 + M44 + Y44 + S44 + Q44 + W44 -> 0 | L44: =IF( C44="INSUMO", IFERROR( IF( INDEX( Insumos!C:C, MATCH( A44&B44, Insumos!I:I, 0) )="Mao_obra", INDEX( Insumos!F:F, MATCH( A44&B44, Insumos!I:I, 0) ), 0 ), "Não encontrado"), IFERROR( INDEX(M:M, MATCH( A44&B44,AG:AG, 0) ), "Não encontrado") ) -> 0 | M44: =L44*G44/1 -> 0 | N44: =IF( C44="INSUMO", IFERROR( IF( INDEX( Insumos!C:C, MATCH( A44&B44, Insumos!I:I, 0) )="Equipamento", INDEX( Insumos!F:F, MATCH( A44&B44, Insumos!I:I, 0) ), 0 ), "Não encontrado"), IFERROR( INDEX(O:O, MATCH( A44&B44,AG:AG, 0) ), "Não encontrado") ) -> 0 | O44: =N44*G44/1 -> 0 | P44: =IF( C44="INSUMO", IFERROR( IF( INDEX( Insumos!C:C, MATCH( A44&B44, Insumos!I:I, 0) )="Transporte", INDEX( Insumos!F:F, MATCH( A44&B44, Insumos!I:I, 0) ), 0 ), "Não encontrado"), IFERROR( INDEX(Q:Q, MATCH( A44&B44,AG:AG, 0) ), "Não encontrado") ) -> 0 | Q44: =P44*G44/1 -> 0 | R44: =IF( C44="INSUMO", IFERROR( IF( INDEX( Insumos!C:C, MATCH( A44&B44, Insumos!I:I, 0) )="Terceirizados", INDEX( Insumos!F:F, MATCH( A44&B44, Insumos!I:I, 0) ), 0 ), "Não encontrado"), IFERROR( INDEX(S:S, MATCH( A44&B44,AG:AG, 0) ), "Não encontrado") ) -> 0 | S44: =R44*G44/1 -> 0 | T44: =IF( C44="INSUMO", IFERROR( IF( INDEX( Insumos!C:C, MATCH( A44&B44, Insumos!I:I, 0) )="Comissionamento", INDEX( Insumos!F:F, MATCH( A44&B44, Insumos!I:I, 0) ), 0 ), "Não encontrado"), IFERROR( INDEX(U:U, MATCH( A44&B44,AG:AG, 0) ), "Não encontrado") ) -> 0 | U44: =T44*G44/1 -> 0 | V44: =IF( C44="INSUMO", IFERROR( IF( INDEX( Insumos!C:C, MATCH( A44&B44, Insumos!I:I, 0) )="Verba", INDEX( Insumos!F:F, MATCH( A44&B44, Insumos!I:I, 0) ), 0 ), "Não encontrado"), IFERROR( INDEX(W:W, MATCH( A44&B44,AG:AG, 0) ), "Não encontrado") ) -> 0 | W44: =V44*G44/1 -> 0 | X44: =IF( C44="INSUMO", IFERROR( IF( INDEX( Insumos!C:C, MATCH( A44&B44, Insumos!I:I, 0) )="Outro", INDEX( Insumos!F:F, MATCH( A44&B44, Insumos!I:I, 0) ), 0 ), "Não encontrado"), IFERROR( INDEX(Y:Y, MATCH( A44&B44,AG:AG, 0) ), "Não encontrado") ) -> 0 | Y44: =X44*G44/1 -> 0 | Z44: =IF( C44="INSUMO", IFERROR( INDEX( Insumos!F:F, MATCH( A44&B44, Insumos!I:I, 0) ), "Não encontrado"), IFERROR( INDEX(AA:AA, MATCH( A44&B44,AG:AG, 0) ), "Não encontrado") ) -> 15.42 | AA44: =G44*Z44 -> 0.203544
A45: 5065 | B45: SINAPI | C45: INSUMO | D45: Original | E45: PREGO DE ACO POLIDO COM CABECA 10 X 10 (7/8 X 17) | F45: kg | G45: 0.0113 | H45: =IF( C45="INSUMO", IFERROR( IF( INDEX( Insumos!C:C, MATCH( A45&B45, Insumos!I:I, 0) )="Material", INDEX( Insumos!F:F, MATCH( A45&B45, Insumos!I:I, 0) ), 0 ), "Não encontrado"), IFERROR( INDEX(I:I, MATCH( A45&B45,AG:AG, 0) ), "Não encontrado") ) -> 28.77 | I45: =H45*G45/1 -> 0.325101 | J45: =T45 + N45 + L45 + X45 + R45 + P45 + V45 -> 0 | K45: =U45 + O45 + M45 + Y45 + S45 + Q45 + W45 -> 0 | L45: =IF( C45="INSUMO", IFERROR( IF( INDEX( Insumos!C:C, MATCH( A45&B45, Insumos!I:I, 0) )="Mao_obra", INDEX( Insumos!F:F, MATCH( A45&B45, Insumos!I:I, 0) ), 0 ), "Não encontrado"), IFERROR( INDEX(M:M, MATCH( A45&B45,AG:AG, 0) ), "Não encontrado") ) -> 0 | M45: =L45*G45/1 -> 0 | N45: =IF( C45="INSUMO", IFERROR( IF( INDEX( Insumos!C:C, MATCH( A45&B45, Insumos!I:I, 0) )="Equipamento", INDEX( Insumos!F:F, MATCH( A45&B45, Insumos!I:I, 0) ), 0 ), "Não encontrado"), IFERROR( INDEX(O:O, MATCH( A45&B45,AG:AG, 0) ), "Não encontrado") ) -> 0 | O45: =N45*G45/1 -> 0 | P45: =IF( C45="INSUMO", IFERROR( IF( INDEX( Insumos!C:C, MATCH( A45&B45, Insumos!I:I, 0) )="Transporte", INDEX( Insumos!F:F, MATCH( A45&B45, Insumos!I:I, 0) ), 0 ), "Não encontrado"), IFERROR( INDEX(Q:Q, MATCH( A45&B45,AG:AG, 0) ), "Não encontrado") ) -> 0 | Q45: =P45*G45/1 -> 0 | R45: =IF( C45="INSUMO", IFERROR( IF( INDEX( Insumos!C:C, MATCH( A45&B45, Insumos!I:I, 0) )="Terceirizados", INDEX( Insumos!F:F, MATCH( A45&B45, Insumos!I:I, 0) ), 0 ), "Não encontrado"), IFERROR( INDEX(S:S, MATCH( A45&B45,AG:AG, 0) ), "Não encontrado") ) -> 0 | S45: =R45*G45/1 -> 0 | T45: =IF( C45="INSUMO", IFERROR( IF( INDEX( Insumos!C:C, MATCH( A45&B45, Insumos!I:I, 0) )="Comissionamento", INDEX( Insumos!F:F, MATCH( A45&B45, Insumos!I:I, 0) ), 0 ), "Não encontrado"), IFERROR( INDEX(U:U, MATCH( A45&B45,AG:AG, 0) ), "Não encontrado") ) -> 0 | U45: =T45*G45/1 -> 0 | V45: =IF( C45="INSUMO", IFERROR( IF( INDEX( Insumos!C:C, MATCH( A45&B45, Insumos!I:I, 0) )="Verba", INDEX( Insumos!F:F, MATCH( A45&B45, Insumos!I:I, 0) ), 0 ), "Não encontrado"), IFERROR( INDEX(W:W, MATCH( A45&B45,AG:AG, 0) ), "Não encontrado") ) -> 0 | W45: =V45*G45/1 -> 0 | X45: =IF( C45="INSUMO", IFERROR( IF( INDEX( Insumos!C:C, MATCH( A45&B45, Insumos!I:I, 0) )="Outro", INDEX( Insumos!F:F, MATCH( A45&B45, Insumos!I:I, 0) ), 0 ), "Não encontrado"), IFERROR( INDEX(Y:Y, MATCH( A45&B45,AG:AG, 0) ), "Não encontrado") ) -> 0 | Y45: =X45*G45/1 -> 0 | Z45: =IF( C45="INSUMO", IFERROR( INDEX( Insumos!F:F, MATCH( A45&B45, Insumos!I:I, 0) ), "Não encontrado"), IFERROR( INDEX(AA:AA, MATCH( A45&B45,AG:AG, 0) ), "Não encontrado") ) -> 28.77 | AA45: =G45*Z45 -> 0.325101
A46: 4813 | B46: SINAPI | C46: INSUMO | D46: Original | E46: PLACA DE OBRA (PARA CONSTRUCAO CIVIL) EM CHAPA GALVANIZADA *N. 22*, ADESIVADA, DE *2,4 X 1,2* M (SEM POSTES PARA FIXACAO) | F46: m² | G46: 1 | H46: =IF( C46="INSUMO", IFERROR( IF( INDEX( Insumos!C:C, MATCH( A46&B46, Insumos!I:I, 0) )="Material", INDEX( Insumos!F:F, MATCH( A46&B46, Insumos!I:I, 0) ), 0 ), "Não encontrado"), IFERROR( INDEX(I:I, MATCH( A46&B46,AG:AG, 0) ), "Não encontrado") ) -> 432 | I46: =H46*G46/1 -> 432 | J46: =T46 + N46 + L46 + X46 + R46 + P46 + V46 -> 0 | K46: =U46 + O46 + M46 + Y46 + S46 + Q46 + W46 -> 0 | L46: =IF( C46="INSUMO", IFERROR( IF( INDEX( Insumos!C:C, MATCH( A46&B46, Insumos!I:I, 0) )="Mao_obra", INDEX( Insumos!F:F, MATCH( A46&B46, Insumos!I:I, 0) ), 0 ), "Não encontrado"), IFERROR( INDEX(M:M, MATCH( A46&B46,AG:AG, 0) ), "Não encontrado") ) -> 0 | M46: =L46*G46/1 -> 0 | N46: =IF( C46="INSUMO", IFERROR( IF( INDEX( Insumos!C:C, MATCH( A46&B46, Insumos!I:I, 0) )="Equipamento", INDEX( Insumos!F:F, MATCH( A46&B46, Insumos!I:I, 0) ), 0 ), "Não encontrado"), IFERROR( INDEX(O:O, MATCH( A46&B46,AG:AG, 0) ), "Não encontrado") ) -> 0 | O46: =N46*G46/1 -> 0 | P46: =IF( C46="INSUMO", IFERROR( IF( INDEX( Insumos!C:C, MATCH( A46&B46, Insumos!I:I, 0) )="Transporte", INDEX( Insumos!F:F, MATCH( A46&B46, Insumos!I:I, 0) ), 0 ), "Não encontrado"), IFERROR( INDEX(Q:Q, MATCH( A46&B46,AG:AG, 0) ), "Não encontrado") ) -> 0 | Q46: =P46*G46/1 -> 0 | R46: =IF( C46="INSUMO", IFERROR( IF( INDEX( Insumos!C:C, MATCH( A46&B46, Insumos!I:I, 0) )="Terceirizados", INDEX( Insumos!F:F, MATCH( A46&B46, Insumos!I:I, 0) ), 0 ), "Não encontrado"), IFERROR( INDEX(S:S, MATCH( A46&B46,AG:AG, 0) ), "Não encontrado") ) -> 0 | S46: =R46*G46/1 -> 0 | T46: =IF( C46="INSUMO", IFERROR( IF( INDEX( Insumos!C:C, MATCH( A46&B46, Insumos!I:I, 0) )="Comissionamento", INDEX( Insumos!F:F, MATCH( A46&B46, Insumos!I:I, 0) ), 0 ), "Não encontrado"), IFERROR( INDEX(U:U, MATCH( A46&B46,AG:AG, 0) ), "Não encontrado") ) -> 0 | U46: =T46*G46/1 -> 0 | V46: =IF( C46="INSUMO", IFERROR( IF( INDEX( Insumos!C:C, MATCH( A46&B46, Insumos!I:I, 0) )="Verba", INDEX( Insumos!F:F, MATCH( A46&B46, Insumos!I:I, 0) ), 0 ), "Não encontrado"), IFERROR( INDEX(W:W, MATCH( A46&B46,AG:AG, 0) ), "Não encontrado") ) -> 0 | W46: =V46*G46/1 -> 0 | X46: =IF( C46="INSUMO", IFERROR( IF( INDEX( Insumos!C:C, MATCH( A46&B46, Insumos!I:I, 0) )="Outro", INDEX( Insumos!F:F, MATCH( A46&B46, Insumos!I:I, 0) ), 0 ), "Não encontrado"), IFERROR( INDEX(Y:Y, MATCH( A46&B46,AG:AG, 0) ), "Não encontrado") ) -> 0 | Y46: =X46*G46/1 -> 0 | Z46: =IF( C46="INSUMO", IFERROR( INDEX( Insumos!F:F, MATCH( A46&B46, Insumos!I:I, 0) ), "Não encontrado"), IFERROR( INDEX(AA:AA, MATCH( A46&B46,AG:AG, 0) ), "Não encontrado") ) -> 432 | AA46: =G46*Z46 -> 432
A47: 4509 | B47: SINAPI | C47: INSUMO | D47: Original | E47: SARRAFO *2,5 X 10* CM EM PINUS, MISTA OU EQUIVALENTE DA REGIAO - BRUTA | F47: m | G47: 3.2083 | H47: =IF( C47="INSUMO", IFERROR( IF( INDEX( Insumos!C:C, MATCH( A47&B47, Insumos!I:I, 0) )="Material", INDEX( Insumos!F:F, MATCH( A47&B47, Insumos!I:I, 0) ), 0 ), "Não encontrado"), IFERROR( INDEX(I:I, MATCH( A47&B47,AG:AG, 0) ), "Não encontrado") ) -> 3.56 | I47: =H47*G47/1 -> 11.421548 | J47: =T47 + N47 + L47 + X47 + R47 + P47 + V47 -> 0 | K47: =U47 + O47 + M47 + Y47 + S47 + Q47 + W47 -> 0 | L47: =IF( C47="INSUMO", IFERROR( IF( INDEX( Insumos!C:C, MATCH( A47&B47, Insumos!I:I, 0) )="Mao_obra", INDEX( Insumos!F:F, MATCH( A47&B47, Insumos!I:I, 0) ), 0 ), "Não encontrado"), IFERROR( INDEX(M:M, MATCH( A47&B47,AG:AG, 0) ), "Não encontrado") ) -> 0 | M47: =L47*G47/1 -> 0 | N47: =IF( C47="INSUMO", IFERROR( IF( INDEX( Insumos!C:C, MATCH( A47&B47, Insumos!I:I, 0) )="Equipamento", INDEX( Insumos!F:F, MATCH( A47&B47, Insumos!I:I, 0) ), 0 ), "Não encontrado"), IFERROR( INDEX(O:O, MATCH( A47&B47,AG:AG, 0) ), "Não encontrado") ) -> 0 | O47: =N47*G47/1 -> 0 | P47: =IF( C47="INSUMO", IFERROR( IF( INDEX( Insumos!C:C, MATCH( A47&B47, Insumos!I:I, 0) )="Transporte", INDEX( Insumos!F:F, MATCH( A47&B47, Insumos!I:I, 0) ), 0 ), "Não encontrado"), IFERROR( INDEX(Q:Q, MATCH( A47&B47,AG:AG, 0) ), "Não encontrado") ) -> 0 | Q47: =P47*G47/1 -> 0 | R47: =IF( C47="INSUMO", IFERROR( IF( INDEX( Insumos!C:C, MATCH( A47&B47, Insumos!I:I, 0) )="Terceirizados", INDEX( Insumos!F:F, MATCH( A47&B47, Insumos!I:I, 0) ), 0 ), "Não encontrado"), IFERROR( INDEX(S:S, MATCH( A47&B47,AG:AG, 0) ), "Não encontrado") ) -> 0 | S47: =R47*G47/1 -> 0 | T47: =IF( C47="INSUMO", IFERROR( IF( INDEX( Insumos!C:C, MATCH( A47&B47, Insumos!I:I, 0) )="Comissionamento", INDEX( Insumos!F:F, MATCH( A47&B47, Insumos!I:I, 0) ), 0 ), "Não encontrado"), IFERROR( INDEX(U:U, MATCH( A47&B47,AG:AG, 0) ), "Não encontrado") ) -> 0 | U47: =T47*G47/1 -> 0 | V47: =IF( C47="INSUMO", IFERROR( IF( INDEX( Insumos!C:C, MATCH( A47&B47, Insumos!I:I, 0) )="Verba", INDEX( Insumos!F:F, MATCH( A47&B47, Insumos!I:I, 0) ), 0 ), "Não encontrado"), IFERROR( INDEX(W:W, MATCH( A47&B47,AG:AG, 0) ), "Não encontrado") ) -> 0 | W47: =V47*G47/1 -> 0 | X47: =IF( C47="INSUMO", IFERROR( IF( INDEX( Insumos!C:C, MATCH( A47&B47, Insumos!I:I, 0) )="Outro", INDEX( Insumos!F:F, MATCH( A47&B47, Insumos!I:I, 0) ), 0 ), "Não encontrado"), IFERROR( INDEX(Y:Y, MATCH( A47&B47,AG:AG, 0) ), "Não encontrado") ) -> 0 | Y47: =X47*G47/1 -> 0 | Z47: =IF( C47="INSUMO", IFERROR( INDEX( Insumos!F:F, MATCH( A47&B47, Insumos!I:I, 0) ), "Não encontrado"), IFERROR( INDEX(AA:AA, MATCH( A47&B47,AG:AG, 0) ), "Não encontrado") ) -> 3.56 | AA47: =G47*Z47 -> 11.421548
A48: 98459 | B48: SINAPI | D48: Original | E48: TAPUME COM TELHA METÁLICA. AF_03/2024 | F48: m² | I48: =SUM(I49:I57) -> 56.92852 | K48: =SUM(K49:K57) -> 47.13374 | M48: =SUM(M49:M57) -> 41.200651 | O48: =SUM(O49:O57) -> 0.0037524936 | Q48: =SUM(Q49:Q57) -> 0 | S48: =SUM(S49:S57) -> 0 | U48: =SUM(U49:U57) -> 0 | W48: =SUM(W49:W57) -> 0 | Y48: =SUM(Y49:Y57) -> 5.9293362 | AA48: =SUM(AA49:AA57) -> 104.06226 | AF48: Instalações para Canteiros de Obras | AG48: =A48&B48&C48 -> 98459SINAPI
A49: 94974 | B49: SINAPI | C49: COMPOSICAO | D49: Original | E49: CONCRETO MAGRO PARA LASTRO, TRAÇO 1:4,5:4,5 (EM MASSA SECA DE CIMENTO/ AREIA MÉDIA/ BRITA 1) - PREPARO MANUAL. AF_05/2021 | F49: m³ | G49: 0.0061 | H49: =IF( C49="INSUMO", IFERROR( IF( INDEX( Insumos!C:C, MATCH( A49&B49, Insumos!I:I, 0) )="Material", INDEX( Insumos!F:F, MATCH( A49&B49, Insumos!I:I, 0) ), 0 ), "Não encontrado"), IFERROR( INDEX(I:I, MATCH( A49&B49,AG:AG, 0) ), "Não encontrado") ) -> 396.92562 | I49: =H49*G49/1 -> 2.4212463 | J49: =T49 + N49 + L49 + X49 + R49 + P49 + V49 -> 176.31116 | K49: =U49 + O49 + M49 + Y49 + S49 + Q49 + W49 -> 1.0754981 | L49: =IF( C49="INSUMO", IFERROR( IF( INDEX( Insumos!C:C, MATCH( A49&B49, Insumos!I:I, 0) )="Mao_obra", INDEX( Insumos!F:F, MATCH( A49&B49, Insumos!I:I, 0) ), 0 ), "Não encontrado"), IFERROR( INDEX(M:M, MATCH( A49&B49,AG:AG, 0) ), "Não encontrado") ) -> 145.07073 | M49: =L49*G49/1 -> 0.88493147 | N49: =IF( C49="INSUMO", IFERROR( IF( INDEX( Insumos!C:C, MATCH( A49&B49, Insumos!I:I, 0) )="Equipamento", INDEX( Insumos!F:F, MATCH( A49&B49, Insumos!I:I, 0) ), 0 ), "Não encontrado"), IFERROR( INDEX(O:O, MATCH( A49&B49,AG:AG, 0) ), "Não encontrado") ) -> 0 | O49: =N49*G49/1 -> 0 | P49: =IF( C49="INSUMO", IFERROR( IF( INDEX( Insumos!C:C, MATCH( A49&B49, Insumos!I:I, 0) )="Transporte", INDEX( Insumos!F:F, MATCH( A49&B49, Insumos!I:I, 0) ), 0 ), "Não encontrado"), IFERROR( INDEX(Q:Q, MATCH( A49&B49,AG:AG, 0) ), "Não encontrado") ) -> 0 | Q49: =P49*G49/1 -> 0 | R49: =IF( C49="INSUMO", IFERROR( IF( INDEX( Insumos!C:C, MATCH( A49&B49, Insumos!I:I, 0) )="Terceirizados", INDEX( Insumos!F:F, MATCH( A49&B49, Insumos!I:I, 0) ), 0 ), "Não encontrado"), IFERROR( INDEX(S:S, MATCH( A49&B49,AG:AG, 0) ), "Não encontrado") ) -> 0 | S49: =R49*G49/1 -> 0 | T49: =IF( C49="INSUMO", IFERROR( IF( INDEX( Insumos!C:C, MATCH( A49&B49, Insumos!I:I, 0) )="Comissionamento", INDEX( Insumos!F:F, MATCH( A49&B49, Insumos!I:I, 0) ), 0 ), "Não encontrado"), IFERROR( INDEX(U:U, MATCH( A49&B49,AG:AG, 0) ), "Não encontrado") ) -> 0 | U49: =T49*G49/1 -> 0 | V49: =IF( C49="INSUMO", IFERROR( IF( INDEX( Insumos!C:C, MATCH( A49&B49, Insumos!I:I, 0) )="Verba", INDEX( Insumos!F:F, MATCH( A49&B49, Insumos!I:I, 0) ), 0 ), "Não encontrado"), IFERROR( INDEX(W:W, MATCH( A49&B49,AG:AG, 0) ), "Não encontrado") ) -> 0 | W49: =V49*G49/1 -> 0 | X49: =IF( C49="INSUMO", IFERROR( IF( INDEX( Insumos!C:C, MATCH( A49&B49, Insumos!I:I, 0) )="Outro", INDEX( Insumos!F:F, MATCH( A49&B49, Insumos!I:I, 0) ), 0 ), "Não encontrado"), IFERROR( INDEX(Y:Y, MATCH( A49&B49,AG:AG, 0) ), "Não encontrado") ) -> 31.240426 | Y49: =X49*G49/1 -> 0.1905666 | Z49: =IF( C49="INSUMO", IFERROR( INDEX( Insumos!F:F, MATCH( A49&B49, Insumos!I:I, 0) ), "Não encontrado"), IFERROR( INDEX(AA:AA, MATCH( A49&B49,AG:AG, 0) ), "Não encontrado") ) -> 573.23678 | AA49: =G49*Z49 -> 3.4967444
A50: 91693 | B50: SINAPI | C50: COMPOSICAO | D50: Original | E50: SERRA CIRCULAR DE BANCADA COM MOTOR ELÉTRICO POTÊNCIA DE 5HP, COM COIFA PARA DISCO 10" - CHI DIURNO. AF_08/2015 | F50: CHI | G50: 0.0264 | H50: =IF( C50="INSUMO", IFERROR( IF( INDEX( Insumos!C:C, MATCH( A50&B50, Insumos!I:I, 0) )="Material", INDEX( Insumos!F:F, MATCH( A50&B50, Insumos!I:I, 0) ), 0 ), "Não encontrado"), IFERROR( INDEX(I:I, MATCH( A50&B50,AG:AG, 0) ), "Não encontrado") ) -> 0 | I50: =H50*G50/1 -> 0 | J50: =T50 + N50 + L50 + X50 + R50 + P50 + V50 -> 40.621444 | K50: =U50 + O50 + M50 + Y50 + S50 + Q50 + W50 -> 1.0724061 | L50: =IF( C50="INSUMO", IFERROR( IF( INDEX( Insumos!C:C, MATCH( A50&B50, Insumos!I:I, 0) )="Mao_obra", INDEX( Insumos!F:F, MATCH( A50&B50, Insumos!I:I, 0) ), 0 ), "Não encontrado"), IFERROR( INDEX(M:M, MATCH( A50&B50,AG:AG, 0) ), "Não encontrado") ) -> 36.769479 | M50: =L50*G50/1 -> 0.97071425 | N50: =IF( C50="INSUMO", IFERROR( IF( INDEX( Insumos!C:C, MATCH( A50&B50, Insumos!I:I, 0) )="Equipamento", INDEX( Insumos!F:F, MATCH( A50&B50, Insumos!I:I, 0) ), 0 ), "Não encontrado"), IFERROR( INDEX(O:O, MATCH( A50&B50,AG:AG, 0) ), "Não encontrado") ) -> 0.10196483 | O50: =N50*G50/1 -> 0.0026918715 | P50: =IF( C50="INSUMO", IFERROR( IF( INDEX( Insumos!C:C, MATCH( A50&B50, Insumos!I:I, 0) )="Transporte", INDEX( Insumos!F:F, MATCH( A50&B50, Insumos!I:I, 0) ), 0 ), "Não encontrado"), IFERROR( INDEX(Q:Q, MATCH( A50&B50,AG:AG, 0) ), "Não encontrado") ) -> 0 | Q50: =P50*G50/1 -> 0 | R50: =IF( C50="INSUMO", IFERROR( IF( INDEX( Insumos!C:C, MATCH( A50&B50, Insumos!I:I, 0) )="Terceirizados", INDEX( Insumos!F:F, MATCH( A50&B50, Insumos!I:I, 0) ), 0 ), "Não encontrado"), IFERROR( INDEX(S:S, MATCH( A50&B50,AG:AG, 0) ), "Não encontrado") ) -> 0 | S50: =R50*G50/1 -> 0 | T50: =IF( C50="INSUMO", IFERROR( IF( INDEX( Insumos!C:C, MATCH( A50&B50, Insumos!I:I, 0) )="Comissionamento", INDEX( Insumos!F:F, MATCH( A50&B50, Insumos!I:I, 0) ), 0 ), "Não encontrado"), IFERROR( INDEX(U:U, MATCH( A50&B50,AG:AG, 0) ), "Não encontrado") ) -> 0 | U50: =T50*G50/1 -> 0 | V50: =IF( C50="INSUMO", IFERROR( IF( INDEX( Insumos!C:C, MATCH( A50&B50, Insumos!I:I, 0) )="Verba", INDEX( Insumos!F:F, MATCH( A50&B50, Insumos!I:I, 0) ), 0 ), "Não encontrado"), IFERROR( INDEX(W:W, MATCH( A50&B50,AG:AG, 0) ), "Não encontrado") ) -> 0 | W50: =V50*G50/1 -> 0 | X50: =IF( C50="INSUMO", IFERROR( IF( INDEX( Insumos!C:C, MATCH( A50&B50, Insumos!I:I, 0) )="Outro", INDEX( Insumos!F:F, MATCH( A50&B50, Insumos!I:I, 0) ), 0 ), "Não encontrado"), IFERROR( INDEX(Y:Y, MATCH( A50&B50,AG:AG, 0) ), "Não encontrado") ) -> 3.75 | Y50: =X50*G50/1 -> 0.099 | Z50: =IF( C50="INSUMO", IFERROR( INDEX( Insumos!F:F, MATCH( A50&B50, Insumos!I:I, 0) ), "Não encontrado"), IFERROR( INDEX(AA:AA, MATCH( A50&B50,AG:AG, 0) ), "Não encontrado") ) -> 40.621444 | AA50: =G50*Z50 -> 1.0724061
A51: 91692 | B51: SINAPI | C51: COMPOSICAO | D51: Original | E51: SERRA CIRCULAR DE BANCADA COM MOTOR ELÉTRICO POTÊNCIA DE 5HP, COM COIFA PARA DISCO 10" - CHP DIURNO. AF_08/2015 | F51: CHP | G51: 0.0066 | H51: =IF( C51="INSUMO", IFERROR( IF( INDEX( Insumos!C:C, MATCH( A51&B51, Insumos!I:I, 0) )="Material", INDEX( Insumos!F:F, MATCH( A51&B51, Insumos!I:I, 0) ), 0 ), "Não encontrado"), IFERROR( INDEX(I:I, MATCH( A51&B51,AG:AG, 0) ), "Não encontrado") ) -> 0 | I51: =H51*G51/1 -> 0 | J51: =T51 + N51 + L51 + X51 + R51 + P51 + V51 -> 41.836179 | K51: =U51 + O51 + M51 + Y51 + S51 + Q51 + W51 -> 0.27611878 | L51: =IF( C51="INSUMO", IFERROR( IF( INDEX( Insumos!C:C, MATCH( A51&B51, Insumos!I:I, 0) )="Mao_obra", INDEX( Insumos!F:F, MATCH( A51&B51, Insumos!I:I, 0) ), 0 ), "Não encontrado"), IFERROR( INDEX(M:M, MATCH( A51&B51,AG:AG, 0) ), "Não encontrado") ) -> 36.769479 | M51: =L51*G51/1 -> 0.24267856 | N51: =IF( C51="INSUMO", IFERROR( IF( INDEX( Insumos!C:C, MATCH( A51&B51, Insumos!I:I, 0) )="Equipamento", INDEX( Insumos!F:F, MATCH( A51&B51, Insumos!I:I, 0) ), 0 ), "Não encontrado"), IFERROR( INDEX(O:O, MATCH( A51&B51,AG:AG, 0) ), "Não encontrado") ) -> 0.16070033 | O51: =N51*G51/1 -> 0.0010606222 | P51: =IF( C51="INSUMO", IFERROR( IF( INDEX( Insumos!C:C, MATCH( A51&B51, Insumos!I:I, 0) )="Transporte", INDEX( Insumos!F:F, MATCH( A51&B51, Insumos!I:I, 0) ), 0 ), "Não encontrado"), IFERROR( INDEX(Q:Q, MATCH( A51&B51,AG:AG, 0) ), "Não encontrado") ) -> 0 | Q51: =P51*G51/1 -> 0 | R51: =IF( C51="INSUMO", IFERROR( IF( INDEX( Insumos!C:C, MATCH( A51&B51, Insumos!I:I, 0) )="Terceirizados", INDEX( Insumos!F:F, MATCH( A51&B51, Insumos!I:I, 0) ), 0 ), "Não encontrado"), IFERROR( INDEX(S:S, MATCH( A51&B51,AG:AG, 0) ), "Não encontrado") ) -> 0 | S51: =R51*G51/1 -> 0 | T51: =IF( C51="INSUMO", IFERROR( IF( INDEX( Insumos!C:C, MATCH( A51&B51, Insumos!I:I, 0) )="Comissionamento", INDEX( Insumos!F:F, MATCH( A51&B51, Insumos!I:I, 0) ), 0 ), "Não encontrado"), IFERROR( INDEX(U:U, MATCH( A51&B51,AG:AG, 0) ), "Não encontrado") ) -> 0 | U51: =T51*G51/1 -> 0 | V51: =IF( C51="INSUMO", IFERROR( IF( INDEX( Insumos!C:C, MATCH( A51&B51, Insumos!I:I, 0) )="Verba", INDEX( Insumos!F:F, MATCH( A51&B51, Insumos!I:I, 0) ), 0 ), "Não encontrado"), IFERROR( INDEX(W:W, MATCH( A51&B51,AG:AG, 0) ), "Não encontrado") ) -> 0 | W51: =V51*G51/1 -> 0 | X51: =IF( C51="INSUMO", IFERROR( IF( INDEX( Insumos!C:C, MATCH( A51&B51, Insumos!I:I, 0) )="Outro", INDEX( Insumos!F:F, MATCH( A51&B51, Insumos!I:I, 0) ), 0 ), "Não encontrado"), IFERROR( INDEX(Y:Y, MATCH( A51&B51,AG:AG, 0) ), "Não encontrado") ) -> 4.906 | Y51: =X51*G51/1 -> 0.0323796 | Z51: =IF( C51="INSUMO", IFERROR( INDEX( Insumos!F:F, MATCH( A51&B51, Insumos!I:I, 0) ), "Não encontrado"), IFERROR( INDEX(AA:AA, MATCH( A51&B51,AG:AG, 0) ), "Não encontrado") ) -> 41.836179 | AA51: =G51*Z51 -> 0.27611878
A52: 88262 | B52: SINAPI | C52: COMPOSICAO | D52: Original | E52: CARPINTEIRO DE FORMAS COM ENCARGOS COMPLEMENTARES | F52: h | G52: 0.735 | H52: =IF( C52="INSUMO", IFERROR( IF( INDEX( Insumos!C:C, MATCH( A52&B52, Insumos!I:I, 0) )="Material", INDEX( Insumos!F:F, MATCH( A52&B52, Insumos!I:I, 0) ), 0 ), "Não encontrado"), IFERROR( INDEX(I:I, MATCH( A52&B52,AG:AG, 0) ), "Não encontrado") ) -> 0 | I52: =H52*G52/1 -> 0 | J52: =T52 + N52 + L52 + X52 + R52 + P52 + V52 -> 40.944978 | K52: =U52 + O52 + M52 + Y52 + S52 + Q52 + W52 -> 30.094559 | L52: =IF( C52="INSUMO", IFERROR( IF( INDEX( Insumos!C:C, MATCH( A52&B52, Insumos!I:I, 0) )="Mao_obra", INDEX( Insumos!F:F, MATCH( A52&B52, Insumos!I:I, 0) ), 0 ), "Não encontrado"), IFERROR( INDEX(M:M, MATCH( A52&B52,AG:AG, 0) ), "Não encontrado") ) -> 36.374978 | M52: =L52*G52/1 -> 26.735609 | N52: =IF( C52="INSUMO", IFERROR( IF( INDEX( Insumos!C:C, MATCH( A52&B52, Insumos!I:I, 0) )="Equipamento", INDEX( Insumos!F:F, MATCH( A52&B52, Insumos!I:I, 0) ), 0 ), "Não encontrado"), IFERROR( INDEX(O:O, MATCH( A52&B52,AG:AG, 0) ), "Não encontrado") ) -> 0 | O52: =N52*G52/1 -> 0 | P52: =IF( C52="INSUMO", IFERROR( IF( INDEX( Insumos!C:C, MATCH( A52&B52, Insumos!I:I, 0) )="Transporte", INDEX( Insumos!F:F, MATCH( A52&B52, Insumos!I:I, 0) ), 0 ), "Não encontrado"), IFERROR( INDEX(Q:Q, MATCH( A52&B52,AG:AG, 0) ), "Não encontrado") ) -> 0 | Q52: =P52*G52/1 -> 0 | R52: =IF( C52="INSUMO", IFERROR( IF( INDEX( Insumos!C:C, MATCH( A52&B52, Insumos!I:I, 0) )="Terceirizados", INDEX( Insumos!F:F, MATCH( A52&B52, Insumos!I:I, 0) ), 0 ), "Não encontrado"), IFERROR( INDEX(S:S, MATCH( A52&B52,AG:AG, 0) ), "Não encontrado") ) -> 0 | S52: =R52*G52/1 -> 0 | T52: =IF( C52="INSUMO", IFERROR( IF( INDEX( Insumos!C:C, MATCH( A52&B52, Insumos!I:I, 0) )="Comissionamento", INDEX( Insumos!F:F, MATCH( A52&B52, Insumos!I:I, 0) ), 0 ), "Não encontrado"), IFERROR( INDEX(U:U, MATCH( A52&B52,AG:AG, 0) ), "Não encontrado") ) -> 0 | U52: =T52*G52/1 -> 0 | V52: =IF( C52="INSUMO", IFERROR( IF( INDEX( Insumos!C:C, MATCH( A52&B52, Insumos!I:I, 0) )="Verba", INDEX( Insumos!F:F, MATCH( A52&B52, Insumos!I:I, 0) ), 0 ), "Não encontrado"), IFERROR( INDEX(W:W, MATCH( A52&B52,AG:AG, 0) ), "Não encontrado") ) -> 0 | W52: =V52*G52/1 -> 0 | X52: =IF( C52="INSUMO", IFERROR( IF( INDEX( Insumos!C:C, MATCH( A52&B52, Insumos!I:I, 0) )="Outro", INDEX( Insumos!F:F, MATCH( A52&B52, Insumos!I:I, 0) ), 0 ), "Não encontrado"), IFERROR( INDEX(Y:Y, MATCH( A52&B52,AG:AG, 0) ), "Não encontrado") ) -> 4.57 | Y52: =X52*G52/1 -> 3.35895 | Z52: =IF( C52="INSUMO", IFERROR( INDEX( Insumos!F:F, MATCH( A52&B52, Insumos!I:I, 0) ), "Não encontrado"), IFERROR( INDEX(AA:AA, MATCH( A52&B52,AG:AG, 0) ), "Não encontrado") ) -> 40.944978 | AA52: =G52*Z52 -> 30.094559
A53: 88239 | B53: SINAPI | C53: COMPOSICAO | D53: Original | E53: AJUDANTE DE CARPINTEIRO COM ENCARGOS COMPLEMENTARES | F53: h | G53: 0.492 | H53: =IF( C53="INSUMO", IFERROR( IF( INDEX( Insumos!C:C, MATCH( A53&B53, Insumos!I:I, 0) )="Material", INDEX( Insumos!F:F, MATCH( A53&B53, Insumos!I:I, 0) ), 0 ), "Não encontrado"), IFERROR( INDEX(I:I, MATCH( A53&B53,AG:AG, 0) ), "Não encontrado") ) -> 0 | I53: =H53*G53/1 -> 0 | J53: =T53 + N53 + L53 + X53 + R53 + P53 + V53 -> 29.705605 | K53: =U53 + O53 + M53 + Y53 + S53 + Q53 + W53 -> 14.615158 | L53: =IF( C53="INSUMO", IFERROR( IF( INDEX( Insumos!C:C, MATCH( A53&B53, Insumos!I:I, 0) )="Mao_obra", INDEX( Insumos!F:F, MATCH( A53&B53, Insumos!I:I, 0) ), 0 ), "Não encontrado"), IFERROR( INDEX(M:M, MATCH( A53&B53,AG:AG, 0) ), "Não encontrado") ) -> 25.135605 | M53: =L53*G53/1 -> 12.366718 | N53: =IF( C53="INSUMO", IFERROR( IF( INDEX( Insumos!C:C, MATCH( A53&B53, Insumos!I:I, 0) )="Equipamento", INDEX( Insumos!F:F, MATCH( A53&B53, Insumos!I:I, 0) ), 0 ), "Não encontrado"), IFERROR( INDEX(O:O, MATCH( A53&B53,AG:AG, 0) ), "Não encontrado") ) -> 0 | O53: =N53*G53/1 -> 0 | P53: =IF( C53="INSUMO", IFERROR( IF( INDEX( Insumos!C:C, MATCH( A53&B53, Insumos!I:I, 0) )="Transporte", INDEX( Insumos!F:F, MATCH( A53&B53, Insumos!I:I, 0) ), 0 ), "Não encontrado"), IFERROR( INDEX(Q:Q, MATCH( A53&B53,AG:AG, 0) ), "Não encontrado") ) -> 0 | Q53: =P53*G53/1 -> 0 | R53: =IF( C53="INSUMO", IFERROR( IF( INDEX( Insumos!C:C, MATCH( A53&B53, Insumos!I:I, 0) )="Terceirizados", INDEX( Insumos!F:F, MATCH( A53&B53, Insumos!I:I, 0) ), 0 ), "Não encontrado"), IFERROR( INDEX(S:S, MATCH( A53&B53,AG:AG, 0) ), "Não encontrado") ) -> 0 | S53: =R53*G53/1 -> 0 | T53: =IF( C53="INSUMO", IFERROR( IF( INDEX( Insumos!C:C, MATCH( A53&B53, Insumos!I:I, 0) )="Comissionamento", INDEX( Insumos!F:F, MATCH( A53&B53, Insumos!I:I, 0) ), 0 ), "Não encontrado"), IFERROR( INDEX(U:U, MATCH( A53&B53,AG:AG, 0) ), "Não encontrado") ) -> 0 | U53: =T53*G53/1 -> 0 | V53: =IF( C53="INSUMO", IFERROR( IF( INDEX( Insumos!C:C, MATCH( A53&B53, Insumos!I:I, 0) )="Verba", INDEX( Insumos!F:F, MATCH( A53&B53, Insumos!I:I, 0) ), 0 ), "Não encontrado"), IFERROR( INDEX(W:W, MATCH( A53&B53,AG:AG, 0) ), "Não encontrado") ) -> 0 | W53: =V53*G53/1 -> 0 | X53: =IF( C53="INSUMO", IFERROR( IF( INDEX( Insumos!C:C, MATCH( A53&B53, Insumos!I:I, 0) )="Outro", INDEX( Insumos!F:F, MATCH( A53&B53, Insumos!I:I, 0) ), 0 ), "Não encontrado"), IFERROR( INDEX(Y:Y, MATCH( A53&B53,AG:AG, 0) ), "Não encontrado") ) -> 4.57 | Y53: =X53*G53/1 -> 2.24844 | Z53: =IF( C53="INSUMO", IFERROR( INDEX( Insumos!F:F, MATCH( A53&B53, Insumos!I:I, 0) ), "Não encontrado"), IFERROR( INDEX(AA:AA, MATCH( A53&B53,AG:AG, 0) ), "Não encontrado") ) -> 29.705605 | AA53: =G53*Z53 -> 14.615158
A54: 7243 | B54: SINAPI | C54: INSUMO | D54: Original | E54: TELHA TRAPEZOIDAL EM ACO ZINCADO, SEM PINTURA, ALTURA DE APROXIMADAMENTE 40 MM, ESPESSURA DE 0,50 MM E LARGURA UTIL DE 980 MM | F54: m² | G54: 0.5853 | H54: =IF( C54="INSUMO", IFERROR( IF( INDEX( Insumos!C:C, MATCH( A54&B54, Insumos!I:I, 0) )="Material", INDEX( Insumos!F:F, MATCH( A54&B54, Insumos!I:I, 0) ), 0 ), "Não encontrado"), IFERROR( INDEX(I:I, MATCH( A54&B54,AG:AG, 0) ), "Não encontrado") ) -> 59.56 | I54: =H54*G54/1 -> 34.860468 | J54: =T54 + N54 + L54 + X54 + R54 + P54 + V54 -> 0 | K54: =U54 + O54 + M54 + Y54 + S54 + Q54 + W54 -> 0 | L54: =IF( C54="INSUMO", IFERROR( IF( INDEX( Insumos!C:C, MATCH( A54&B54, Insumos!I:I, 0) )="Mao_obra", INDEX( Insumos!F:F, MATCH( A54&B54, Insumos!I:I, 0) ), 0 ), "Não encontrado"), IFERROR( INDEX(M:M, MATCH( A54&B54,AG:AG, 0) ), "Não encontrado") ) -> 0 | M54: =L54*G54/1 -> 0 | N54: =IF( C54="INSUMO", IFERROR( IF( INDEX( Insumos!C:C, MATCH( A54&B54, Insumos!I:I, 0) )="Equipamento", INDEX( Insumos!F:F, MATCH( A54&B54, Insumos!I:I, 0) ), 0 ), "Não encontrado"), IFERROR( INDEX(O:O, MATCH( A54&B54,AG:AG, 0) ), "Não encontrado") ) -> 0 | O54: =N54*G54/1 -> 0 | P54: =IF( C54="INSUMO", IFERROR( IF( INDEX( Insumos!C:C, MATCH( A54&B54, Insumos!I:I, 0) )="Transporte", INDEX( Insumos!F:F, MATCH( A54&B54, Insumos!I:I, 0) ), 0 ), "Não encontrado"), IFERROR( INDEX(Q:Q, MATCH( A54&B54,AG:AG, 0) ), "Não encontrado") ) -> 0 | Q54: =P54*G54/1 -> 0 | R54: =IF( C54="INSUMO", IFERROR( IF( INDEX( Insumos!C:C, MATCH( A54&B54, Insumos!I:I, 0) )="Terceirizados", INDEX( Insumos!F:F, MATCH( A54&B54, Insumos!I:I, 0) ), 0 ), "Não encontrado"), IFERROR( INDEX(S:S, MATCH( A54&B54,AG:AG, 0) ), "Não encontrado") ) -> 0 | S54: =R54*G54/1 -> 0 | T54: =IF( C54="INSUMO", IFERROR( IF( INDEX( Insumos!C:C, MATCH( A54&B54, Insumos!I:I, 0) )="Comissionamento", INDEX( Insumos!F:F, MATCH( A54&B54, Insumos!I:I, 0) ), 0 ), "Não encontrado"), IFERROR( INDEX(U:U, MATCH( A54&B54,AG:AG, 0) ), "Não encontrado") ) -> 0 | U54: =T54*G54/1 -> 0 | V54: =IF( C54="INSUMO", IFERROR( IF( INDEX( Insumos!C:C, MATCH( A54&B54, Insumos!I:I, 0) )="Verba", INDEX( Insumos!F:F, MATCH( A54&B54, Insumos!I:I, 0) ), 0 ), "Não encontrado"), IFERROR( INDEX(W:W, MATCH( A54&B54,AG:AG, 0) ), "Não encontrado") ) -> 0 | W54: =V54*G54/1 -> 0 | X54: =IF( C54="INSUMO", IFERROR( IF( INDEX( Insumos!C:C, MATCH( A54&B54, Insumos!I:I, 0) )="Outro", INDEX( Insumos!F:F, MATCH( A54&B54, Insumos!I:I, 0) ), 0 ), "Não encontrado"), IFERROR( INDEX(Y:Y, MATCH( A54&B54,AG:AG, 0) ), "Não encontrado") ) -> 0 | Y54: =X54*G54/1 -> 0 | Z54: =IF( C54="INSUMO", IFERROR( INDEX( Insumos!F:F, MATCH( A54&B54, Insumos!I:I, 0) ), "Não encontrado"), IFERROR( INDEX(AA:AA, MATCH( A54&B54,AG:AG, 0) ), "Não encontrado") ) -> 59.56 | AA54: =G54*Z54 -> 34.860468
A55: 6194 | B55: SINAPI | C55: INSUMO | D55: Original | E55: TABUA *2,5 X 15 CM EM PINUS, MISTA OU EQUIVALENTE DA REGIAO - BRUTA | F55: m | G55: 2 | H55: =IF( C55="INSUMO", IFERROR( IF( INDEX( Insumos!C:C, MATCH( A55&B55, Insumos!I:I, 0) )="Material", INDEX( Insumos!F:F, MATCH( A55&B55, Insumos!I:I, 0) ), 0 ), "Não encontrado"), IFERROR( INDEX(I:I, MATCH( A55&B55,AG:AG, 0) ), "Não encontrado") ) -> 5.01 | I55: =H55*G55/1 -> 10.02 | J55: =T55 + N55 + L55 + X55 + R55 + P55 + V55 -> 0 | K55: =U55 + O55 + M55 + Y55 + S55 + Q55 + W55 -> 0 | L55: =IF( C55="INSUMO", IFERROR( IF( INDEX( Insumos!C:C, MATCH( A55&B55, Insumos!I:I, 0) )="Mao_obra", INDEX( Insumos!F:F, MATCH( A55&B55, Insumos!I:I, 0) ), 0 ), "Não encontrado"), IFERROR( INDEX(M:M, MATCH( A55&B55,AG:AG, 0) ), "Não encontrado") ) -> 0 | M55: =L55*G55/1 -> 0 | N55: =IF( C55="INSUMO", IFERROR( IF( INDEX( Insumos!C:C, MATCH( A55&B55, Insumos!I:I, 0) )="Equipamento", INDEX( Insumos!F:F, MATCH( A55&B55, Insumos!I:I, 0) ), 0 ), "Não encontrado"), IFERROR( INDEX(O:O, MATCH( A55&B55,AG:AG, 0) ), "Não encontrado") ) -> 0 | O55: =N55*G55/1 -> 0 | P55: =IF( C55="INSUMO", IFERROR( IF( INDEX( Insumos!C:C, MATCH( A55&B55, Insumos!I:I, 0) )="Transporte", INDEX( Insumos!F:F, MATCH( A55&B55, Insumos!I:I, 0) ), 0 ), "Não encontrado"), IFERROR( INDEX(Q:Q, MATCH( A55&B55,AG:AG, 0) ), "Não encontrado") ) -> 0 | Q55: =P55*G55/1 -> 0 | R55: =IF( C55="INSUMO", IFERROR( IF( INDEX( Insumos!C:C, MATCH( A55&B55, Insumos!I:I, 0) )="Terceirizados", INDEX( Insumos!F:F, MATCH( A55&B55, Insumos!I:I, 0) ), 0 ), "Não encontrado"), IFERROR( INDEX(S:S, MATCH( A55&B55,AG:AG, 0) ), "Não encontrado") ) -> 0 | S55: =R55*G55/1 -> 0 | T55: =IF( C55="INSUMO", IFERROR( IF( INDEX( Insumos!C:C, MATCH( A55&B55, Insumos!I:I, 0) )="Comissionamento", INDEX( Insumos!F:F, MATCH( A55&B55, Insumos!I:I, 0) ), 0 ), "Não encontrado"), IFERROR( INDEX(U:U, MATCH( A55&B55,AG:AG, 0) ), "Não encontrado") ) -> 0 | U55: =T55*G55/1 -> 0 | V55: =IF( C55="INSUMO", IFERROR( IF( INDEX( Insumos!C:C, MATCH( A55&B55, Insumos!I:I, 0) )="Verba", INDEX( Insumos!F:F, MATCH( A55&B55, Insumos!I:I, 0) ), 0 ), "Não encontrado"), IFERROR( INDEX(W:W, MATCH( A55&B55,AG:AG, 0) ), "Não encontrado") ) -> 0 | W55: =V55*G55/1 -> 0 | X55: =IF( C55="INSUMO", IFERROR( IF( INDEX( Insumos!C:C, MATCH( A55&B55, Insumos!I:I, 0) )="Outro", INDEX( Insumos!F:F, MATCH( A55&B55, Insumos!I:I, 0) ), 0 ), "Não encontrado"), IFERROR( INDEX(Y:Y, MATCH( A55&B55,AG:AG, 0) ), "Não encontrado") ) -> 0 | Y55: =X55*G55/1 -> 0 | Z55: =IF( C55="INSUMO", IFERROR( INDEX( Insumos!F:F, MATCH( A55&B55, Insumos!I:I, 0) ), "Não encontrado"), IFERROR( INDEX(AA:AA, MATCH( A55&B55,AG:AG, 0) ), "Não encontrado") ) -> 5.01 | AA55: =G55*Z55 -> 10.02
A56: 5061 | B56: SINAPI | C56: INSUMO | D56: Original | E56: PREGO DE ACO POLIDO COM CABECA 18 X 27 (2 1/2 X 10) | F56: kg | G56: 0.068 | H56: =IF( C56="INSUMO", IFERROR( IF( INDEX( Insumos!C:C, MATCH( A56&B56, Insumos!I:I, 0) )="Material", INDEX( Insumos!F:F, MATCH( A56&B56, Insumos!I:I, 0) ), 0 ), "Não encontrado"), IFERROR( INDEX(I:I, MATCH( A56&B56,AG:AG, 0) ), "Não encontrado") ) -> 14.87 | I56: =H56*G56/1 -> 1.01116 | J56: =T56 + N56 + L56 + X56 + R56 + P56 + V56 -> 0 | K56: =U56 + O56 + M56 + Y56 + S56 + Q56 + W56 -> 0 | L56: =IF( C56="INSUMO", IFERROR( IF( INDEX( Insumos!C:C, MATCH( A56&B56, Insumos!I:I, 0) )="Mao_obra", INDEX( Insumos!F:F, MATCH( A56&B56, Insumos!I:I, 0) ), 0 ), "Não encontrado"), IFERROR( INDEX(M:M, MATCH( A56&B56,AG:AG, 0) ), "Não encontrado") ) -> 0 | M56: =L56*G56/1 -> 0 | N56: =IF( C56="INSUMO", IFERROR( IF( INDEX( Insumos!C:C, MATCH( A56&B56, Insumos!I:I, 0) )="Equipamento", INDEX( Insumos!F:F, MATCH( A56&B56, Insumos!I:I, 0) ), 0 ), "Não encontrado"), IFERROR( INDEX(O:O, MATCH( A56&B56,AG:AG, 0) ), "Não encontrado") ) -> 0 | O56: =N56*G56/1 -> 0 | P56: =IF( C56="INSUMO", IFERROR( IF( INDEX( Insumos!C:C, MATCH( A56&B56, Insumos!I:I, 0) )="Transporte", INDEX( Insumos!F:F, MATCH( A56&B56, Insumos!I:I, 0) ), 0 ), "Não encontrado"), IFERROR( INDEX(Q:Q, MATCH( A56&B56,AG:AG, 0) ), "Não encontrado") ) -> 0 | Q56: =P56*G56/1 -> 0 | R56: =IF( C56="INSUMO", IFERROR( IF( INDEX( Insumos!C:C, MATCH( A56&B56, Insumos!I:I, 0) )="Terceirizados", INDEX( Insumos!F:F, MATCH( A56&B56, Insumos!I:I, 0) ), 0 ), "Não encontrado"), IFERROR( INDEX(S:S, MATCH( A56&B56,AG:AG, 0) ), "Não encontrado") ) -> 0 | S56: =R56*G56/1 -> 0 | T56: =IF( C56="INSUMO", IFERROR( IF( INDEX( Insumos!C:C, MATCH( A56&B56, Insumos!I:I, 0) )="Comissionamento", INDEX( Insumos!F:F, MATCH( A56&B56, Insumos!I:I, 0) ), 0 ), "Não encontrado"), IFERROR( INDEX(U:U, MATCH( A56&B56,AG:AG, 0) ), "Não encontrado") ) -> 0 | U56: =T56*G56/1 -> 0 | V56: =IF( C56="INSUMO", IFERROR( IF( INDEX( Insumos!C:C, MATCH( A56&B56, Insumos!I:I, 0) )="Verba", INDEX( Insumos!F:F, MATCH( A56&B56, Insumos!I:I, 0) ), 0 ), "Não encontrado"), IFERROR( INDEX(W:W, MATCH( A56&B56,AG:AG, 0) ), "Não encontrado") ) -> 0 | W56: =V56*G56/1 -> 0 | X56: =IF( C56="INSUMO", IFERROR( IF( INDEX( Insumos!C:C, MATCH( A56&B56, Insumos!I:I, 0) )="Outro", INDEX( Insumos!F:F, MATCH( A56&B56, Insumos!I:I, 0) ), 0 ), "Não encontrado"), IFERROR( INDEX(Y:Y, MATCH( A56&B56,AG:AG, 0) ), "Não encontrado") ) -> 0 | Y56: =X56*G56/1 -> 0 | Z56: =IF( C56="INSUMO", IFERROR( INDEX( Insumos!F:F, MATCH( A56&B56, Insumos!I:I, 0) ), "Não encontrado"), IFERROR( INDEX(AA:AA, MATCH( A56&B56,AG:AG, 0) ), "Não encontrado") ) -> 14.87 | AA56: =G56*Z56 -> 1.01116
A57: 4491 | B57: SINAPI | C57: INSUMO | D57: Original | E57: PONTALETE *7,5 X 7,5* CM EM PINUS, MISTA OU EQUIVALENTE DA REGIAO - BRUTA | F57: m | G57: 1.2273 | H57: =IF( C57="INSUMO", IFERROR( IF( INDEX( Insumos!C:C, MATCH( A57&B57, Insumos!I:I, 0) )="Material", INDEX( Insumos!F:F, MATCH( A57&B57, Insumos!I:I, 0) ), 0 ), "Não encontrado"), IFERROR( INDEX(I:I, MATCH( A57&B57,AG:AG, 0) ), "Não encontrado") ) -> 7.02 | I57: =H57*G57/1 -> 8.615646 | J57: =T57 + N57 + L57 + X57 + R57 + P57 + V57 -> 0 | K57: =U57 + O57 + M57 + Y57 + S57 + Q57 + W57 -> 0 | L57: =IF( C57="INSUMO", IFERROR( IF( INDEX( Insumos!C:C, MATCH( A57&B57, Insumos!I:I, 0) )="Mao_obra", INDEX( Insumos!F:F, MATCH( A57&B57, Insumos!I:I, 0) ), 0 ), "Não encontrado"), IFERROR( INDEX(M:M, MATCH( A57&B57,AG:AG, 0) ), "Não encontrado") ) -> 0 | M57: =L57*G57/1 -> 0 | N57: =IF( C57="INSUMO", IFERROR( IF( INDEX( Insumos!C:C, MATCH( A57&B57, Insumos!I:I, 0) )="Equipamento", INDEX( Insumos!F:F, MATCH( A57&B57, Insumos!I:I, 0) ), 0 ), "Não encontrado"), IFERROR( INDEX(O:O, MATCH( A57&B57,AG:AG, 0) ), "Não encontrado") ) -> 0 | O57: =N57*G57/1 -> 0 | P57: =IF( C57="INSUMO", IFERROR( IF( INDEX( Insumos!C:C, MATCH( A57&B57, Insumos!I:I, 0) )="Transporte", INDEX( Insumos!F:F, MATCH( A57&B57, Insumos!I:I, 0) ), 0 ), "Não encontrado"), IFERROR( INDEX(Q:Q, MATCH( A57&B57,AG:AG, 0) ), "Não encontrado") ) -> 0 | Q57: =P57*G57/1 -> 0 | R57: =IF( C57="INSUMO", IFERROR( IF( INDEX( Insumos!C:C, MATCH( A57&B57, Insumos!I:I, 0) )="Terceirizados", INDEX( Insumos!F:F, MATCH( A57&B57, Insumos!I:I, 0) ), 0 ), "Não encontrado"), IFERROR( INDEX(S:S, MATCH( A57&B57,AG:AG, 0) ), "Não encontrado") ) -> 0 | S57: =R57*G57/1 -> 0 | T57: =IF( C57="INSUMO", IFERROR( IF( INDEX( Insumos!C:C, MATCH( A57&B57, Insumos!I:I, 0) )="Comissionamento", INDEX( Insumos!F:F, MATCH( A57&B57, Insumos!I:I, 0) ), 0 ), "Não encontrado"), IFERROR( INDEX(U:U, MATCH( A57&B57,AG:AG, 0) ), "Não encontrado") ) -> 0 | U57: =T57*G57/1 -> 0 | V57: =IF( C57="INSUMO", IFERROR( IF( INDEX( Insumos!C:C, MATCH( A57&B57, Insumos!I:I, 0) )="Verba", INDEX( Insumos!F:F, MATCH( A57&B57, Insumos!I:I, 0) ), 0 ), "Não encontrado"), IFERROR( INDEX(W:W, MATCH( A57&B57,AG:AG, 0) ), "Não encontrado") ) -> 0 | W57: =V57*G57/1 -> 0 | X57: =IF( C57="INSUMO", IFERROR( IF( INDEX( Insumos!C:C, MATCH( A57&B57, Insumos!I:I, 0) )="Outro", INDEX( Insumos!F:F, MATCH( A57&B57, Insumos!I:I, 0) ), 0 ), "Não encontrado"), IFERROR( INDEX(Y:Y, MATCH( A57&B57,AG:AG, 0) ), "Não encontrado") ) -> 0 | Y57: =X57*G57/1 -> 0 | Z57: =IF( C57="INSUMO", IFERROR( INDEX( Insumos!F:F, MATCH( A57&B57, Insumos!I:I, 0) ), "Não encontrado"), IFERROR( INDEX(AA:AA, MATCH( A57&B57,AG:AG, 0) ), "Não encontrado") ) -> 7.02 | AA57: =G57*Z57 -> 8.615646
A58: 99059 | B58: SINAPI | D58: Original | E58: LOCAÇÃO CONVENCIONAL DE OBRA, UTILIZANDO GABARITO DE TÁBUAS CORRIDAS PONTALETADAS A CADA 2,00M - 2 UTILIZAÇÕES. AF_03/2024 | F58: m | I58: =SUM(I59:I68) -> 41.39614 | K58: =SUM(K59:K68) -> 53.335976 | M58: =SUM(M59:M68) -> 46.443935 | O58: =SUM(O59:O68) -> 0.0039799175 | Q58: =SUM(Q59:Q68) -> 0 | S58: =SUM(S59:S68) -> 0 | U58: =SUM(U59:U68) -> 0 | W58: =SUM(W59:W68) -> 0 | Y58: =SUM(Y59:Y68) -> 6.8880617 | AA58: =SUM(AA59:AA68) -> 94.732117 | AF58: Locação de Obras | AG58: =A58&B58&C58 -> 99059SINAPI
A59: 94974 | B59: SINAPI | C59: COMPOSICAO | D59: Original | E59: CONCRETO MAGRO PARA LASTRO, TRAÇO 1:4,5:4,5 (EM MASSA SECA DE CIMENTO/ AREIA MÉDIA/ BRITA 1) - PREPARO MANUAL. AF_05/2021 | F59: m³ | G59: 0.004 | H59: =IF( C59="INSUMO", IFERROR( IF( INDEX( Insumos!C:C, MATCH( A59&B59, Insumos!I:I, 0) )="Material", INDEX( Insumos!F:F, MATCH( A59&B59, Insumos!I:I, 0) ), 0 ), "Não encontrado"), IFERROR( INDEX(I:I, MATCH( A59&B59,AG:AG, 0) ), "Não encontrado") ) -> 396.92562 | I59: =H59*G59/1 -> 1.5877025 | J59: =T59 + N59 + L59 + X59 + R59 + P59 + V59 -> 176.31116 | K59: =U59 + O59 + M59 + Y59 + S59 + Q59 + W59 -> 0.70524463 | L59: =IF( C59="INSUMO", IFERROR( IF( INDEX( Insumos!C:C, MATCH( A59&B59, Insumos!I:I, 0) )="Mao_obra", INDEX( Insumos!F:F, MATCH( A59&B59, Insumos!I:I, 0) ), 0 ), "Não encontrado"), IFERROR( INDEX(M:M, MATCH( A59&B59,AG:AG, 0) ), "Não encontrado") ) -> 145.07073 | M59: =L59*G59/1 -> 0.58028293 | N59: =IF( C59="INSUMO", IFERROR( IF( INDEX( Insumos!C:C, MATCH( A59&B59, Insumos!I:I, 0) )="Equipamento", INDEX( Insumos!F:F, MATCH( A59&B59, Insumos!I:I, 0) ), 0 ), "Não encontrado"), IFERROR( INDEX(O:O, MATCH( A59&B59,AG:AG, 0) ), "Não encontrado") ) -> 0 | O59: =N59*G59/1 -> 0 | P59: =IF( C59="INSUMO", IFERROR( IF( INDEX( Insumos!C:C, MATCH( A59&B59, Insumos!I:I, 0) )="Transporte", INDEX( Insumos!F:F, MATCH( A59&B59, Insumos!I:I, 0) ), 0 ), "Não encontrado"), IFERROR( INDEX(Q:Q, MATCH( A59&B59,AG:AG, 0) ), "Não encontrado") ) -> 0 | Q59: =P59*G59/1 -> 0 | R59: =IF( C59="INSUMO", IFERROR( IF( INDEX( Insumos!C:C, MATCH( A59&B59, Insumos!I:I, 0) )="Terceirizados", INDEX( Insumos!F:F, MATCH( A59&B59, Insumos!I:I, 0) ), 0 ), "Não encontrado"), IFERROR( INDEX(S:S, MATCH( A59&B59,AG:AG, 0) ), "Não encontrado") ) -> 0 | S59: =R59*G59/1 -> 0 | T59: =IF( C59="INSUMO", IFERROR( IF( INDEX( Insumos!C:C, MATCH( A59&B59, Insumos!I:I, 0) )="Comissionamento", INDEX( Insumos!F:F, MATCH( A59&B59, Insumos!I:I, 0) ), 0 ), "Não encontrado"), IFERROR( INDEX(U:U, MATCH( A59&B59,AG:AG, 0) ), "Não encontrado") ) -> 0 | U59: =T59*G59/1 -> 0 | V59: =IF( C59="INSUMO", IFERROR( IF( INDEX( Insumos!C:C, MATCH( A59&B59, Insumos!I:I, 0) )="Verba", INDEX( Insumos!F:F, MATCH( A59&B59, Insumos!I:I, 0) ), 0 ), "Não encontrado"), IFERROR( INDEX(W:W, MATCH( A59&B59,AG:AG, 0) ), "Não encontrado") ) -> 0 | W59: =V59*G59/1 -> 0 | X59: =IF( C59="INSUMO", IFERROR( IF( INDEX( Insumos!C:C, MATCH( A59&B59, Insumos!I:I, 0) )="Outro", INDEX( Insumos!F:F, MATCH( A59&B59, Insumos!I:I, 0) ), 0 ), "Não encontrado"), IFERROR( INDEX(Y:Y, MATCH( A59&B59,AG:AG, 0) ), "Não encontrado") ) -> 31.240426 | Y59: =X59*G59/1 -> 0.1249617 | Z59: =IF( C59="INSUMO", IFERROR( INDEX( Insumos!F:F, MATCH( A59&B59, Insumos!I:I, 0) ), "Não encontrado"), IFERROR( INDEX(AA:AA, MATCH( A59&B59,AG:AG, 0) ), "Não encontrado") ) -> 573.23678 | AA59: =G59*Z59 -> 2.2929471
A60: 91693 | B60: SINAPI | C60: COMPOSICAO | D60: Original | E60: SERRA CIRCULAR DE BANCADA COM MOTOR ELÉTRICO POTÊNCIA DE 5HP, COM COIFA PARA DISCO 10" - CHI DIURNO. AF_08/2015 | F60: CHI | G60: 0.028 | H60: =IF( C60="INSUMO", IFERROR( IF( INDEX( Insumos!C:C, MATCH( A60&B60, Insumos!I:I, 0) )="Material", INDEX( Insumos!F:F, MATCH( A60&B60, Insumos!I:I, 0) ), 0 ), "Não encontrado"), IFERROR( INDEX(I:I, MATCH( A60&B60,AG:AG, 0) ), "Não encontrado") ) -> 0 | I60: =H60*G60/1 -> 0 | J60: =T60 + N60 + L60 + X60 + R60 + P60 + V60 -> 40.621444 | K60: =U60 + O60 + M60 + Y60 + S60 + Q60 + W60 -> 1.1374004 | L60: =IF( C60="INSUMO", IFERROR( IF( INDEX( Insumos!C:C, MATCH( A60&B60, Insumos!I:I, 0) )="Mao_obra", INDEX( Insumos!F:F, MATCH( A60&B60, Insumos!I:I, 0) ), 0 ), "Não encontrado"), IFERROR( INDEX(M:M, MATCH( A60&B60,AG:AG, 0) ), "Não encontrado") ) -> 36.769479 | M60: =L60*G60/1 -> 1.0295454 | N60: =IF( C60="INSUMO", IFERROR( IF( INDEX( Insumos!C:C, MATCH( A60&B60, Insumos!I:I, 0) )="Equipamento", INDEX( Insumos!F:F, MATCH( A60&B60, Insumos!I:I, 0) ), 0 ), "Não encontrado"), IFERROR( INDEX(O:O, MATCH( A60&B60,AG:AG, 0) ), "Não encontrado") ) -> 0.10196483 | O60: =N60*G60/1 -> 0.0028550152 | P60: =IF( C60="INSUMO", IFERROR( IF( INDEX( Insumos!C:C, MATCH( A60&B60, Insumos!I:I, 0) )="Transporte", INDEX( Insumos!F:F, MATCH( A60&B60, Insumos!I:I, 0) ), 0 ), "Não encontrado"), IFERROR( INDEX(Q:Q, MATCH( A60&B60,AG:AG, 0) ), "Não encontrado") ) -> 0 | Q60: =P60*G60/1 -> 0 | R60: =IF( C60="INSUMO", IFERROR( IF( INDEX( Insumos!C:C, MATCH( A60&B60, Insumos!I:I, 0) )="Terceirizados", INDEX( Insumos!F:F, MATCH( A60&B60, Insumos!I:I, 0) ), 0 ), "Não encontrado"), IFERROR( INDEX(S:S, MATCH( A60&B60,AG:AG, 0) ), "Não encontrado") ) -> 0 | S60: =R60*G60/1 -> 0 | T60: =IF( C60="INSUMO", IFERROR( IF( INDEX( Insumos!C:C, MATCH( A60&B60, Insumos!I:I, 0) )="Comissionamento", INDEX( Insumos!F:F, MATCH( A60&B60, Insumos!I:I, 0) ), 0 ), "Não encontrado"), IFERROR( INDEX(U:U, MATCH( A60&B60,AG:AG, 0) ), "Não encontrado") ) -> 0 | U60: =T60*G60/1 -> 0 | V60: =IF( C60="INSUMO", IFERROR( IF( INDEX( Insumos!C:C, MATCH( A60&B60, Insumos!I:I, 0) )="Verba", INDEX( Insumos!F:F, MATCH( A60&B60, Insumos!I:I, 0) ), 0 ), "Não encontrado"), IFERROR( INDEX(W:W, MATCH( A60&B60,AG:AG, 0) ), "Não encontrado") ) -> 0 | W60: =V60*G60/1 -> 0 | X60: =IF( C60="INSUMO", IFERROR( IF( INDEX( Insumos!C:C, MATCH( A60&B60, Insumos!I:I, 0) )="Outro", INDEX( Insumos!F:F, MATCH( A60&B60, Insumos!I:I, 0) ), 0 ), "Não encontrado"), IFERROR( INDEX(Y:Y, MATCH( A60&B60,AG:AG, 0) ), "Não encontrado") ) -> 3.75 | Y60: =X60*G60/1 -> 0.105 | Z60: =IF( C60="INSUMO", IFERROR( INDEX( Insumos!F:F, MATCH( A60&B60, Insumos!I:I, 0) ), "Não encontrado"), IFERROR( INDEX(AA:AA, MATCH( A60&B60,AG:AG, 0) ), "Não encontrado") ) -> 40.621444 | AA60: =G60*Z60 -> 1.1374004
A61: 91692 | B61: SINAPI | C61: COMPOSICAO | D61: Original | E61: SERRA CIRCULAR DE BANCADA COM MOTOR ELÉTRICO POTÊNCIA DE 5HP, COM COIFA PARA DISCO 10" - CHP DIURNO. AF_08/2015 | F61: CHP | G61: 0.007 | H61: =IF( C61="INSUMO", IFERROR( IF( INDEX( Insumos!C:C, MATCH( A61&B61, Insumos!I:I, 0) )="Material", INDEX( Insumos!F:F, MATCH( A61&B61, Insumos!I:I, 0) ), 0 ), "Não encontrado"), IFERROR( INDEX(I:I, MATCH( A61&B61,AG:AG, 0) ), "Não encontrado") ) -> 0 | I61: =H61*G61/1 -> 0 | J61: =T61 + N61 + L61 + X61 + R61 + P61 + V61 -> 41.836179 | K61: =U61 + O61 + M61 + Y61 + S61 + Q61 + W61 -> 0.29285326 | L61: =IF( C61="INSUMO", IFERROR( IF( INDEX( Insumos!C:C, MATCH( A61&B61, Insumos!I:I, 0) )="Mao_obra", INDEX( Insumos!F:F, MATCH( A61&B61, Insumos!I:I, 0) ), 0 ), "Não encontrado"), IFERROR( INDEX(M:M, MATCH( A61&B61,AG:AG, 0) ), "Não encontrado") ) -> 36.769479 | M61: =L61*G61/1 -> 0.25738635 | N61: =IF( C61="INSUMO", IFERROR( IF( INDEX( Insumos!C:C, MATCH( A61&B61, Insumos!I:I, 0) )="Equipamento", INDEX( Insumos!F:F, MATCH( A61&B61, Insumos!I:I, 0) ), 0 ), "Não encontrado"), IFERROR( INDEX(O:O, MATCH( A61&B61,AG:AG, 0) ), "Não encontrado") ) -> 0.16070033 | O61: =N61*G61/1 -> 0.0011249023 | P61: =IF( C61="INSUMO", IFERROR( IF( INDEX( Insumos!C:C, MATCH( A61&B61, Insumos!I:I, 0) )="Transporte", INDEX( Insumos!F:F, MATCH( A61&B61, Insumos!I:I, 0) ), 0 ), "Não encontrado"), IFERROR( INDEX(Q:Q, MATCH( A61&B61,AG:AG, 0) ), "Não encontrado") ) -> 0 | Q61: =P61*G61/1 -> 0 | R61: =IF( C61="INSUMO", IFERROR( IF( INDEX( Insumos!C:C, MATCH( A61&B61, Insumos!I:I, 0) )="Terceirizados", INDEX( Insumos!F:F, MATCH( A61&B61, Insumos!I:I, 0) ), 0 ), "Não encontrado"), IFERROR( INDEX(S:S, MATCH( A61&B61,AG:AG, 0) ), "Não encontrado") ) -> 0 | S61: =R61*G61/1 -> 0 | T61: =IF( C61="INSUMO", IFERROR( IF( INDEX( Insumos!C:C, MATCH( A61&B61, Insumos!I:I, 0) )="Comissionamento", INDEX( Insumos!F:F, MATCH( A61&B61, Insumos!I:I, 0) ), 0 ), "Não encontrado"), IFERROR( INDEX(U:U, MATCH( A61&B61,AG:AG, 0) ), "Não encontrado") ) -> 0 | U61: =T61*G61/1 -> 0 | V61: =IF( C61="INSUMO", IFERROR( IF( INDEX( Insumos!C:C, MATCH( A61&B61, Insumos!I:I, 0) )="Verba", INDEX( Insumos!F:F, MATCH( A61&B61, Insumos!I:I, 0) ), 0 ), "Não encontrado"), IFERROR( INDEX(W:W, MATCH( A61&B61,AG:AG, 0) ), "Não encontrado") ) -> 0 | W61: =V61*G61/1 -> 0 | X61: =IF( C61="INSUMO", IFERROR( IF( INDEX( Insumos!C:C, MATCH( A61&B61, Insumos!I:I, 0) )="Outro", INDEX( Insumos!F:F, MATCH( A61&B61, Insumos!I:I, 0) ), 0 ), "Não encontrado"), IFERROR( INDEX(Y:Y, MATCH( A61&B61,AG:AG, 0) ), "Não encontrado") ) -> 4.906 | Y61: =X61*G61/1 -> 0.034342 | Z61: =IF( C61="INSUMO", IFERROR( INDEX( Insumos!F:F, MATCH( A61&B61, Insumos!I:I, 0) ), "Não encontrado"), IFERROR( INDEX(AA:AA, MATCH( A61&B61,AG:AG, 0) ), "Não encontrado") ) -> 41.836179 | AA61: =G61*Z61 -> 0.29285326
A62: 88262 | B62: SINAPI | C62: COMPOSICAO | D62: Original | E62: CARPINTEIRO DE FORMAS COM ENCARGOS COMPLEMENTARES | F62: h | G62: 0.7247 | H62: =IF( C62="INSUMO", IFERROR( IF( INDEX( Insumos!C:C, MATCH( A62&B62, Insumos!I:I, 0) )="Material", INDEX( Insumos!F:F, MATCH( A62&B62, Insumos!I:I, 0) ), 0 ), "Não encontrado"), IFERROR( INDEX(I:I, MATCH( A62&B62,AG:AG, 0) ), "Não encontrado") ) -> 0 | I62: =H62*G62/1 -> 0 | J62: =T62 + N62 + L62 + X62 + R62 + P62 + V62 -> 40.944978 | K62: =U62 + O62 + M62 + Y62 + S62 + Q62 + W62 -> 29.672826 | L62: =IF( C62="INSUMO", IFERROR( IF( INDEX( Insumos!C:C, MATCH( A62&B62, Insumos!I:I, 0) )="Mao_obra", INDEX( Insumos!F:F, MATCH( A62&B62, Insumos!I:I, 0) ), 0 ), "Não encontrado"), IFERROR( INDEX(M:M, MATCH( A62&B62,AG:AG, 0) ), "Não encontrado") ) -> 36.374978 | M62: =L62*G62/1 -> 26.360947 | N62: =IF( C62="INSUMO", IFERROR( IF( INDEX( Insumos!C:C, MATCH( A62&B62, Insumos!I:I, 0) )="Equipamento", INDEX( Insumos!F:F, MATCH( A62&B62, Insumos!I:I, 0) ), 0 ), "Não encontrado"), IFERROR( INDEX(O:O, MATCH( A62&B62,AG:AG, 0) ), "Não encontrado") ) -> 0 | O62: =N62*G62/1 -> 0 | P62: =IF( C62="INSUMO", IFERROR( IF( INDEX( Insumos!C:C, MATCH( A62&B62, Insumos!I:I, 0) )="Transporte", INDEX( Insumos!F:F, MATCH( A62&B62, Insumos!I:I, 0) ), 0 ), "Não encontrado"), IFERROR( INDEX(Q:Q, MATCH( A62&B62,AG:AG, 0) ), "Não encontrado") ) -> 0 | Q62: =P62*G62/1 -> 0 | R62: =IF( C62="INSUMO", IFERROR( IF( INDEX( Insumos!C:C, MATCH( A62&B62, Insumos!I:I, 0) )="Terceirizados", INDEX( Insumos!F:F, MATCH( A62&B62, Insumos!I:I, 0) ), 0 ), "Não encontrado"), IFERROR( INDEX(S:S, MATCH( A62&B62,AG:AG, 0) ), "Não encontrado") ) -> 0 | S62: =R62*G62/1 -> 0 | T62: =IF( C62="INSUMO", IFERROR( IF( INDEX( Insumos!C:C, MATCH( A62&B62, Insumos!I:I, 0) )="Comissionamento", INDEX( Insumos!F:F, MATCH( A62&B62, Insumos!I:I, 0) ), 0 ), "Não encontrado"), IFERROR( INDEX(U:U, MATCH( A62&B62,AG:AG, 0) ), "Não encontrado") ) -> 0 | U62: =T62*G62/1 -> 0 | V62: =IF( C62="INSUMO", IFERROR( IF( INDEX( Insumos!C:C, MATCH( A62&B62, Insumos!I:I, 0) )="Verba", INDEX( Insumos!F:F, MATCH( A62&B62, Insumos!I:I, 0) ), 0 ), "Não encontrado"), IFERROR( INDEX(W:W, MATCH( A62&B62,AG:AG, 0) ), "Não encontrado") ) -> 0 | W62: =V62*G62/1 -> 0 | X62: =IF( C62="INSUMO", IFERROR( IF( INDEX( Insumos!C:C, MATCH( A62&B62, Insumos!I:I, 0) )="Outro", INDEX( Insumos!F:F, MATCH( A62&B62, Insumos!I:I, 0) ), 0 ), "Não encontrado"), IFERROR( INDEX(Y:Y, MATCH( A62&B62,AG:AG, 0) ), "Não encontrado") ) -> 4.57 | Y62: =X62*G62/1 -> 3.311879 | Z62: =IF( C62="INSUMO", IFERROR( INDEX( Insumos!F:F, MATCH( A62&B62, Insumos!I:I, 0) ), "Não encontrado"), IFERROR( INDEX(AA:AA, MATCH( A62&B62,AG:AG, 0) ), "Não encontrado") ) -> 40.944978 | AA62: =G62*Z62 -> 29.672826
A63: 88239 | B63: SINAPI | C63: COMPOSICAO | D63: Original | E63: AJUDANTE DE CARPINTEIRO COM ENCARGOS COMPLEMENTARES | F63: h | G63: 0.7247 | H63: =IF( C63="INSUMO", IFERROR( IF( INDEX( Insumos!C:C, MATCH( A63&B63, Insumos!I:I, 0) )="Material", INDEX( Insumos!F:F, MATCH( A63&B63, Insumos!I:I, 0) ), 0 ), "Não encontrado"), IFERROR( INDEX(I:I, MATCH( A63&B63,AG:AG, 0) ), "Não encontrado") ) -> 0 | I63: =H63*G63/1 -> 0 | J63: =T63 + N63 + L63 + X63 + R63 + P63 + V63 -> 29.705605 | K63: =U63 + O63 + M63 + Y63 + S63 + Q63 + W63 -> 21.527652 | L63: =IF( C63="INSUMO", IFERROR( IF( INDEX( Insumos!C:C, MATCH( A63&B63, Insumos!I:I, 0) )="Mao_obra", INDEX( Insumos!F:F, MATCH( A63&B63, Insumos!I:I, 0) ), 0 ), "Não encontrado"), IFERROR( INDEX(M:M, MATCH( A63&B63,AG:AG, 0) ), "Não encontrado") ) -> 25.135605 | M63: =L63*G63/1 -> 18.215773 | N63: =IF( C63="INSUMO", IFERROR( IF( INDEX( Insumos!C:C, MATCH( A63&B63, Insumos!I:I, 0) )="Equipamento", INDEX( Insumos!F:F, MATCH( A63&B63, Insumos!I:I, 0) ), 0 ), "Não encontrado"), IFERROR( INDEX(O:O, MATCH( A63&B63,AG:AG, 0) ), "Não encontrado") ) -> 0 | O63: =N63*G63/1 -> 0 | P63: =IF( C63="INSUMO", IFERROR( IF( INDEX( Insumos!C:C, MATCH( A63&B63, Insumos!I:I, 0) )="Transporte", INDEX( Insumos!F:F, MATCH( A63&B63, Insumos!I:I, 0) ), 0 ), "Não encontrado"), IFERROR( INDEX(Q:Q, MATCH( A63&B63,AG:AG, 0) ), "Não encontrado") ) -> 0 | Q63: =P63*G63/1 -> 0 | R63: =IF( C63="INSUMO", IFERROR( IF( INDEX( Insumos!C:C, MATCH( A63&B63, Insumos!I:I, 0) )="Terceirizados", INDEX( Insumos!F:F, MATCH( A63&B63, Insumos!I:I, 0) ), 0 ), "Não encontrado"), IFERROR( INDEX(S:S, MATCH( A63&B63,AG:AG, 0) ), "Não encontrado") ) -> 0 | S63: =R63*G63/1 -> 0 | T63: =IF( C63="INSUMO", IFERROR( IF( INDEX( Insumos!C:C, MATCH( A63&B63, Insumos!I:I, 0) )="Comissionamento", INDEX( Insumos!F:F, MATCH( A63&B63, Insumos!I:I, 0) ), 0 ), "Não encontrado"), IFERROR( INDEX(U:U, MATCH( A63&B63,AG:AG, 0) ), "Não encontrado") ) -> 0 | U63: =T63*G63/1 -> 0 | V63: =IF( C63="INSUMO", IFERROR( IF( INDEX( Insumos!C:C, MATCH( A63&B63, Insumos!I:I, 0) )="Verba", INDEX( Insumos!F:F, MATCH( A63&B63, Insumos!I:I, 0) ), 0 ), "Não encontrado"), IFERROR( INDEX(W:W, MATCH( A63&B63,AG:AG, 0) ), "Não encontrado") ) -> 0 | W63: =V63*G63/1 -> 0 | X63: =IF( C63="INSUMO", IFERROR( IF( INDEX( Insumos!C:C, MATCH( A63&B63, Insumos!I:I, 0) )="Outro", INDEX( Insumos!F:F, MATCH( A63&B63, Insumos!I:I, 0) ), 0 ), "Não encontrado"), IFERROR( INDEX(Y:Y, MATCH( A63&B63,AG:AG, 0) ), "Não encontrado") ) -> 4.57 | Y63: =X63*G63/1 -> 3.311879 | Z63: =IF( C63="INSUMO", IFERROR( INDEX( Insumos!F:F, MATCH( A63&B63, Insumos!I:I, 0) ), "Não encontrado"), IFERROR( INDEX(AA:AA, MATCH( A63&B63,AG:AG, 0) ), "Não encontrado") ) -> 29.705605 | AA63: =G63*Z63 -> 21.527652
A64: 10567 | B64: SINAPI | C64: INSUMO | D64: Original | E64: TABUA *2,5 X 23* CM EM PINUS, MISTA OU EQUIVALENTE DA REGIAO - BRUTA | F64: m | G64: 0.55 | H64: =IF( C64="INSUMO", IFERROR( IF( INDEX( Insumos!C:C, MATCH( A64&B64, Insumos!I:I, 0) )="Material", INDEX( Insumos!F:F, MATCH( A64&B64, Insumos!I:I, 0) ), 0 ), "Não encontrado"), IFERROR( INDEX(I:I, MATCH( A64&B64,AG:AG, 0) ), "Não encontrado") ) -> 7.93 | I64: =H64*G64/1 -> 4.3615 | J64: =T64 + N64 + L64 + X64 + R64 + P64 + V64 -> 0 | K64: =U64 + O64 + M64 + Y64 + S64 + Q64 + W64 -> 0 | L64: =IF( C64="INSUMO", IFERROR( IF( INDEX( Insumos!C:C, MATCH( A64&B64, Insumos!I:I, 0) )="Mao_obra", INDEX( Insumos!F:F, MATCH( A64&B64, Insumos!I:I, 0) ), 0 ), "Não encontrado"), IFERROR( INDEX(M:M, MATCH( A64&B64,AG:AG, 0) ), "Não encontrado") ) -> 0 | M64: =L64*G64/1 -> 0 | N64: =IF( C64="INSUMO", IFERROR( IF( INDEX( Insumos!C:C, MATCH( A64&B64, Insumos!I:I, 0) )="Equipamento", INDEX( Insumos!F:F, MATCH( A64&B64, Insumos!I:I, 0) ), 0 ), "Não encontrado"), IFERROR( INDEX(O:O, MATCH( A64&B64,AG:AG, 0) ), "Não encontrado") ) -> 0 | O64: =N64*G64/1 -> 0 | P64: =IF( C64="INSUMO", IFERROR( IF( INDEX( Insumos!C:C, MATCH( A64&B64, Insumos!I:I, 0) )="Transporte", INDEX( Insumos!F:F, MATCH( A64&B64, Insumos!I:I, 0) ), 0 ), "Não encontrado"), IFERROR( INDEX(Q:Q, MATCH( A64&B64,AG:AG, 0) ), "Não encontrado") ) -> 0 | Q64: =P64*G64/1 -> 0 | R64: =IF( C64="INSUMO", IFERROR( IF( INDEX( Insumos!C:C, MATCH( A64&B64, Insumos!I:I, 0) )="Terceirizados", INDEX( Insumos!F:F, MATCH( A64&B64, Insumos!I:I, 0) ), 0 ), "Não encontrado"), IFERROR( INDEX(S:S, MATCH( A64&B64,AG:AG, 0) ), "Não encontrado") ) -> 0 | S64: =R64*G64/1 -> 0 | T64: =IF( C64="INSUMO", IFERROR( IF( INDEX( Insumos!C:C, MATCH( A64&B64, Insumos!I:I, 0) )="Comissionamento", INDEX( Insumos!F:F, MATCH( A64&B64, Insumos!I:I, 0) ), 0 ), "Não encontrado"), IFERROR( INDEX(U:U, MATCH( A64&B64,AG:AG, 0) ), "Não encontrado") ) -> 0 | U64: =T64*G64/1 -> 0 | V64: =IF( C64="INSUMO", IFERROR( IF( INDEX( Insumos!C:C, MATCH( A64&B64, Insumos!I:I, 0) )="Verba", INDEX( Insumos!F:F, MATCH( A64&B64, Insumos!I:I, 0) ), 0 ), "Não encontrado"), IFERROR( INDEX(W:W, MATCH( A64&B64,AG:AG, 0) ), "Não encontrado") ) -> 0 | W64: =V64*G64/1 -> 0 | X64: =IF( C64="INSUMO", IFERROR( IF( INDEX( Insumos!C:C, MATCH( A64&B64, Insumos!I:I, 0) )="Outro", INDEX( Insumos!F:F, MATCH( A64&B64, Insumos!I:I, 0) ), 0 ), "Não encontrado"), IFERROR( INDEX(Y:Y, MATCH( A64&B64,AG:AG, 0) ), "Não encontrado") ) -> 0 | Y64: =X64*G64/1 -> 0 | Z64: =IF( C64="INSUMO", IFERROR( INDEX( Insumos!F:F, MATCH( A64&B64, Insumos!I:I, 0) ), "Não encontrado"), IFERROR( INDEX(AA:AA, MATCH( A64&B64,AG:AG, 0) ), "Não encontrado") ) -> 7.93 | AA64: =G64*Z64 -> 4.3615
A65: 7356 | B65: SINAPI | C65: INSUMO | D65: Original | E65: TINTA LATEX ACRILICA PREMIUM, COR BRANCO FOSCO | F65: l | G65: 0.0256 | H65: =IF( C65="INSUMO", IFERROR( IF( INDEX( Insumos!C:C, MATCH( A65&B65, Insumos!I:I, 0) )="Material", INDEX( Insumos!F:F, MATCH( A65&B65, Insumos!I:I, 0) ), 0 ), "Não encontrado"), IFERROR( INDEX(I:I, MATCH( A65&B65,AG:AG, 0) ), "Não encontrado") ) -> 29.08 | I65: =H65*G65/1 -> 0.744448 | J65: =T65 + N65 + L65 + X65 + R65 + P65 + V65 -> 0 | K65: =U65 + O65 + M65 + Y65 + S65 + Q65 + W65 -> 0 | L65: =IF( C65="INSUMO", IFERROR( IF( INDEX( Insumos!C:C, MATCH( A65&B65, Insumos!I:I, 0) )="Mao_obra", INDEX( Insumos!F:F, MATCH( A65&B65, Insumos!I:I, 0) ), 0 ), "Não encontrado"), IFERROR( INDEX(M:M, MATCH( A65&B65,AG:AG, 0) ), "Não encontrado") ) -> 0 | M65: =L65*G65/1 -> 0 | N65: =IF( C65="INSUMO", IFERROR( IF( INDEX( Insumos!C:C, MATCH( A65&B65, Insumos!I:I, 0) )="Equipamento", INDEX( Insumos!F:F, MATCH( A65&B65, Insumos!I:I, 0) ), 0 ), "Não encontrado"), IFERROR( INDEX(O:O, MATCH( A65&B65,AG:AG, 0) ), "Não encontrado") ) -> 0 | O65: =N65*G65/1 -> 0 | P65: =IF( C65="INSUMO", IFERROR( IF( INDEX( Insumos!C:C, MATCH( A65&B65, Insumos!I:I, 0) )="Transporte", INDEX( Insumos!F:F, MATCH( A65&B65, Insumos!I:I, 0) ), 0 ), "Não encontrado"), IFERROR( INDEX(Q:Q, MATCH( A65&B65,AG:AG, 0) ), "Não encontrado") ) -> 0 | Q65: =P65*G65/1 -> 0 | R65: =IF( C65="INSUMO", IFERROR( IF( INDEX( Insumos!C:C, MATCH( A65&B65, Insumos!I:I, 0) )="Terceirizados", INDEX( Insumos!F:F, MATCH( A65&B65, Insumos!I:I, 0) ), 0 ), "Não encontrado"), IFERROR( INDEX(S:S, MATCH( A65&B65,AG:AG, 0) ), "Não encontrado") ) -> 0 | S65: =R65*G65/1 -> 0 | T65: =IF( C65="INSUMO", IFERROR( IF( INDEX( Insumos!C:C, MATCH( A65&B65, Insumos!I:I, 0) )="Comissionamento", INDEX( Insumos!F:F, MATCH( A65&B65, Insumos!I:I, 0) ), 0 ), "Não encontrado"), IFERROR( INDEX(U:U, MATCH( A65&B65,AG:AG, 0) ), "Não encontrado") ) -> 0 | U65: =T65*G65/1 -> 0 | V65: =IF( C65="INSUMO", IFERROR( IF( INDEX( Insumos!C:C, MATCH( A65&B65, Insumos!I:I, 0) )="Verba", INDEX( Insumos!F:F, MATCH( A65&B65, Insumos!I:I, 0) ), 0 ), "Não encontrado"), IFERROR( INDEX(W:W, MATCH( A65&B65,AG:AG, 0) ), "Não encontrado") ) -> 0 | W65: =V65*G65/1 -> 0 | X65: =IF( C65="INSUMO", IFERROR( IF( INDEX( Insumos!C:C, MATCH( A65&B65, Insumos!I:I, 0) )="Outro", INDEX( Insumos!F:F, MATCH( A65&B65, Insumos!I:I, 0) ), 0 ), "Não encontrado"), IFERROR( INDEX(Y:Y, MATCH( A65&B65,AG:AG, 0) ), "Não encontrado") ) -> 0 | Y65: =X65*G65/1 -> 0 | Z65: =IF( C65="INSUMO", IFERROR( INDEX( Insumos!F:F, MATCH( A65&B65, Insumos!I:I, 0) ), "Não encontrado"), IFERROR( INDEX(AA:AA, MATCH( A65&B65,AG:AG, 0) ), "Não encontrado") ) -> 29.08 | AA65: =G65*Z65 -> 0.744448
A66: 5068 | B66: SINAPI | C66: INSUMO | D66: Original | E66: PREGO DE ACO POLIDO COM CABECA 17 X 21 (2 X 11) | F66: kg | G66: 0.111 | H66: =IF( C66="INSUMO", IFERROR( IF( INDEX( Insumos!C:C, MATCH( A66&B66, Insumos!I:I, 0) )="Material", INDEX( Insumos!F:F, MATCH( A66&B66, Insumos!I:I, 0) ), 0 ), "Não encontrado"), IFERROR( INDEX(I:I, MATCH( A66&B66,AG:AG, 0) ), "Não encontrado") ) -> 15.13 | I66: =H66*G66/1 -> 1.67943 | J66: =T66 + N66 + L66 + X66 + R66 + P66 + V66 -> 0 | K66: =U66 + O66 + M66 + Y66 + S66 + Q66 + W66 -> 0 | L66: =IF( C66="INSUMO", IFERROR( IF( INDEX( Insumos!C:C, MATCH( A66&B66, Insumos!I:I, 0) )="Mao_obra", INDEX( Insumos!F:F, MATCH( A66&B66, Insumos!I:I, 0) ), 0 ), "Não encontrado"), IFERROR( INDEX(M:M, MATCH( A66&B66,AG:AG, 0) ), "Não encontrado") ) -> 0 | M66: =L66*G66/1 -> 0 | N66: =IF( C66="INSUMO", IFERROR( IF( INDEX( Insumos!C:C, MATCH( A66&B66, Insumos!I:I, 0) )="Equipamento", INDEX( Insumos!F:F, MATCH( A66&B66, Insumos!I:I, 0) ), 0 ), "Não encontrado"), IFERROR( INDEX(O:O, MATCH( A66&B66,AG:AG, 0) ), "Não encontrado") ) -> 0 | O66: =N66*G66/1 -> 0 | P66: =IF( C66="INSUMO", IFERROR( IF( INDEX( Insumos!C:C, MATCH( A66&B66, Insumos!I:I, 0) )="Transporte", INDEX( Insumos!F:F, MATCH( A66&B66, Insumos!I:I, 0) ), 0 ), "Não encontrado"), IFERROR( INDEX(Q:Q, MATCH( A66&B66,AG:AG, 0) ), "Não encontrado") ) -> 0 | Q66: =P66*G66/1 -> 0 | R66: =IF( C66="INSUMO", IFERROR( IF( INDEX( Insumos!C:C, MATCH( A66&B66, Insumos!I:I, 0) )="Terceirizados", INDEX( Insumos!F:F, MATCH( A66&B66, Insumos!I:I, 0) ), 0 ), "Não encontrado"), IFERROR( INDEX(S:S, MATCH( A66&B66,AG:AG, 0) ), "Não encontrado") ) -> 0 | S66: =R66*G66/1 -> 0 | T66: =IF( C66="INSUMO", IFERROR( IF( INDEX( Insumos!C:C, MATCH( A66&B66, Insumos!I:I, 0) )="Comissionamento", INDEX( Insumos!F:F, MATCH( A66&B66, Insumos!I:I, 0) ), 0 ), "Não encontrado"), IFERROR( INDEX(U:U, MATCH( A66&B66,AG:AG, 0) ), "Não encontrado") ) -> 0 | U66: =T66*G66/1 -> 0 | V66: =IF( C66="INSUMO", IFERROR( IF( INDEX( Insumos!C:C, MATCH( A66&B66, Insumos!I:I, 0) )="Verba", INDEX( Insumos!F:F, MATCH( A66&B66, Insumos!I:I, 0) ), 0 ), "Não encontrado"), IFERROR( INDEX(W:W, MATCH( A66&B66,AG:AG, 0) ), "Não encontrado") ) -> 0 | W66: =V66*G66/1 -> 0 | X66: =IF( C66="INSUMO", IFERROR( IF( INDEX( Insumos!C:C, MATCH( A66&B66, Insumos!I:I, 0) )="Outro", INDEX( Insumos!F:F, MATCH( A66&B66, Insumos!I:I, 0) ), 0 ), "Não encontrado"), IFERROR( INDEX(Y:Y, MATCH( A66&B66,AG:AG, 0) ), "Não encontrado") ) -> 0 | Y66: =X66*G66/1 -> 0 | Z66: =IF( C66="INSUMO", IFERROR( INDEX( Insumos!F:F, MATCH( A66&B66, Insumos!I:I, 0) ), "Não encontrado"), IFERROR( INDEX(AA:AA, MATCH( A66&B66,AG:AG, 0) ), "Não encontrado") ) -> 15.13 | AA66: =G66*Z66 -> 1.67943
A67: 4433 | B67: SINAPI | C67: INSUMO | D67: Original | E67: CAIBRO NAO APARELHADO *6 X 6* CM, EM MACARANDUBA/MASSARANDUBA, ANGELIM OU EQUIVALENTE DA REGIAO - BRUTA | F67: m | G67: 0.4125 | H67: =IF( C67="INSUMO", IFERROR( IF( INDEX( Insumos!C:C, MATCH( A67&B67, Insumos!I:I, 0) )="Material", INDEX( Insumos!F:F, MATCH( A67&B67, Insumos!I:I, 0) ), 0 ), "Não encontrado"), IFERROR( INDEX(I:I, MATCH( A67&B67,AG:AG, 0) ), "Não encontrado") ) -> 53.29 | I67: =H67*G67/1 -> 21.982125 | J67: =T67 + N67 + L67 + X67 + R67 + P67 + V67 -> 0 | K67: =U67 + O67 + M67 + Y67 + S67 + Q67 + W67 -> 0 | L67: =IF( C67="INSUMO", IFERROR( IF( INDEX( Insumos!C:C, MATCH( A67&B67, Insumos!I:I, 0) )="Mao_obra", INDEX( Insumos!F:F, MATCH( A67&B67, Insumos!I:I, 0) ), 0 ), "Não encontrado"), IFERROR( INDEX(M:M, MATCH( A67&B67,AG:AG, 0) ), "Não encontrado") ) -> 0 | M67: =L67*G67/1 -> 0 | N67: =IF( C67="INSUMO", IFERROR( IF( INDEX( Insumos!C:C, MATCH( A67&B67, Insumos!I:I, 0) )="Equipamento", INDEX( Insumos!F:F, MATCH( A67&B67, Insumos!I:I, 0) ), 0 ), "Não encontrado"), IFERROR( INDEX(O:O, MATCH( A67&B67,AG:AG, 0) ), "Não encontrado") ) -> 0 | O67: =N67*G67/1 -> 0 | P67: =IF( C67="INSUMO", IFERROR( IF( INDEX( Insumos!C:C, MATCH( A67&B67, Insumos!I:I, 0) )="Transporte", INDEX( Insumos!F:F, MATCH( A67&B67, Insumos!I:I, 0) ), 0 ), "Não encontrado"), IFERROR( INDEX(Q:Q, MATCH( A67&B67,AG:AG, 0) ), "Não encontrado") ) -> 0 | Q67: =P67*G67/1 -> 0 | R67: =IF( C67="INSUMO", IFERROR( IF( INDEX( Insumos!C:C, MATCH( A67&B67, Insumos!I:I, 0) )="Terceirizados", INDEX( Insumos!F:F, MATCH( A67&B67, Insumos!I:I, 0) ), 0 ), "Não encontrado"), IFERROR( INDEX(S:S, MATCH( A67&B67,AG:AG, 0) ), "Não encontrado") ) -> 0 | S67: =R67*G67/1 -> 0 | T67: =IF( C67="INSUMO", IFERROR( IF( INDEX( Insumos!C:C, MATCH( A67&B67, Insumos!I:I, 0) )="Comissionamento", INDEX( Insumos!F:F, MATCH( A67&B67, Insumos!I:I, 0) ), 0 ), "Não encontrado"), IFERROR( INDEX(U:U, MATCH( A67&B67,AG:AG, 0) ), "Não encontrado") ) -> 0 | U67: =T67*G67/1 -> 0 | V67: =IF( C67="INSUMO", IFERROR( IF( INDEX( Insumos!C:C, MATCH( A67&B67, Insumos!I:I, 0) )="Verba", INDEX( Insumos!F:F, MATCH( A67&B67, Insumos!I:I, 0) ), 0 ), "Não encontrado"), IFERROR( INDEX(W:W, MATCH( A67&B67,AG:AG, 0) ), "Não encontrado") ) -> 0 | W67: =V67*G67/1 -> 0 | X67: =IF( C67="INSUMO", IFERROR( IF( INDEX( Insumos!C:C, MATCH( A67&B67, Insumos!I:I, 0) )="Outro", INDEX( Insumos!F:F, MATCH( A67&B67, Insumos!I:I, 0) ), 0 ), "Não encontrado"), IFERROR( INDEX(Y:Y, MATCH( A67&B67,AG:AG, 0) ), "Não encontrado") ) -> 0 | Y67: =X67*G67/1 -> 0 | Z67: =IF( C67="INSUMO", IFERROR( INDEX( Insumos!F:F, MATCH( A67&B67, Insumos!I:I, 0) ), "Não encontrado"), IFERROR( INDEX(AA:AA, MATCH( A67&B67,AG:AG, 0) ), "Não encontrado") ) -> 53.29 | AA67: =G67*Z67 -> 21.982125
A68: 4417 | B68: SINAPI | C68: INSUMO | D68: Original | E68: SARRAFO NAO APARELHADO *2,5 X 7* CM, EM MACARANDUBA/MASSARANDUBA, ANGELIM, PEROBA-ROSA OU EQUIVALENTE DA REGIAO - BRUTA | F68: m | G68: 0.7445 | H68: =IF( C68="INSUMO", IFERROR( IF( INDEX( Insumos!C:C, MATCH( A68&B68, Insumos!I:I, 0) )="Material", INDEX( Insumos!F:F, MATCH( A68&B68, Insumos!I:I, 0) ), 0 ), "Não encontrado"), IFERROR( INDEX(I:I, MATCH( A68&B68,AG:AG, 0) ), "Não encontrado") ) -> 14.83 | I68: =H68*G68/1 -> 11.040935 | J68: =T68 + N68 + L68 + X68 + R68 + P68 + V68 -> 0 | K68: =U68 + O68 + M68 + Y68 + S68 + Q68 + W68 -> 0 | L68: =IF( C68="INSUMO", IFERROR( IF( INDEX( Insumos!C:C, MATCH( A68&B68, Insumos!I:I, 0) )="Mao_obra", INDEX( Insumos!F:F, MATCH( A68&B68, Insumos!I:I, 0) ), 0 ), "Não encontrado"), IFERROR( INDEX(M:M, MATCH( A68&B68,AG:AG, 0) ), "Não encontrado") ) -> 0 | M68: =L68*G68/1 -> 0 | N68: =IF( C68="INSUMO", IFERROR( IF( INDEX( Insumos!C:C, MATCH( A68&B68, Insumos!I:I, 0) )="Equipamento", INDEX( Insumos!F:F, MATCH( A68&B68, Insumos!I:I, 0) ), 0 ), "Não encontrado"), IFERROR( INDEX(O:O, MATCH( A68&B68,AG:AG, 0) ), "Não encontrado") ) -> 0 | O68: =N68*G68/1 -> 0 | P68: =IF( C68="INSUMO", IFERROR( IF( INDEX( Insumos!C:C, MATCH( A68&B68, Insumos!I:I, 0) )="Transporte", INDEX( Insumos!F:F, MATCH( A68&B68, Insumos!I:I, 0) ), 0 ), "Não encontrado"), IFERROR( INDEX(Q:Q, MATCH( A68&B68,AG:AG, 0) ), "Não encontrado") ) -> 0 | Q68: =P68*G68/1 -> 0 | R68: =IF( C68="INSUMO", IFERROR( IF( INDEX( Insumos!C:C, MATCH( A68&B68, Insumos!I:I, 0) )="Terceirizados", INDEX( Insumos!F:F, MATCH( A68&B68, Insumos!I:I, 0) ), 0 ), "Não encontrado"), IFERROR( INDEX(S:S, MATCH( A68&B68,AG:AG, 0) ), "Não encontrado") ) -> 0 | S68: =R68*G68/1 -> 0 | T68: =IF( C68="INSUMO", IFERROR( IF( INDEX( Insumos!C:C, MATCH( A68&B68, Insumos!I:I, 0) )="Comissionamento", INDEX( Insumos!F:F, MATCH( A68&B68, Insumos!I:I, 0) ), 0 ), "Não encontrado"), IFERROR( INDEX(U:U, MATCH( A68&B68,AG:AG, 0) ), "Não encontrado") ) -> 0 | U68: =T68*G68/1 -> 0 | V68: =IF( C68="INSUMO", IFERROR( IF( INDEX( Insumos!C:C, MATCH( A68&B68, Insumos!I:I, 0) )="Verba", INDEX( Insumos!F:F, MATCH( A68&B68, Insumos!I:I, 0) ), 0 ), "Não encontrado"), IFERROR( INDEX(W:W, MATCH( A68&B68,AG:AG, 0) ), "Não encontrado") ) -> 0 | W68: =V68*G68/1 -> 0 | X68: =IF( C68="INSUMO", IFERROR( IF( INDEX( Insumos!C:C, MATCH( A68&B68, Insumos!I:I, 0) )="Outro", INDEX( Insumos!F:F, MATCH( A68&B68, Insumos!I:I, 0) ), 0 ), "Não encontrado"), IFERROR( INDEX(Y:Y, MATCH( A68&B68,AG:AG, 0) ), "Não encontrado") ) -> 0 | Y68: =X68*G68/1 -> 0 | Z68: =IF( C68="INSUMO", IFERROR( INDEX( Insumos!F:F, MATCH( A68&B68, Insumos!I:I, 0) ), "Não encontrado"), IFERROR( INDEX(AA:AA, MATCH( A68&B68,AG:AG, 0) ), "Não encontrado") ) -> 14.83 | AA68: =G68*Z68 -> 11.040935
A69: 0073 | B69: PRÓPRIA | D69: Original | E69: COPIAS DE PROJETOS POR PLOTAGEM ELETRONICA | F69: un | I69: =SUM(I70:I70) -> 18 | K69: =SUM(K70:K70) -> 0 | M69: =SUM(M70:M70) -> 0 | O69: =SUM(O70:O70) -> 0 | Q69: =SUM(Q70:Q70) -> 0 | S69: =SUM(S70:S70) -> 0 | U69: =SUM(U70:U70) -> 0 | W69: =SUM(W70:W70) -> 0 | Y69: =SUM(Y70:Y70) -> 0 | AA69: =SUM(AA70:AA70) -> 18 | AF69: Geral | AG69: =A69&B69&C69 -> 0073PRÓPRIA
A70: 0002 | B70: PRÓPRIA | C70: INSUMO | D70: Original | E70: COPIA DE PROJETOS PLOTTER A0 P&B (REF. SBC 014025) | F70: un | G70: 1 | H70: =IF( C70="INSUMO", IFERROR( IF( INDEX( Insumos!C:C, MATCH( A70&B70, Insumos!I:I, 0) )="Material", INDEX( Insumos!F:F, MATCH( A70&B70, Insumos!I:I, 0) ), 0 ), "Não encontrado"), IFERROR( INDEX(I:I, MATCH( A70&B70,AG:AG, 0) ), "Não encontrado") ) -> 18 | I70: =H70*G70/1 -> 18 | J70: =T70 + N70 + L70 + X70 + R70 + P70 + V70 -> 0 | K70: =U70 + O70 + M70 + Y70 + S70 + Q70 + W70 -> 0 | L70: =IF( C70="INSUMO", IFERROR( IF( INDEX( Insumos!C:C, MATCH( A70&B70, Insumos!I:I, 0) )="Mao_obra", INDEX( Insumos!F:F, MATCH( A70&B70, Insumos!I:I, 0) ), 0 ), "Não encontrado"), IFERROR( INDEX(M:M, MATCH( A70&B70,AG:AG, 0) ), "Não encontrado") ) -> 0 | M70: =L70*G70/1 -> 0 | N70: =IF( C70="INSUMO", IFERROR( IF( INDEX( Insumos!C:C, MATCH( A70&B70, Insumos!I:I, 0) )="Equipamento", INDEX( Insumos!F:F, MATCH( A70&B70, Insumos!I:I, 0) ), 0 ), "Não encontrado"), IFERROR( INDEX(O:O, MATCH( A70&B70,AG:AG, 0) ), "Não encontrado") ) -> 0 | O70: =N70*G70/1 -> 0 | P70: =IF( C70="INSUMO", IFERROR( IF( INDEX( Insumos!C:C, MATCH( A70&B70, Insumos!I:I, 0) )="Transporte", INDEX( Insumos!F:F, MATCH( A70&B70, Insumos!I:I, 0) ), 0 ), "Não encontrado"), IFERROR( INDEX(Q:Q, MATCH( A70&B70,AG:AG, 0) ), "Não encontrado") ) -> 0 | Q70: =P70*G70/1 -> 0 | R70: =IF( C70="INSUMO", IFERROR( IF( INDEX( Insumos!C:C, MATCH( A70&B70, Insumos!I:I, 0) )="Terceirizados", INDEX( Insumos!F:F, MATCH( A70&B70, Insumos!I:I, 0) ), 0 ), "Não encontrado"), IFERROR( INDEX(S:S, MATCH( A70&B70,AG:AG, 0) ), "Não encontrado") ) -> 0 | S70: =R70*G70/1 -> 0 | T70: =IF( C70="INSUMO", IFERROR( IF( INDEX( Insumos!C:C, MATCH( A70&B70, Insumos!I:I, 0) )="Comissionamento", INDEX( Insumos!F:F, MATCH( A70&B70, Insumos!I:I, 0) ), 0 ), "Não encontrado"), IFERROR( INDEX(U:U, MATCH( A70&B70,AG:AG, 0) ), "Não encontrado") ) -> 0 | U70: =T70*G70/1 -> 0 | V70: =IF( C70="INSUMO", IFERROR( IF( INDEX( Insumos!C:C, MATCH( A70&B70, Insumos!I:I, 0) )="Verba", INDEX( Insumos!F:F, MATCH( A70&B70, Insumos!I:I, 0) ), 0 ), "Não encontrado"), IFERROR( INDEX(W:W, MATCH( A70&B70,AG:AG, 0) ), "Não encontrado") ) -> 0 | W70: =V70*G70/1 -> 0 | X70: =IF( C70="INSUMO", IFERROR( IF( INDEX( Insumos!C:C, MATCH( A70&B70, Insumos!I:I, 0) )="Outro", INDEX( Insumos!F:F, MATCH( A70&B70, Insumos!I:I, 0) ), 0 ), "Não encontrado"), IFERROR( INDEX(Y:Y, MATCH( A70&B70,AG:AG, 0) ), "Não encontrado") ) -> 0 | Y70: =X70*G70/1 -> 0 | Z70: =IF( C70="INSUMO", IFERROR( INDEX( Insumos!F:F, MATCH( A70&B70, Insumos!I:I, 0) ), "Não encontrado"), IFERROR( INDEX(AA:AA, MATCH( A70&B70,AG:AG, 0) ), "Não encontrado") ) -> 18 | AA70: =G70*Z70 -> 18
A71: 0074 | B71: PRÓPRIA | D71: Original | E71: PROJETO ""AS BUILT"" DE ARQUITETURA | F71: m² | I71: =SUM(I72:I72) -> 10.53 | K71: =SUM(K72:K72) -> 0 | M71: =SUM(M72:M72) -> 0 | O71: =SUM(O72:O72) -> 0 | Q71: =SUM(Q72:Q72) -> 0 | S71: =SUM(S72:S72) -> 0 | U71: =SUM(U72:U72) -> 0 | W71: =SUM(W72:W72) -> 0 | Y71: =SUM(Y72:Y72) -> 0 | AA71: =SUM(AA72:AA72) -> 10.53 | AF71: Geral | AG71: =A71&B71&C71 -> 0074PRÓPRIA
A72: 0003 | B72: PRÓPRIA | C72: INSUMO | D72: Original | E72: PROJETO ""AS BUILT"" DE ARQUITETURA (REF. SBC 004365) | F72: m² | G72: 1 | H72: =IF( C72="INSUMO", IFERROR( IF( INDEX( Insumos!C:C, MATCH( A72&B72, Insumos!I:I, 0) )="Material", INDEX( Insumos!F:F, MATCH( A72&B72, Insumos!I:I, 0) ), 0 ), "Não encontrado"), IFERROR( INDEX(I:I, MATCH( A72&B72,AG:AG, 0) ), "Não encontrado") ) -> 10.53 | I72: =H72*G72/1 -> 10.53 | J72: =T72 + N72 + L72 + X72 + R72 + P72 + V72 -> 0 | K72: =U72 + O72 + M72 + Y72 + S72 + Q72 + W72 -> 0 | L72: =IF( C72="INSUMO", IFERROR( IF( INDEX( Insumos!C:C, MATCH( A72&B72, Insumos!I:I, 0) )="Mao_obra", INDEX( Insumos!F:F, MATCH( A72&B72, Insumos!I:I, 0) ), 0 ), "Não encontrado"), IFERROR( INDEX(M:M, MATCH( A72&B72,AG:AG, 0) ), "Não encontrado") ) -> 0 | M72: =L72*G72/1 -> 0 | N72: =IF( C72="INSUMO", IFERROR( IF( INDEX( Insumos!C:C, MATCH( A72&B72, Insumos!I:I, 0) )="Equipamento", INDEX( Insumos!F:F, MATCH( A72&B72, Insumos!I:I, 0) ), 0 ), "Não encontrado"), IFERROR( INDEX(O:O, MATCH( A72&B72,AG:AG, 0) ), "Não encontrado") ) -> 0 | O72: =N72*G72/1 -> 0 | P72: =IF( C72="INSUMO", IFERROR( IF( INDEX( Insumos!C:C, MATCH( A72&B72, Insumos!I:I, 0) )="Transporte", INDEX( Insumos!F:F, MATCH( A72&B72, Insumos!I:I, 0) ), 0 ), "Não encontrado"), IFERROR( INDEX(Q:Q, MATCH( A72&B72,AG:AG, 0) ), "Não encontrado") ) -> 0 | Q72: =P72*G72/1 -> 0 | R72: =IF( C72="INSUMO", IFERROR( IF( INDEX( Insumos!C:C, MATCH( A72&B72, Insumos!I:I, 0) )="Terceirizados", INDEX( Insumos!F:F, MATCH( A72&B72, Insumos!I:I, 0) ), 0 ), "Não encontrado"), IFERROR( INDEX(S:S, MATCH( A72&B72,AG:AG, 0) ), "Não encontrado") ) -> 0 | S72: =R72*G72/1 -> 0 | T72: =IF( C72="INSUMO", IFERROR( IF( INDEX( Insumos!C:C, MATCH( A72&B72, Insumos!I:I, 0) )="Comissionamento", INDEX( Insumos!F:F, MATCH( A72&B72, Insumos!I:I, 0) ), 0 ), "Não encontrado"), IFERROR( INDEX(U:U, MATCH( A72&B72,AG:AG, 0) ), "Não encontrado") ) -> 0 | U72: =T72*G72/1 -> 0 | V72: =IF( C72="INSUMO", IFERROR( IF( INDEX( Insumos!C:C, MATCH( A72&B72, Insumos!I:I, 0) )="Verba", INDEX( Insumos!F:F, MATCH( A72&B72, Insumos!I:I, 0) ), 0 ), "Não encontrado"), IFERROR( INDEX(W:W, MATCH( A72&B72,AG:AG, 0) ), "Não encontrado") ) -> 0 | W72: =V72*G72/1 -> 0 | X72: =IF( C72="INSUMO", IFERROR( IF( INDEX( Insumos!C:C, MATCH( A72&B72, Insumos!I:I, 0) )="Outro", INDEX( Insumos!F:F, MATCH( A72&B72, Insumos!I:I, 0) ), 0 ), "Não encontrado"), IFERROR( INDEX(Y:Y, MATCH( A72&B72,AG:AG, 0) ), "Não encontrado") ) -> 0 | Y72: =X72*G72/1 -> 0 | Z72: =IF( C72="INSUMO", IFERROR( INDEX( Insumos!F:F, MATCH( A72&B72, Insumos!I:I, 0) ), "Não encontrado"), IFERROR( INDEX(AA:AA, MATCH( A72&B72,AG:AG, 0) ), "Não encontrado") ) -> 10.53 | AA72: =G72*Z72 -> 10.53
A73: 0072 | B73: PRÓPRIA | D73: Original | E73: ALUGUEL MENSAL CONTAINER-ALMOXARIFADO-6,0x2,4m (REF. SBC 012058) | F73: mês | I73: =SUM(I74:I74) -> 1250 | K73: =SUM(K74:K74) -> 0 | M73: =SUM(M74:M74) -> 0 | O73: =SUM(O74:O74) -> 0 | Q73: =SUM(Q74:Q74) -> 0 | S73: =SUM(S74:S74) -> 0 | U73: =SUM(U74:U74) -> 0 | W73: =SUM(W74:W74) -> 0 | Y73: =SUM(Y74:Y74) -> 0 | AA73: =SUM(AA74:AA74) -> 1250 | AF73: Geral | AG73: =A73&B73&C73 -> 0072PRÓPRIA
A74: 0004 | B74: PRÓPRIA | C74: INSUMO | D74: Original | E74: ALUGUEL MENSAL CONTAINER ALMOXARIFADO 6,0x2,4m SEM SANITARIO (REF. SBC 010075) | F74: mês | G74: 1 | H74: =IF( C74="INSUMO", IFERROR( IF( INDEX( Insumos!C:C, MATCH( A74&B74, Insumos!I:I, 0) )="Material", INDEX( Insumos!F:F, MATCH( A74&B74, Insumos!I:I, 0) ), 0 ), "Não encontrado"), IFERROR( INDEX(I:I, MATCH( A74&B74,AG:AG, 0) ), "Não encontrado") ) -> 1250 | I74: =H74*G74/1 -> 1250 | J74: =T74 + N74 + L74 + X74 + R74 + P74 + V74 -> 0 | K74: =U74 + O74 + M74 + Y74 + S74 + Q74 + W74 -> 0 | L74: =IF( C74="INSUMO", IFERROR( IF( INDEX( Insumos!C:C, MATCH( A74&B74, Insumos!I:I, 0) )="Mao_obra", INDEX( Insumos!F:F, MATCH( A74&B74, Insumos!I:I, 0) ), 0 ), "Não encontrado"), IFERROR( INDEX(M:M, MATCH( A74&B74,AG:AG, 0) ), "Não encontrado") ) -> 0 | M74: =L74*G74/1 -> 0 | N74: =IF( C74="INSUMO", IFERROR( IF( INDEX( Insumos!C:C, MATCH( A74&B74, Insumos!I:I, 0) )="Equipamento", INDEX( Insumos!F:F, MATCH( A74&B74, Insumos!I:I, 0) ), 0 ), "Não encontrado"), IFERROR( INDEX(O:O, MATCH( A74&B74,AG:AG, 0) ), "Não encontrado") ) -> 0 | O74: =N74*G74/1 -> 0 | P74: =IF( C74="INSUMO", IFERROR( IF( INDEX( Insumos!C:C, MATCH( A74&B74, Insumos!I:I, 0) )="Transporte", INDEX( Insumos!F:F, MATCH( A74&B74, Insumos!I:I, 0) ), 0 ), "Não encontrado"), IFERROR( INDEX(Q:Q, MATCH( A74&B74,AG:AG, 0) ), "Não encontrado") ) -> 0 | Q74: =P74*G74/1 -> 0 | R74: =IF( C74="INSUMO", IFERROR( IF( INDEX( Insumos!C:C, MATCH( A74&B74, Insumos!I:I, 0) )="Terceirizados", INDEX( Insumos!F:F, MATCH( A74&B74, Insumos!I:I, 0) ), 0 ), "Não encontrado"), IFERROR( INDEX(S:S, MATCH( A74&B74,AG:AG, 0) ), "Não encontrado") ) -> 0 | S74: =R74*G74/1 -> 0 | T74: =IF( C74="INSUMO", IFERROR( IF( INDEX( Insumos!C:C, MATCH( A74&B74, Insumos!I:I, 0) )="Comissionamento", INDEX( Insumos!F:F, MATCH( A74&B74, Insumos!I:I, 0) ), 0 ), "Não encontrado"), IFERROR( INDEX(U:U, MATCH( A74&B74,AG:AG, 0) ), "Não encontrado") ) -> 0 | U74: =T74*G74/1 -> 0 | V74: =IF( C74="INSUMO", IFERROR( IF( INDEX( Insumos!C:C, MATCH( A74&B74, Insumos!I:I, 0) )="Verba", INDEX( Insumos!F:F, MATCH( A74&B74, Insumos!I:I, 0) ), 0 ), "Não encontrado"), IFERROR( INDEX(W:W, MATCH( A74&B74,AG:AG, 0) ), "Não encontrado") ) -> 0 | W74: =V74*G74/1 -> 0 | X74: =IF( C74="INSUMO", IFERROR( IF( INDEX( Insumos!C:C, MATCH( A74&B74, Insumos!I:I, 0) )="Outro", INDEX( Insumos!F:F, MATCH( A74&B74, Insumos!I:I, 0) ), 0 ), "Não encontrado"), IFERROR( INDEX(Y:Y, MATCH( A74&B74,AG:AG, 0) ), "Não encontrado") ) -> 0 | Y74: =X74*G74/1 -> 0 | Z74: =IF( C74="INSUMO", IFERROR( INDEX( Insumos!F:F, MATCH( A74&B74, Insumos!I:I, 0) ), "Não encontrado"), IFERROR( INDEX(AA:AA, MATCH( A74&B74,AG:AG, 0) ), "Não encontrado") ) -> 1250 | AA74: =G74*Z74 -> 1250
A75: 98529 | B75: SINAPI | D75: Original | E75: CORTE RASO E RECORTE DE ÁRVORE COM DIÂMETRO DE TRONCO MAIOR OU IGUAL A 0,20 M E MENOR QUE 0,40 M. AF_03/2024 | F75: un | I75: =SUM(I76:I77) -> 0 | K75: =SUM(K76:K77) -> 94.683466 | M75: =SUM(M76:M77) -> 78.115451 | O75: =SUM(O76:O77) -> 0 | Q75: =SUM(Q76:Q77) -> 0 | S75: =SUM(S76:S77) -> 0 | U75: =SUM(U76:U77) -> 0 | W75: =SUM(W76:W77) -> 0 | Y75: =SUM(Y76:Y77) -> 16.568015 | AA75: =SUM(AA76:AA77) -> 94.683466 | AF75: Supressão Vegetal | AG75: =A75&B75&C75 -> 98529SINAPI
A76: 88441 | B76: SINAPI | C76: COMPOSICAO | D76: Original | E76: JARDINEIRO COM ENCARGOS COMPLEMENTARES | F76: h | G76: 1.1535 | H76: =IF( C76="INSUMO", IFERROR( IF( INDEX( Insumos!C:C, MATCH( A76&B76, Insumos!I:I, 0) )="Material", INDEX( Insumos!F:F, MATCH( A76&B76, Insumos!I:I, 0) ), 0 ), "Não encontrado"), IFERROR( INDEX(I:I, MATCH( A76&B76,AG:AG, 0) ), "Não encontrado") ) -> 0 | I76: =H76*G76/1 -> 0 | J76: =T76 + N76 + L76 + X76 + R76 + P76 + V76 -> 29.353229 | K76: =U76 + O76 + M76 + Y76 + S76 + Q76 + W76 -> 33.85895 | L76: =IF( C76="INSUMO", IFERROR( IF( INDEX( Insumos!C:C, MATCH( A76&B76, Insumos!I:I, 0) )="Mao_obra", INDEX( Insumos!F:F, MATCH( A76&B76, Insumos!I:I, 0) ), 0 ), "Não encontrado"), IFERROR( INDEX(M:M, MATCH( A76&B76,AG:AG, 0) ), "Não encontrado") ) -> 24.333229 | M76: =L76*G76/1 -> 28.06838 | N76: =IF( C76="INSUMO", IFERROR( IF( INDEX( Insumos!C:C, MATCH( A76&B76, Insumos!I:I, 0) )="Equipamento", INDEX( Insumos!F:F, MATCH( A76&B76, Insumos!I:I, 0) ), 0 ), "Não encontrado"), IFERROR( INDEX(O:O, MATCH( A76&B76,AG:AG, 0) ), "Não encontrado") ) -> 0 | O76: =N76*G76/1 -> 0 | P76: =IF( C76="INSUMO", IFERROR( IF( INDEX( Insumos!C:C, MATCH( A76&B76, Insumos!I:I, 0) )="Transporte", INDEX( Insumos!F:F, MATCH( A76&B76, Insumos!I:I, 0) ), 0 ), "Não encontrado"), IFERROR( INDEX(Q:Q, MATCH( A76&B76,AG:AG, 0) ), "Não encontrado") ) -> 0 | Q76: =P76*G76/1 -> 0 | R76: =IF( C76="INSUMO", IFERROR( IF( INDEX( Insumos!C:C, MATCH( A76&B76, Insumos!I:I, 0) )="Terceirizados", INDEX( Insumos!F:F, MATCH( A76&B76, Insumos!I:I, 0) ), 0 ), "Não encontrado"), IFERROR( INDEX(S:S, MATCH( A76&B76,AG:AG, 0) ), "Não encontrado") ) -> 0 | S76: =R76*G76/1 -> 0 | T76: =IF( C76="INSUMO", IFERROR( IF( INDEX( Insumos!C:C, MATCH( A76&B76, Insumos!I:I, 0) )="Comissionamento", INDEX( Insumos!F:F, MATCH( A76&B76, Insumos!I:I, 0) ), 0 ), "Não encontrado"), IFERROR( INDEX(U:U, MATCH( A76&B76,AG:AG, 0) ), "Não encontrado") ) -> 0 | U76: =T76*G76/1 -> 0 | V76: =IF( C76="INSUMO", IFERROR( IF( INDEX( Insumos!C:C, MATCH( A76&B76, Insumos!I:I, 0) )="Verba", INDEX( Insumos!F:F, MATCH( A76&B76, Insumos!I:I, 0) ), 0 ), "Não encontrado"), IFERROR( INDEX(W:W, MATCH( A76&B76,AG:AG, 0) ), "Não encontrado") ) -> 0 | W76: =V76*G76/1 -> 0 | X76: =IF( C76="INSUMO", IFERROR( IF( INDEX( Insumos!C:C, MATCH( A76&B76, Insumos!I:I, 0) )="Outro", INDEX( Insumos!F:F, MATCH( A76&B76, Insumos!I:I, 0) ), 0 ), "Não encontrado"), IFERROR( INDEX(Y:Y, MATCH( A76&B76,AG:AG, 0) ), "Não encontrado") ) -> 5.02 | Y76: =X76*G76/1 -> 5.79057 | Z76: =IF( C76="INSUMO", IFERROR( INDEX( Insumos!F:F, MATCH( A76&B76, Insumos!I:I, 0) ), "Não encontrado"), IFERROR( INDEX(AA:AA, MATCH( A76&B76,AG:AG, 0) ), "Não encontrado") ) -> 29.353229 | AA76: =G76*Z76 -> 33.85895
A77: 88316 | B77: SINAPI | C77: COMPOSICAO | D77: Original | E77: SERVENTE COM ENCARGOS COMPLEMENTARES | F77: h | G77: 2.1685 | H77: =IF( C77="INSUMO", IFERROR( IF( INDEX( Insumos!C:C, MATCH( A77&B77, Insumos!I:I, 0) )="Material", INDEX( Insumos!F:F, MATCH( A77&B77, Insumos!I:I, 0) ), 0 ), "Não encontrado"), IFERROR( INDEX(I:I, MATCH( A77&B77,AG:AG, 0) ), "Não encontrado") ) -> 0 | I77: =H77*G77/1 -> 0 | J77: =T77 + N77 + L77 + X77 + R77 + P77 + V77 -> 28.04912 | K77: =U77 + O77 + M77 + Y77 + S77 + Q77 + W77 -> 60.824517 | L77: =IF( C77="INSUMO", IFERROR( IF( INDEX( Insumos!C:C, MATCH( A77&B77, Insumos!I:I, 0) )="Mao_obra", INDEX( Insumos!F:F, MATCH( A77&B77, Insumos!I:I, 0) ), 0 ), "Não encontrado"), IFERROR( INDEX(M:M, MATCH( A77&B77,AG:AG, 0) ), "Não encontrado") ) -> 23.07912 | M77: =L77*G77/1 -> 50.047072 | N77: =IF( C77="INSUMO", IFERROR( IF( INDEX( Insumos!C:C, MATCH( A77&B77, Insumos!I:I, 0) )="Equipamento", INDEX( Insumos!F:F, MATCH( A77&B77, Insumos!I:I, 0) ), 0 ), "Não encontrado"), IFERROR( INDEX(O:O, MATCH( A77&B77,AG:AG, 0) ), "Não encontrado") ) -> 0 | O77: =N77*G77/1 -> 0 | P77: =IF( C77="INSUMO", IFERROR( IF( INDEX( Insumos!C:C, MATCH( A77&B77, Insumos!I:I, 0) )="Transporte", INDEX( Insumos!F:F, MATCH( A77&B77, Insumos!I:I, 0) ), 0 ), "Não encontrado"), IFERROR( INDEX(Q:Q, MATCH( A77&B77,AG:AG, 0) ), "Não encontrado") ) -> 0 | Q77: =P77*G77/1 -> 0 | R77: =IF( C77="INSUMO", IFERROR( IF( INDEX( Insumos!C:C, MATCH( A77&B77, Insumos!I:I, 0) )="Terceirizados", INDEX( Insumos!F:F, MATCH( A77&B77, Insumos!I:I, 0) ), 0 ), "Não encontrado"), IFERROR( INDEX(S:S, MATCH( A77&B77,AG:AG, 0) ), "Não encontrado") ) -> 0 | S77: =R77*G77/1 -> 0 | T77: =IF( C77="INSUMO", IFERROR( IF( INDEX( Insumos!C:C, MATCH( A77&B77, Insumos!I:I, 0) )="Comissionamento", INDEX( Insumos!F:F, MATCH( A77&B77, Insumos!I:I, 0) ), 0 ), "Não encontrado"), IFERROR( INDEX(U:U, MATCH( A77&B77,AG:AG, 0) ), "Não encontrado") ) -> 0 | U77: =T77*G77/1 -> 0 | V77: =IF( C77="INSUMO", IFERROR( IF( INDEX( Insumos!C:C, MATCH( A77&B77, Insumos!I:I, 0) )="Verba", INDEX( Insumos!F:F, MATCH( A77&B77, Insumos!I:I, 0) ), 0 ), "Não encontrado"), IFERROR( INDEX(W:W, MATCH( A77&B77,AG:AG, 0) ), "Não encontrado") ) -> 0 | W77: =V77*G77/1 -> 0 | X77: =IF( C77="INSUMO", IFERROR( IF( INDEX( Insumos!C:C, MATCH( A77&B77, Insumos!I:I, 0) )="Outro", INDEX( Insumos!F:F, MATCH( A77&B77, Insumos!I:I, 0) ), 0 ), "Não encontrado"), IFERROR( INDEX(Y:Y, MATCH( A77&B77,AG:AG, 0) ), "Não encontrado") ) -> 4.97 | Y77: =X77*G77/1 -> 10.777445 | Z77: =IF( C77="INSUMO", IFERROR( INDEX( Insumos!F:F, MATCH( A77&B77, Insumos!I:I, 0) ), "Não encontrado"), IFERROR( INDEX(AA:AA, MATCH( A77&B77,AG:AG, 0) ), "Não encontrado") ) -> 28.04912 | AA77: =G77*Z77 -> 60.824517
A78: 98527 | B78: SINAPI | D78: Original | E78: REMOÇÃO DE RAÍZES REMANESCENTES DE TRONCO DE ÁRVORE COM DIÂMETRO MAIOR OU IGUAL A 0,40 M E MENOR QUE 0,60 M. AF_03/2024 | F78: un | I78: =SUM(I79:I82) -> 15.585922 | K78: =SUM(K79:K82) -> 235.26785 | M78: =SUM(M79:M82) -> 148.5319 | O78: =SUM(O79:O82) -> 62.521945 | Q78: =SUM(Q79:Q82) -> 0 | S78: =SUM(S79:S82) -> 0 | U78: =SUM(U79:U82) -> 0 | W78: =SUM(W79:W82) -> 0 | Y78: =SUM(Y79:Y82) -> 24.214002 | AA78: =SUM(AA79:AA82) -> 250.85377 | AF78: Supressão Vegetal | AG78: =A78&B78&C78 -> 98527SINAPI
A79: 88441 | B79: SINAPI | C79: COMPOSICAO | D79: Original | E79: JARDINEIRO COM ENCARGOS COMPLEMENTARES | F79: h | G79: 1.7623 | H79: =IF( C79="INSUMO", IFERROR( IF( INDEX( Insumos!C:C, MATCH( A79&B79, Insumos!I:I, 0) )="Material", INDEX( Insumos!F:F, MATCH( A79&B79, Insumos!I:I, 0) ), 0 ), "Não encontrado"), IFERROR( INDEX(I:I, MATCH( A79&B79,AG:AG, 0) ), "Não encontrado") ) -> 0 | I79: =H79*G79/1 -> 0 | J79: =T79 + N79 + L79 + X79 + R79 + P79 + V79 -> 29.353229 | K79: =U79 + O79 + M79 + Y79 + S79 + Q79 + W79 -> 51.729195 | L79: =IF( C79="INSUMO", IFERROR( IF( INDEX( Insumos!C:C, MATCH( A79&B79, Insumos!I:I, 0) )="Mao_obra", INDEX( Insumos!F:F, MATCH( A79&B79, Insumos!I:I, 0) ), 0 ), "Não encontrado"), IFERROR( INDEX(M:M, MATCH( A79&B79,AG:AG, 0) ), "Não encontrado") ) -> 24.333229 | M79: =L79*G79/1 -> 42.882449 | N79: =IF( C79="INSUMO", IFERROR( IF( INDEX( Insumos!C:C, MATCH( A79&B79, Insumos!I:I, 0) )="Equipamento", INDEX( Insumos!F:F, MATCH( A79&B79, Insumos!I:I, 0) ), 0 ), "Não encontrado"), IFERROR( INDEX(O:O, MATCH( A79&B79,AG:AG, 0) ), "Não encontrado") ) -> 0 | O79: =N79*G79/1 -> 0 | P79: =IF( C79="INSUMO", IFERROR( IF( INDEX( Insumos!C:C, MATCH( A79&B79, Insumos!I:I, 0) )="Transporte", INDEX( Insumos!F:F, MATCH( A79&B79, Insumos!I:I, 0) ), 0 ), "Não encontrado"), IFERROR( INDEX(Q:Q, MATCH( A79&B79,AG:AG, 0) ), "Não encontrado") ) -> 0 | Q79: =P79*G79/1 -> 0 | R79: =IF( C79="INSUMO", IFERROR( IF( INDEX( Insumos!C:C, MATCH( A79&B79, Insumos!I:I, 0) )="Terceirizados", INDEX( Insumos!F:F, MATCH( A79&B79, Insumos!I:I, 0) ), 0 ), "Não encontrado"), IFERROR( INDEX(S:S, MATCH( A79&B79,AG:AG, 0) ), "Não encontrado") ) -> 0 | S79: =R79*G79/1 -> 0 | T79: =IF( C79="INSUMO", IFERROR( IF( INDEX( Insumos!C:C, MATCH( A79&B79, Insumos!I:I, 0) )="Comissionamento", INDEX( Insumos!F:F, MATCH( A79&B79, Insumos!I:I, 0) ), 0 ), "Não encontrado"), IFERROR( INDEX(U:U, MATCH( A79&B79,AG:AG, 0) ), "Não encontrado") ) -> 0 | U79: =T79*G79/1 -> 0 | V79: =IF( C79="INSUMO", IFERROR( IF( INDEX( Insumos!C:C, MATCH( A79&B79, Insumos!I:I, 0) )="Verba", INDEX( Insumos!F:F, MATCH( A79&B79, Insumos!I:I, 0) ), 0 ), "Não encontrado"), IFERROR( INDEX(W:W, MATCH( A79&B79,AG:AG, 0) ), "Não encontrado") ) -> 0 | W79: =V79*G79/1 -> 0 | X79: =IF( C79="INSUMO", IFERROR( IF( INDEX( Insumos!C:C, MATCH( A79&B79, Insumos!I:I, 0) )="Outro", INDEX( Insumos!F:F, MATCH( A79&B79, Insumos!I:I, 0) ), 0 ), "Não encontrado"), IFERROR( INDEX(Y:Y, MATCH( A79&B79,AG:AG, 0) ), "Não encontrado") ) -> 5.02 | Y79: =X79*G79/1 -> 8.846746 | Z79: =IF( C79="INSUMO", IFERROR( INDEX( Insumos!F:F, MATCH( A79&B79, Insumos!I:I, 0) ), "Não encontrado"), IFERROR( INDEX(AA:AA, MATCH( A79&B79,AG:AG, 0) ), "Não encontrado") ) -> 29.353229 | AA79: =G79*Z79 -> 51.729195
A80: 88316 | B80: SINAPI | C80: COMPOSICAO | D80: Original | E80: SERVENTE COM ENCARGOS COMPLEMENTARES | F80: h | G80: 1.7623 | H80: =IF( C80="INSUMO", IFERROR( IF( INDEX( Insumos!C:C, MATCH( A80&B80, Insumos!I:I, 0) )="Material", INDEX( Insumos!F:F, MATCH( A80&B80, Insumos!I:I, 0) ), 0 ), "Não encontrado"), IFERROR( INDEX(I:I, MATCH( A80&B80,AG:AG, 0) ), "Não encontrado") ) -> 0 | I80: =H80*G80/1 -> 0 | J80: =T80 + N80 + L80 + X80 + R80 + P80 + V80 -> 28.04912 | K80: =U80 + O80 + M80 + Y80 + S80 + Q80 + W80 -> 49.430964 | L80: =IF( C80="INSUMO", IFERROR( IF( INDEX( Insumos!C:C, MATCH( A80&B80, Insumos!I:I, 0) )="Mao_obra", INDEX( Insumos!F:F, MATCH( A80&B80, Insumos!I:I, 0) ), 0 ), "Não encontrado"), IFERROR( INDEX(M:M, MATCH( A80&B80,AG:AG, 0) ), "Não encontrado") ) -> 23.07912 | M80: =L80*G80/1 -> 40.672333 | N80: =IF( C80="INSUMO", IFERROR( IF( INDEX( Insumos!C:C, MATCH( A80&B80, Insumos!I:I, 0) )="Equipamento", INDEX( Insumos!F:F, MATCH( A80&B80, Insumos!I:I, 0) ), 0 ), "Não encontrado"), IFERROR( INDEX(O:O, MATCH( A80&B80,AG:AG, 0) ), "Não encontrado") ) -> 0 | O80: =N80*G80/1 -> 0 | P80: =IF( C80="INSUMO", IFERROR( IF( INDEX( Insumos!C:C, MATCH( A80&B80, Insumos!I:I, 0) )="Transporte", INDEX( Insumos!F:F, MATCH( A80&B80, Insumos!I:I, 0) ), 0 ), "Não encontrado"), IFERROR( INDEX(Q:Q, MATCH( A80&B80,AG:AG, 0) ), "Não encontrado") ) -> 0 | Q80: =P80*G80/1 -> 0 | R80: =IF( C80="INSUMO", IFERROR( IF( INDEX( Insumos!C:C, MATCH( A80&B80, Insumos!I:I, 0) )="Terceirizados", INDEX( Insumos!F:F, MATCH( A80&B80, Insumos!I:I, 0) ), 0 ), "Não encontrado"), IFERROR( INDEX(S:S, MATCH( A80&B80,AG:AG, 0) ), "Não encontrado") ) -> 0 | S80: =R80*G80/1 -> 0 | T80: =IF( C80="INSUMO", IFERROR( IF( INDEX( Insumos!C:C, MATCH( A80&B80, Insumos!I:I, 0) )="Comissionamento", INDEX( Insumos!F:F, MATCH( A80&B80, Insumos!I:I, 0) ), 0 ), "Não encontrado"), IFERROR( INDEX(U:U, MATCH( A80&B80,AG:AG, 0) ), "Não encontrado") ) -> 0 | U80: =T80*G80/1 -> 0 | V80: =IF( C80="INSUMO", IFERROR( IF( INDEX( Insumos!C:C, MATCH( A80&B80, Insumos!I:I, 0) )="Verba", INDEX( Insumos!F:F, MATCH( A80&B80, Insumos!I:I, 0) ), 0 ), "Não encontrado"), IFERROR( INDEX(W:W, MATCH( A80&B80,AG:AG, 0) ), "Não encontrado") ) -> 0 | W80: =V80*G80/1 -> 0 | X80: =IF( C80="INSUMO", IFERROR( IF( INDEX( Insumos!C:C, MATCH( A80&B80, Insumos!I:I, 0) )="Outro", INDEX( Insumos!F:F, MATCH( A80&B80, Insumos!I:I, 0) ), 0 ), "Não encontrado"), IFERROR( INDEX(Y:Y, MATCH( A80&B80,AG:AG, 0) ), "Não encontrado") ) -> 4.97 | Y80: =X80*G80/1 -> 8.758631 | Z80: =IF( C80="INSUMO", IFERROR( INDEX( Insumos!F:F, MATCH( A80&B80, Insumos!I:I, 0) ), "Não encontrado"), IFERROR( INDEX(AA:AA, MATCH( A80&B80,AG:AG, 0) ), "Não encontrado") ) -> 28.04912 | AA80: =G80*Z80 -> 49.430964
A81: 5679 | B81: SINAPI | C81: COMPOSICAO | D81: Original | E81: RETROESCAVADEIRA SOBRE RODAS COM CARREGADEIRA, TRAÇÃO 4X4, POTÊNCIA LÍQ. 88 HP, CAÇAMBA CARREG. CAP. MÍN. 1 M3, CAÇAMBA RETRO CAP. 0,26 M3, PESO OPERACIONAL MÍN. 6.674 KG, PROFUNDIDADE ESCAVAÇÃO MÁX. 4,37 M - CHI DIURNO. AF_06/2014 | F81: CHI | G81: 1.4932 | H81: =IF( C81="INSUMO", IFERROR( IF( INDEX( Insumos!C:C, MATCH( A81&B81, Insumos!I:I, 0) )="Material", INDEX( Insumos!F:F, MATCH( A81&B81, Insumos!I:I, 0) ), 0 ), "Não encontrado"), IFERROR( INDEX(I:I, MATCH( A81&B81,AG:AG, 0) ), "Não encontrado") ) -> 0 | I81: =H81*G81/1 -> 0 | J81: =T81 + N81 + L81 + X81 + R81 + P81 + V81 -> 71.444533 | K81: =U81 + O81 + M81 + Y81 + S81 + Q81 + W81 -> 106.68098 | L81: =IF( C81="INSUMO", IFERROR( IF( INDEX( Insumos!C:C, MATCH( A81&B81, Insumos!I:I, 0) )="Mao_obra", INDEX( Insumos!F:F, MATCH( A81&B81, Insumos!I:I, 0) ), 0 ), "Não encontrado"), IFERROR( INDEX(M:M, MATCH( A81&B81,AG:AG, 0) ), "Não encontrado") ) -> 36.870633 | M81: =L81*G81/1 -> 55.055229 | N81: =IF( C81="INSUMO", IFERROR( IF( INDEX( Insumos!C:C, MATCH( A81&B81, Insumos!I:I, 0) )="Equipamento", INDEX( Insumos!F:F, MATCH( A81&B81, Insumos!I:I, 0) ), 0 ), "Não encontrado"), IFERROR( INDEX(O:O, MATCH( A81&B81,AG:AG, 0) ), "Não encontrado") ) -> 30.8239 | O81: =N81*G81/1 -> 46.026248 | P81: =IF( C81="INSUMO", IFERROR( IF( INDEX( Insumos!C:C, MATCH( A81&B81, Insumos!I:I, 0) )="Transporte", INDEX( Insumos!F:F, MATCH( A81&B81, Insumos!I:I, 0) ), 0 ), "Não encontrado"), IFERROR( INDEX(Q:Q, MATCH( A81&B81,AG:AG, 0) ), "Não encontrado") ) -> 0 | Q81: =P81*G81/1 -> 0 | R81: =IF( C81="INSUMO", IFERROR( IF( INDEX( Insumos!C:C, MATCH( A81&B81, Insumos!I:I, 0) )="Terceirizados", INDEX( Insumos!F:F, MATCH( A81&B81, Insumos!I:I, 0) ), 0 ), "Não encontrado"), IFERROR( INDEX(S:S, MATCH( A81&B81,AG:AG, 0) ), "Não encontrado") ) -> 0 | S81: =R81*G81/1 -> 0 | T81: =IF( C81="INSUMO", IFERROR( IF( INDEX( Insumos!C:C, MATCH( A81&B81, Insumos!I:I, 0) )="Comissionamento", INDEX( Insumos!F:F, MATCH( A81&B81, Insumos!I:I, 0) ), 0 ), "Não encontrado"), IFERROR( INDEX(U:U, MATCH( A81&B81,AG:AG, 0) ), "Não encontrado") ) -> 0 | U81: =T81*G81/1 -> 0 | V81: =IF( C81="INSUMO", IFERROR( IF( INDEX( Insumos!C:C, MATCH( A81&B81, Insumos!I:I, 0) )="Verba", INDEX( Insumos!F:F, MATCH( A81&B81, Insumos!I:I, 0) ), 0 ), "Não encontrado"), IFERROR( INDEX(W:W, MATCH( A81&B81,AG:AG, 0) ), "Não encontrado") ) -> 0 | W81: =V81*G81/1 -> 0 | X81: =IF( C81="INSUMO", IFERROR( IF( INDEX( Insumos!C:C, MATCH( A81&B81, Insumos!I:I, 0) )="Outro", INDEX( Insumos!F:F, MATCH( A81&B81, Insumos!I:I, 0) ), 0 ), "Não encontrado"), IFERROR( INDEX(Y:Y, MATCH( A81&B81,AG:AG, 0) ), "Não encontrado") ) -> 3.75 | Y81: =X81*G81/1 -> 5.5995 | Z81: =IF( C81="INSUMO", IFERROR( INDEX( Insumos!F:F, MATCH( A81&B81, Insumos!I:I, 0) ), "Não encontrado"), IFERROR( INDEX(AA:AA, MATCH( A81&B81,AG:AG, 0) ), "Não encontrado") ) -> 71.444533 | AA81: =G81*Z81 -> 106.68098
A82: 5678 | B82: SINAPI | C82: COMPOSICAO | D82: Original | E82: RETROESCAVADEIRA SOBRE RODAS COM CARREGADEIRA, TRAÇÃO 4X4, POTÊNCIA LÍQ. 88 HP, CAÇAMBA CARREG. CAP. MÍN. 1 M3, CAÇAMBA RETRO CAP. 0,26 M3, PESO OPERACIONAL MÍN. 6.674 KG, PROFUNDIDADE ESCAVAÇÃO MÁX. 4,37 M - CHP DIURNO. AF_06/2014 | F82: CHP | G82: 0.2691 | H82: =IF( C82="INSUMO", IFERROR( IF( INDEX( Insumos!C:C, MATCH( A82&B82, Insumos!I:I, 0) )="Material", INDEX( Insumos!F:F, MATCH( A82&B82, Insumos!I:I, 0) ), 0 ), "Não encontrado"), IFERROR( INDEX(I:I, MATCH( A82&B82,AG:AG, 0) ), "Não encontrado") ) -> 57.9187 | I82: =H82*G82/1 -> 15.585922 | J82: =T82 + N82 + L82 + X82 + R82 + P82 + V82 -> 101.92014 | K82: =U82 + O82 + M82 + Y82 + S82 + Q82 + W82 -> 27.42671 | L82: =IF( C82="INSUMO", IFERROR( IF( INDEX( Insumos!C:C, MATCH( A82&B82, Insumos!I:I, 0) )="Mao_obra", INDEX( Insumos!F:F, MATCH( A82&B82, Insumos!I:I, 0) ), 0 ), "Não encontrado"), IFERROR( INDEX(M:M, MATCH( A82&B82,AG:AG, 0) ), "Não encontrado") ) -> 36.870633 | M82: =L82*G82/1 -> 9.9218873 | N82: =IF( C82="INSUMO", IFERROR( IF( INDEX( Insumos!C:C, MATCH( A82&B82, Insumos!I:I, 0) )="Equipamento", INDEX( Insumos!F:F, MATCH( A82&B82, Insumos!I:I, 0) ), 0 ), "Não encontrado"), IFERROR( INDEX(O:O, MATCH( A82&B82,AG:AG, 0) ), "Não encontrado") ) -> 61.299507 | O82: =N82*G82/1 -> 16.495697 | P82: =IF( C82="INSUMO", IFERROR( IF( INDEX( Insumos!C:C, MATCH( A82&B82, Insumos!I:I, 0) )="Transporte", INDEX( Insumos!F:F, MATCH( A82&B82, Insumos!I:I, 0) ), 0 ), "Não encontrado"), IFERROR( INDEX(Q:Q, MATCH( A82&B82,AG:AG, 0) ), "Não encontrado") ) -> 0 | Q82: =P82*G82/1 -> 0 | R82: =IF( C82="INSUMO", IFERROR( IF( INDEX( Insumos!C:C, MATCH( A82&B82, Insumos!I:I, 0) )="Terceirizados", INDEX( Insumos!F:F, MATCH( A82&B82, Insumos!I:I, 0) ), 0 ), "Não encontrado"), IFERROR( INDEX(S:S, MATCH( A82&B82,AG:AG, 0) ), "Não encontrado") ) -> 0 | S82: =R82*G82/1 -> 0 | T82: =IF( C82="INSUMO", IFERROR( IF( INDEX( Insumos!C:C, MATCH( A82&B82, Insumos!I:I, 0) )="Comissionamento", INDEX( Insumos!F:F, MATCH( A82&B82, Insumos!I:I, 0) ), 0 ), "Não encontrado"), IFERROR( INDEX(U:U, MATCH( A82&B82,AG:AG, 0) ), "Não encontrado") ) -> 0 | U82: =T82*G82/1 -> 0 | V82: =IF( C82="INSUMO", IFERROR( IF( INDEX( Insumos!C:C, MATCH( A82&B82, Insumos!I:I, 0) )="Verba", INDEX( Insumos!F:F, MATCH( A82&B82, Insumos!I:I, 0) ), 0 ), "Não encontrado"), IFERROR( INDEX(W:W, MATCH( A82&B82,AG:AG, 0) ), "Não encontrado") ) -> 0 | W82: =V82*G82/1 -> 0 | X82: =IF( C82="INSUMO", IFERROR( IF( INDEX( Insumos!C:C, MATCH( A82&B82, Insumos!I:I, 0) )="Outro", INDEX( Insumos!F:F, MATCH( A82&B82, Insumos!I:I, 0) ), 0 ), "Não encontrado"), IFERROR( INDEX(Y:Y, MATCH( A82&B82,AG:AG, 0) ), "Não encontrado") ) -> 3.75 | Y82: =X82*G82/1 -> 1.009125 | Z82: =IF( C82="INSUMO", IFERROR( INDEX( Insumos!F:F, MATCH( A82&B82, Insumos!I:I, 0) ), "Não encontrado"), IFERROR( INDEX(AA:AA, MATCH( A82&B82,AG:AG, 0) ), "Não encontrado") ) -> 159.83884 | AA82: =G82*Z82 -> 43.012632
A83: 0071 | B83: PRÓPRIA | D83: Original | E83: DEMOLIÇÃO DE PISO DE CONCRETO ARMADO, DE FORMA MANUAL, SEM REAPROVEITAMENTO. | F83: m³ | I83: =SUM(I84:I86) -> 10.975 | K83: =SUM(K84:K86) -> 302.3172 | M83: =SUM(M84:M86) -> 252.64057 | O83: =SUM(O84:O86) -> 0 | Q83: =SUM(Q84:Q86) -> 0 | S83: =SUM(S84:S86) -> 0 | U83: =SUM(U84:U86) -> 0 | W83: =SUM(W84:W86) -> 0 | Y83: =SUM(Y84:Y86) -> 49.676629 | AA83: =SUM(AA84:AA86) -> 313.2922 | AF83: Geral | AG83: =A83&B83&C83 -> 0071PRÓPRIA
A84: 0005 | B84: PRÓPRIA | C84: INSUMO | D84: Original | E84: FERRAMENTA - ESMERILHADEIRA ANGULAR 4.1/2"" BOSCH 850W 127V COM 3 DISCOS GWS850 (REF. SBC 070581) | F84: un | G84: 0.025 | H84: =IF( C84="INSUMO", IFERROR( IF( INDEX( Insumos!C:C, MATCH( A84&B84, Insumos!I:I, 0) )="Material", INDEX( Insumos!F:F, MATCH( A84&B84, Insumos!I:I, 0) ), 0 ), "Não encontrado"), IFERROR( INDEX(I:I, MATCH( A84&B84,AG:AG, 0) ), "Não encontrado") ) -> 439 | I84: =H84*G84/1 -> 10.975 | J84: =T84 + N84 + L84 + X84 + R84 + P84 + V84 -> 0 | K84: =U84 + O84 + M84 + Y84 + S84 + Q84 + W84 -> 0 | L84: =IF( C84="INSUMO", IFERROR( IF( INDEX( Insumos!C:C, MATCH( A84&B84, Insumos!I:I, 0) )="Mao_obra", INDEX( Insumos!F:F, MATCH( A84&B84, Insumos!I:I, 0) ), 0 ), "Não encontrado"), IFERROR( INDEX(M:M, MATCH( A84&B84,AG:AG, 0) ), "Não encontrado") ) -> 0 | M84: =L84*G84/1 -> 0 | N84: =IF( C84="INSUMO", IFERROR( IF( INDEX( Insumos!C:C, MATCH( A84&B84, Insumos!I:I, 0) )="Equipamento", INDEX( Insumos!F:F, MATCH( A84&B84, Insumos!I:I, 0) ), 0 ), "Não encontrado"), IFERROR( INDEX(O:O, MATCH( A84&B84,AG:AG, 0) ), "Não encontrado") ) -> 0 | O84: =N84*G84/1 -> 0 | P84: =IF( C84="INSUMO", IFERROR( IF( INDEX( Insumos!C:C, MATCH( A84&B84, Insumos!I:I, 0) )="Transporte", INDEX( Insumos!F:F, MATCH( A84&B84, Insumos!I:I, 0) ), 0 ), "Não encontrado"), IFERROR( INDEX(Q:Q, MATCH( A84&B84,AG:AG, 0) ), "Não encontrado") ) -> 0 | Q84: =P84*G84/1 -> 0 | R84: =IF( C84="INSUMO", IFERROR( IF( INDEX( Insumos!C:C, MATCH( A84&B84, Insumos!I:I, 0) )="Terceirizados", INDEX( Insumos!F:F, MATCH( A84&B84, Insumos!I:I, 0) ), 0 ), "Não encontrado"), IFERROR( INDEX(S:S, MATCH( A84&B84,AG:AG, 0) ), "Não encontrado") ) -> 0 | S84: =R84*G84/1 -> 0 | T84: =IF( C84="INSUMO", IFERROR( IF( INDEX( Insumos!C:C, MATCH( A84&B84, Insumos!I:I, 0) )="Comissionamento", INDEX( Insumos!F:F, MATCH( A84&B84, Insumos!I:I, 0) ), 0 ), "Não encontrado"), IFERROR( INDEX(U:U, MATCH( A84&B84,AG:AG, 0) ), "Não encontrado") ) -> 0 | U84: =T84*G84/1 -> 0 | V84: =IF( C84="INSUMO", IFERROR( IF( INDEX( Insumos!C:C, MATCH( A84&B84, Insumos!I:I, 0) )="Verba", INDEX( Insumos!F:F, MATCH( A84&B84, Insumos!I:I, 0) ), 0 ), "Não encontrado"), IFERROR( INDEX(W:W, MATCH( A84&B84,AG:AG, 0) ), "Não encontrado") ) -> 0 | W84: =V84*G84/1 -> 0 | X84: =IF( C84="INSUMO", IFERROR( IF( INDEX( Insumos!C:C, MATCH( A84&B84, Insumos!I:I, 0) )="Outro", INDEX( Insumos!F:F, MATCH( A84&B84, Insumos!I:I, 0) ), 0 ), "Não encontrado"), IFERROR( INDEX(Y:Y, MATCH( A84&B84,AG:AG, 0) ), "Não encontrado") ) -> 0 | Y84: =X84*G84/1 -> 0 | Z84: =IF( C84="INSUMO", IFERROR( INDEX( Insumos!F:F, MATCH( A84&B84, Insumos!I:I, 0) ), "Não encontrado"), IFERROR( INDEX(AA:AA, MATCH( A84&B84,AG:AG, 0) ), "Não encontrado") ) -> 439 | AA84: =G84*Z84 -> 10.975
